Workbook

Sheet TG. BUJOR 2025 august
A1: SPITALUL ORĂŞENESC TG. BUJOR | C1: Ordonator principal de credite, | L1: Director executiv,
A2: Nr. Înregistrare.2480/29.07. 2025 | C2: Fotea Costel | H2: Director executiv, | L2: Stoica George
H3: Stoica George
A6: BUGETUL INSTITUŢIILOR PUBLCE ŞI ACTIVITĂŢILOR FINANŢATE INTEGRAL SAU PARŢIAL DIN VENITURI PROPRII, PE ANUL 2025
A7: HCJ nr. / .08.2025 | N7: -mii lei-
A8: DENUMIRE INDICATOR | B8: ARTICOL | C8: BUGET 2025 | L8: 2026 | M8: 2027 | N8: 2028 | AE8: rezidenti
C9: BUGET INITIAL | D9: INFLU ENTE | E9: BUGET FINAL | F9: TOTAL an | G9: TRIM. I | H9: TRIM. II | I9: TRIM. III | J9: TRIM. IV | K9: Din care credite bugetare destinate stingerii platilor restante | P9: total infl. | Q9: TRIM. I | R9: TRIM. II | S9: TRIM. III | T9: TRIM. IV | V9: TRIM. II | W9: TRIM. III | X9: TRIM. IV | AD9: TOTAL an | AE9: TRIM. I | AF9: TRIM. II | AG9: TRIM. III | AH9: TRIM. IV
A10: 1 | B10: 2 | C10: 3 | D10: 4 | E10: 5 | F10: 3 | G10: 4 | H10: 5 | I10: 5 | J10: 7 | K10: 11 | L10: 12 | M10: 13 | N10: 14 | Q10: 7 | R10: 8 | S10: 9 | T10: 10 | AD10: 3 | AE10: 4 | AF10: 5 | AG10: 5 | AH10: 7
A11: TOTAL VENITURI (cod 00.02+00.15+00.16+00.17+45.10+48.10) | B11: 00.01 | C11: =C12+C61+C65+C75+C85+C103+C165 -> 18326.73 | D11: =D12+D61+D65+D75+D85+D103+D165 -> 510 | E11: =E12+E61+E65+E75+E85+E103+E165 -> 18836.73 | F11: =F12+F61+F65+F75+F85+F103+F165 -> 18836.725 | G11: =G12+G61+G65+G75+G85+G103+G165 -> 4223 | H11: =H12+H61+H65+H75+H85+H103+H165 -> 5769.075 | I11: =I12+I61+I65+I75+I85+I103+I165 -> 4454.65 | J11: =J12+J61+J65+J75+J85+J103+J165 -> 4390 | K11: =K12+K61+K65+K75+K103+K165 -> 15 | L11: =L12+L61+L65+L75+L103+L165 -> 17532 | M11: =M12+M61+M65+M75+M103+M165 -> 17634 | N11: =N12+N61+N65+N75+N103+N165 -> 18236 | O11: =O12+O61+O65+O75+O103+O165 -> 0 | P11: =P12+P61+P65+P75+P103+P165 -> 0 | Q11: =Q12+Q61+Q65+Q75+Q103+Q165 -> 0 | R11: =R12+R61+R65+R75+R103+R165 -> 0 | ... X11: =X12+X61+X65+X75+X103+X165 -> 0
A12: I. VENITURI CURENTE (cod 00.03+00.12) | B12: 00.02 | C12: =C13+C18 -> 6716 | D12: =D13+D18 -> 0 | E12: =E13+E18 -> 6716 | F12: =F13+F18 -> 6716 | G12: =G13+G18 -> 1641 | H12: =H13+H18 -> 1660 | I12: =I13+I18 -> 1875 | J12: =J13+J18 -> 1540 | ... N12: =N13+N18 -> 6300 | P12: =Q12+R12+S12+T12 -> 0 | U12: =G12+H12 -> 3301
A13: A. VENITURI FISCALE (cod 00.10) | B13: 00.03 | C13: =C14 -> 0 | D13: =D14 -> 0 | E13: =E14 -> 0 | F13: =F14 -> 0 | G13: =G14 -> 0 | H13: =H14 -> 0 | I13: =I14 -> 0 | J13: =J14 -> 0 | ... N13: =N14 -> 0 | P13: =Q13+R13+S13+T13 -> 0
A14: A4. IMPOZITE SI TAXE PE BUNURI SI SERVICII (cod 15.10) | B14: 00.10 | C14: =C15 -> 0 | D14: =D15 -> 0 | E14: =E15 -> 0 | F14: =F15 -> 0 | G14: =G15 -> 0 | H14: =H15 -> 0 | I14: =I15 -> 0 | J14: =J15 -> 0 | ... N14: =N15 -> 0 | P14: =Q14+R14+S14+T14 -> 0
A15: Taxe pe servicii specifice (cod 15.10.01+15.10.50) | B15: 15.10 | C15: =C16+C17 -> 0 | D15: =D16+D17 -> 0 | E15: =E16+E17 -> 0 | F15: =F16+F17 -> 0 | G15: =G16+G17 -> 0 | H15: =H16+H17 -> 0 | I15: =I16+I17 -> 0 | J15: =J16+J17 -> 0 | ... N15: =N16+N17 -> 0
A16: Impozit pe spectacole | B16: 15.10.01 | E16: =C16+D16 -> 0 | F16: =G16+H16+I16+J16 -> 0 | K16: 0 | L16: 0 | M16: 0 | N16: 0 | O16: 1
A17: Alte taxe pe servicii specifice | B17: 15.10.50 | E17: =C17+D17 -> 0 | F17: =G17+H17+I17+J17 -> 0 | K17: 0 | L17: 0 | M17: 0 | N17: 0 | O17: 1
A18: C. VENITURI NEFISCALE (cod 00.13+00.14) | B18: 00.12 | C18: =C19+C30 -> 6716 | D18: =D19+D30 -> 0 | E18: =E19+E30 -> 6716 | F18: =F19+F30 -> 6716 | G18: =G19+G30 -> 1641 | H18: =H19+H30 -> 1660 | I18: =I19+I30 -> 1875 | J18: =J19+J30 -> 1540 | ... N18: =N19+N30 -> 6300
A19: C1. VENITURI DIN PROPRIETATE (cod 30.10+31.10) | B19: 00.13 | C19: =C20+C28 -> 0 | D19: =D20+D28 -> 0 | E19: =E20+E28 -> 0 | F19: =F20+F28 -> 0 | G19: =G20+G28 -> 0 | H19: =H20+H28 -> 0 | I19: =I20+I28 -> 0 | J19: =J20+J28 -> 0 | ... N19: =N20+N28 -> 0 | P19: =Q19+R19+S19+T19 -> 0
A20: Venituri din proprietate (cod 30.10.05+30.10.08+30.10.09+30.10.50) | B20: 30.10 | C20: =C21+C23+C26+C27 -> 0 | D20: =D21+D23+D26+D27 -> 0 | E20: =E21+E23+E26+E27 -> 0 | F20: =F21+F23+F26+F27 -> 0 | G20: =G21+G23+G26+G27 -> 0 | H20: =H21+H23+H26+H27 -> 0 | I20: =I21+I23+I26+I27 -> 0 | J20: =J21+J23+J26+J27 -> 0 | ... N20: =N21+N23+N26+N27 -> 0 | P20: =Q20+R20+S20+T20 -> 0
A21: Venituri din concesiuni si inchirieri (cod 30.10.05.30) | B21: 30.10.05 | C21: =C22 -> 0 | D21: =D22 -> 0 | E21: =E22 -> 0 | F21: =F22 -> 0 | G21: =G22 -> 0 | H21: =H22 -> 0 | I21: =I22 -> 0 | J21: =J22 -> 0 | ... N21: =N22 -> 0 | P21: =Q21+R21+S21+T21 -> 0
A22: Alte venituri din concesiuni si inchiriere de catre institutiile publice | B22: 30.10.05.30 | C22: 0 | E22: =C22+D22 -> 0 | F22: =G22+H22+I22+J22 -> 0 | G22: 0 | H22: 0 | I22: 0 | J22: 0 | K22: 0 | L22: 0 | M22: 0 | N22: 0 | O22: 1 | P22: =Q22+R22+S22+T22 -> 0
A23: Venituri din dividende (cod 30.10.08.02+30.10.08.03) | B23: 30.10.08 | C23: =C24+C25 -> 0 | D23: =D24+D25 -> 0 | E23: =E24+E25 -> 0 | F23: =F24+F25 -> 0 | G23: =G24+G25 -> 0 | H23: =H24+H25 -> 0 | I23: =I24+I25 -> 0 | J23: =J24+J25 -> 0 | ... N23: =N24+N25 -> 0
A24: Venituri din dividende de la alti platitori | B24: 30.10.08.02 | E24: =C24+D24 -> 0 | F24: =G24+H24+I24+J24 -> 0 | K24: 0 | L24: 0 | M24: 0 | N24: 0 | O24: 1
A25: Dividende de la societatile si companiile nationale si societatile cu capital majoritar de stat | B25: 30.10.08.03 | E25: =C25+D25 -> 0 | F25: =G25+H25+I25+J25 -> 0 | K25: 0 | L25: 0 | M25: 0 | N25: 0 | O25: 1
A26: Venituri din utilizarea pasunilor comunale | B26: 30.10.09 | E26: =C26+D26 -> 0 | F26: =G26+H26+I26+J26 -> 0 | K26: 0 | L26: 0 | M26: 0 | N26: 0 | O26: 1
A27: Alte venituri din proprietate | B27: 30.10.50 | E27: =C27+D27 -> 0 | F27: =G27+H27+I27+J27 -> 0 | K27: 0 | L27: 0 | M27: 0 | N27: 0 | O27: 1
A28: Venituri din dobanzi (cod 31.10.03) | B28: 31.10 | C28: =C29 -> 0 | D28: =D29 -> 0 | E28: =E29 -> 0 | F28: =F29 -> 0 | G28: =G29 -> 0 | H28: =H29 -> 0 | I28: =I29 -> 0 | J28: =J29 -> 0 | ... N28: =N29 -> 0
A29: Alte venituri din dobanzi | B29: 31.10.03 | E29: =C29+D29 -> 0 | F29: =G29+H29+I29+J29 -> 0 | K29: 0 | L29: 0 | M29: 0 | N29: 0 | O29: 1
A30: C2. VANZARI DE BUNURI SI SERVICII (cod 33.10+34.10+35.10+36.10+37.10) | B30: 00.14 | C30: =C31+C46+C48+C50+C56 -> 6716 | D30: =D31+D46+D48+D50+D56 -> 0 | E30: =E31+E46+E48+E50+E56 -> 6716 | F30: =F31+F46+F48+F50+F56 -> 6716 | G30: =G31+G46+G48+G50+G56 -> 1641 | H30: =H31+H46+H48+H50+H56 -> 1660 | I30: =I31+I46+I48+I50+I56 -> 1875 | J30: =J31+J46+J48+J50+J56 -> 1540 | ... N30: =N31+N46+N48+N50+N56 -> 6300 | P30: =Q30+R30+S30+T30 -> 0
A31: Venituri din prestari servicii si alte activitati (cod 33.10.05+33.10.08+33.10.09+33.10.13+33.10.14+33.10.16+33.10.17+33.10.19+33.10.20+33.10.21+33.10.30 la 33.10.32+33.10.50) | B31: 33.10 | C31: =C32+C33+C34+C35+C36+C37+C38+C39+C40+C41+C42+C43+C44+C45 -> 6716 | D31: =D32+D33+D34+D35+D36+D37+D38+D39+D40+D41+D42+D43+D44+D45 -> 0 | E31: =E32+E33+E34+E35+E36+E37+E38+E39+E40+E41+E42+E43+E44+E45 -> 6716 | F31: =F32+F33+F34+F35+F36+F37+F38+F39+F40+F41+F42+F43+F44+F45 -> 6716 | G31: =G32+G33+G34+G35+G36+G37+G38+G39+G40+G41+G42+G43+G44+G45 -> 1641 | H31: =H32+H33+H34+H35+H36+H37+H38+H39+H40+H41+H42+H43+H44+H45 -> 1660 | I31: =I32+I33+I34+I35+I36+I37+I38+I39+I40+I41+I42+I43+I44+I45 -> 1875 | J31: =J32+J33+J34+J35+J36+J37+J38+J39+J40+J41+J42+J43+J44+J45 -> 1540 | ... X31: =X32+X33+X34+X35+X36+X37+X38+X39+X40+X41+X42+X43+X44+X45 -> #VALUE!
A32: Taxe si alte venituri in invatamant | B32: 33.10.05 | E32: =C32+D32 -> 0 | F32: =G32+H32+I32+J32 -> 0 | K32: 0 | L32: 0 | M32: 0 | N32: 0 | O32: 1 | Q32: 0
A33: Venituri din prestari de servicii | B33: 33.10.08 | C33: 209 | E33: =C33+D33 -> 209 | F33: =G33+H33+I33+J33 -> 209 | G33: 40 | H33: 60 | I33: 50 | J33: 59 | K33: 0 | L33: 0 | M33: 0 | N33: 0 | O33: 1 | P33: =Q33+R33+S33+T33 -> 0 | U33: =G33+H33 -> 100 | AC33: vp
A34: Taxe si alte venituri din protectia mediului | B34: 33.10.09 | E34: =C34+D34 -> 0 | F34: =G34+H34+I34+J34 -> 0 | K34: 0 | L34: 0 | M34: 0 | N34: 0 | O34: 1 | T34: 4920 | U34: -280
A35: Contributia de intretinere a persoanelor asistate | B35: 33.10.13 | E35: =C35+D35 -> 0 | F35: =G35+H35+I35+J35 -> 0 | K35: 0 | L35: 0 | M35: 0 | N35: 0 | O35: 1 | T35: 667 | U35: -33
A36: Contributia elevilor si studentilor pentru internate, camine si cantine | B36: 33.10.14 | E36: =C36+D36 -> 0 | F36: =G36+H36+I36+J36 -> 0 | K36: 0 | L36: 0 | M36: 0 | N36: 0 | O36: 1 | U36: -353
A37: Venituri din valorificarea produselor obtinute din activitatea proprie sau anexa | B37: 33.10.16 | E37: =C37+D37 -> 0 | F37: =G37+H37+I37+J37 -> 0 | K37: 0 | L37: 0 | M37: 0 | N37: 0 | O37: 1
A38: Venituri din organizarea de cursuri de calificare si conversie profesionala, specializare si perfectionare | B38: 33.10.17 | E38: =C38+D38 -> 0 | F38: =G38+H38+I38+J38 -> 0 | K38: 0 | L38: 0 | M38: 0 | N38: 0 | O38: 1
A39: Venituri din serbari si spectacole scolare, manifestari culturale, artistice si sportive | B39: 33.10.19 | E39: =C39+D39 -> 0 | F39: =G39+H39+I39+J39 -> 0 | K39: 0 | L39: 0 | M39: 0 | N39: 0 | O39: 1
A40: Venituri din cercetare | B40: 33.10.20 | E40: =C40+D40 -> 0 | F40: =G40+H40+I40+J40 -> 0 | K40: 0 | L40: 0 | M40: 0 | N40: 0 | O40: 1
A41: Venituri din contractele incheiate cu casele de asigurari sociale de sanatate | B41: 33.10.21 | C41: 5426 | E41: =C41+D41 -> 5426 | F41: =G41+H41+I41+J41 -> 5426 | G41: 1300 | H41: 1300 | I41: 1600 | J41: 1226 | K41: 0 | L41: 6200 | M41: 6250 | N41: 6300 | O41: 1 | P41: =Q41+R41+S41+T41 -> 0 | U41: =G41+H41 -> 2600
A42: Venituri din contractele incheiate cu DSP din sume alocate de la bugetul de stat | B42: 33.10.30 | C42: 1080 | E42: =C42+D42 -> 1080 | F42: =G42+H42+I42+J42 -> 1080 | G42: 300 | H42: 300 | I42: 225 | J42: 255 | K42: 0 | L42: 0 | M42: 0 | N42: 0 | O42: 1 | P42: =Q42+R42+S42+T42 -> 0 | U42: =G42+H42 -> 600 | AC42: rezid
A43: Venituri din contractele incheiate cu directiile de sanatate publica din sume alocate din veniturile proprii ale Ministerului Sanatatii | B43: 33.10.31 | E43: =C43+D43 -> 0 | F43: =G43+H43+I43+J43 -> 0 | K43: 0 | L43: 0 | M43: 0 | N43: 0 | O43: 1
A44: Venituri din contractele incheiate cu institutiile de medicina legala | B44: 33.10.32 | E44: =C44+D44 -> 0 | F44: =G44+H44+I44+J44 -> 0 | K44: 0 | L44: 0 | M44: 0 | N44: 0 | O44: 1
A45: Alte venituri din prestari de servicii si alte activitati | B45: 33.10.50 | C45: 1 | E45: =C45+D45 -> 1 | F45: =G45+H45+I45+J45 -> 1 | G45: 1 | H45: 0 | I45: 0 | J45: 0 | K45: 0 | L45: 0 | M45: 0 | N45: 0 | O45: 1 | P45: =Q45+R45+S45+T45 -> 0
A46: Venituri din taxe administrative, eliberari permise (cod 34.10.50) | B46: 34.10 | C46: =C47 -> 0 | D46: =D47 -> 0 | E46: =E47 -> 0 | F46: =F47 -> 0 | G46: =G47 -> 0 | H46: =H47 -> 0 | I46: =I47 -> 0 | J46: =J47 -> 0 | ... N46: =N47 -> 0
A47: Alte venituri din taxe administrative, eliberari permise | B47: 34.10.50 | E47: =C47+D47 -> 0 | F47: =G47+H47+I47+J47 -> 0 | K47: 0 | L47: 0 | M47: 0 | N47: 0 | O47: 1
A48: Amenzi, penalitati si confiscari (cod 35.10.50) | B48: 35.10 | C48: =C49 -> 0 | D48: =D49 -> 0 | E48: =E49 -> 0 | F48: =F49 -> 0 | G48: =G49 -> 0 | H48: =H49 -> 0 | I48: =I49 -> 0 | J48: =J49 -> 0 | ... N48: =N49 -> 0
A49: Alte amenzi, penalitati si confiscari | B49: 35.10.50 | E49: =C49+D49 -> 0 | F49: =G49+H49+I49+J49 -> 0 | K49: 0 | L49: 0 | M49: 0 | N49: 0 | O49: 1
A50: Diverse venituri (cod 36.10.04+36.10.32+36.10.50) | B50: 36.10 | C50: =C51+C52+C55 -> 0 | D50: =D51+D52+D55 -> 0 | E50: =E51+E52+E55 -> 0 | F50: =F51+F52+F55 -> 0 | G50: =G51+G52+G55 -> 0 | H50: =H51+H52+H55 -> 0 | I50: =I51+I52+I55 -> 0 | J50: =J51+J52+J55 -> 0 | ... N50: =N51+N52+N55 -> 0
A51: Venituri din producerea riscurilor asigurate | B51: 36.10.04 | E51: =C51+D51 -> 0 | F51: =G51+H51+I51+J51 -> 0 | K51: 0 | L51: 0 | M51: 0 | N51: 0 | O51: 1
A52: Sume provenite din finantarea bugetara a anilor precedenti (cod 36.10.32.02+36.10.32.03) | B52: 36.10.32 | C52: =C53+C54 -> 0 | D52: =D53+D54 -> 0 | E52: =E53+E54 -> 0 | F52: =F53+F54 -> 0 | G52: =G53+G54 -> 0 | H52: =H53+H54 -> 0 | I52: =I53+I54 -> 0 | J52: =J53+J54 -> 0 | ... N52: =N53+N54 -> 0
A53: Sume provenite din finantarea bugetara a anilor precedenti, aferente sectiunii de dezvoltare | B53: 36.10.32.02 | E53: =C53+D53 -> 0 | F53: =G53+H53+I53+J53 -> 0 | K53: 0 | L53: 0 | M53: 0 | N53: 0 | O53: 2
A54: Sume provenite din finantarea bugetara a anilor precedenti, aferente sectiunii de functionare | B54: 36.10.32.03 | E54: =C54+D54 -> 0 | F54: =G54+H54+I54+J54 -> 0 | K54: 0 | L54: 0 | M54: 0 | N54: 0 | O54: 1
A55: Alte venituri | B55: 36.10.50 | E55: =C55+D55 -> 0 | F55: =G55+H55+I55+J55 -> 0 | K55: 0 | L55: 0 | M55: 0 | N55: 0 | O55: 1
A56: Transferuri voluntare, altele decat subventiile (cod 37.10.01+37.10.03+37.10.04+37.10.50) | B56: 37.10 | C56: =C57+C58+C59+C60 -> 0 | E56: =E57+E58+E59+E60 -> 0 | F56: =F57+F58+F59+F60 -> 0 | G56: =G57+G58+G59+G60 -> 0 | H56: =H57+H58+H59+H60 -> 0 | I56: =I57+I58+I59+I60 -> 0 | J56: =J57+J58+J59+J60 -> 0 | K56: =K57+K58+K59+K60 -> 15 | L56: =L57+L58+L59+L60 -> 0 | ... N56: =N57+N58+N59+N60 -> 0 | P56: =Q56+R56+S56+T56 -> 0
A57: Donatii si sponsorizari | B57: 37.10.01 | E57: =C57+D57 -> 0 | F57: =G57+H57+I57+J57 -> 0 | K57: 0 | L57: 0 | M57: 0 | N57: 0 | O57: 1
A58: Varsaminte din sectiunea de functionare pentru finantarea sectiunii de dezvoltare a bugetului local (cu semnul minus) | B58: 37.10.03 | C58: 0 | E58: =C58+D58 -> 0 | F58: =G58+H58+I58+J58 -> 0 | G58: 0 | H58: 0 | I58: 0 | J58: 0 | K58: 0 | L58: 0 | M58: 0 | N58: 0 | O58: 1 | P58: =Q58+R58+S58+T58 -> 0 | U58: =G58+H58 -> 0
A59: Varsaminte din sectiunea de functionare | B59: 37.10.04 | C59: 0 | E59: 0 | F59: =G59+H59+I59+J59 -> 0 | G59: 0 | H59: 0 | I59: 0 | J59: 0 | K59: 15 | L59: 0 | M59: 0 | N59: 0 | O59: 2 | P59: =Q59+R59+S59+T59 -> 0 | U59: =G59+H59 -> 0
A60: Alte transferuri voluntare | B60: 37.10.50 | E60: =C60+D60 -> 0 | F60: =G60+H60+I60+J60 -> 0 | K60: 0 | L60: 0 | M60: 0 | N60: 0 | O60: 1
A61: II. VENITURI DIN CAPITAL (cod 39.10) | B61: 00.15 | C61: =C62 -> 0 | D61: =D62 -> 0 | E61: =E62 -> 0 | F61: =F62 -> 0 | G61: =G62 -> 0 | H61: =H62 -> 0 | I61: =I62 -> 0 | J61: =J62 -> 0 | ... N61: =N62 -> 0
A62: Venituri din valorificarea unor bunuri (cod 39.10.01+39.10.50) | B62: 39.10 | C62: =C63+C64 -> 0 | D62: =D63+D64 -> 0 | E62: =E63+E64 -> 0 | F62: =F63+F64 -> 0 | G62: =G63+G64 -> 0 | H62: =H63+H64 -> 0 | I62: =I63+I64 -> 0 | J62: =J63+J64 -> 0 | ... N62: =N63+N64 -> 0
A63: Venituri din valorificarea unor bunuri ale institutiilor publice | B63: 39.10.01 | E63: =C63+D63 -> 0 | F63: =G63+H63+I63+J63 -> 0 | K63: 0 | L63: 0 | M63: 0 | N63: 0 | O63: 2
A64: Alte venituri din valorificarea unor bunuri | B64: 39.10.50 | E64: =C64+D64 -> 0 | F64: =G64+H64+I64+J64 -> 0 | K64: 0 | L64: 0 | M64: 0 | N64: 0 | O64: 2
A65: III. OPERATIUNI FINANCIARE (cod 40.10+41.10) | B65: 00.16 | C65: =C66+C71 -> 0 | D65: =D66+D71 -> 0 | E65: =E66+E71 -> 0 | F65: =F66+F71 -> 0 | G65: =G66+G71 -> 0 | H65: =H66+H71 -> 0 | I65: =I66+I71 -> 0 | J65: =J66+J71 -> 0 | ... N65: =N66+N71 -> 0
A66: Incasari din rambursarea imprumuturilor acordate (cod 40.10.15+40.10.16) | B66: 40.10 | C66: =C67+C70 -> 0 | D66: =D67+D70 -> 0 | E66: =E67+E70 -> 0 | F66: =F67+F70 -> 0 | G66: =G67+G70 -> 0 | H66: =H67+H70 -> 0 | I66: =I67+I70 -> 0 | J66: =J67+J70 -> 0 | ... N66: =N67+N70 -> 0
A67: Sume utilizate din excedentul anului precedent pentru efectuarea de cheltuieli (cod 40.10.15.01+40.10.15.02) | B67: 40.10.15 | C67: =C68+C69 -> 0 | D67: =D68+D69 -> 0 | E67: =E68+E69 -> 0 | F67: =F68+F69 -> 0 | G67: =G68+G69 -> 0 | H67: =H68+H69 -> 0 | I67: =I68+I69 -> 0 | J67: =J68+J69 -> 0 | ... N67: =N68+N69 -> 0
A68: Sume utilizate de administratiile locale din excedentul anului precedent pentru sectiunea de functionare | B68: 40.10.15.01 | E68: =C68+D68 -> 0 | F68: =G68+H68+I68+J68 -> 0 | K68: 0 | L68: 0 | M68: 0 | N68: 0 | O68: 1
A69: Sume utilizate de administratiile locale din excedentul anului precedent pentru sectiunea de dezvoltare | B69: 40.10.15.02 | E69: =C69+D69 -> 0 | F69: =G69+H69+I69+J69 -> 0 | K69: 0 | L69: 0 | M69: 0 | N69: 0 | O69: 2
A70: Sume primite in cadrul mecanismului decontarii cererilor de plata | B70: 40.10.16 | E70: =C70+D70 -> 0 | F70: =G70+H70+I70+J70 -> 0 | K70: 0 | L70: 0 | M70: 0 | N70: 0 | O70: 2
A71: Alte operatiuni financiare (cod. 41.10.06+41.10.11) | B71: 41.10 | C71: =C72+C73+C74 -> 0 | D71: =D72+D73+D74 -> 0 | E71: =E72+E73+E74 -> 0 | F71: =F72+F73+F74 -> 0 | G71: =G72+G73+G74 -> 0 | H71: =H72+H73+H74 -> 0 | I71: =I72+I73+I74 -> 0 | J71: =J72+J73+J74 -> 0 | ... N71: =N72+N73+N74 -> 0
A72: Sume din excedentul anului precedent pentru acoperirea golurilor temporare de casa | B72: 41.10.06 | E72: =C72+D72 -> 0 | F72: =G72+H72+I72+J72 -> 0 | K72: 0 | L72: 0 | M72: 0 | N72: 0 | O72: 1 | P72: =Q72+R72+S72+T72 -> 0
A73: Imprumuturi de la bugetul local | B73: 41.10.11 | E73: =C73+D73 -> 0 | F73: =G73+H73+I73+J73 -> 0 | K73: 0 | L73: 0 | M73: 0 | N73: 0 | O73: 1
A74: Sume alocate din Fondul de Dezvoltare si Investitii | B74: 41.10.14 | E74: =C74+D74 -> 0 | F74: =G74+H74+I74+J74 -> 0 | K74: 0 | L74: 0 | M74: 0 | N74: 0 | O74: 2
A75: IV. SUBVENTII (cod 00.18) | B75: 00.17 | C75: =C76 -> 11501.08 | D75: =D76 -> 510 | E75: =E76 -> 12011.08 | F75: =F76 -> 12011.075 | G75: =G76 -> 2582 | H75: =H76 -> 4109.075 | I75: =I76 -> 2470 | J75: =J76 -> 2850 | ... N75: =N76 -> 11936 | P75: =Q75+R75+S75+T75 -> 0 | U75: =G75+H75 -> 6691.075
A76: SUBVENTII DE LA ALTE NIVELE ALE ADMINISTRATIEI PUBLICE (cod 42.10+43.10) | B76: 00.18 | C76: =C77+C82+C86 -> 11501.08 | D76: =D77+D82+D86 -> 510 | E76: =E77+E82+E86 -> 12011.08 | F76: =F77+F82+F86 -> 12011.075 | G76: =G77+G82+G86 -> 2582 | H76: =H77+H82+H86 -> 4109.075 | I76: =I77+I82+I86 -> 2470 | J76: =J77+J82+J86 -> 2850 | K76: =K77+K86 -> 0 | L76: =L77+L86 -> 11332 | M76: =M77+M86 -> 11384 | N76: =N77+N86 -> 11936 | P76: =Q76+R76+S76+T76 -> 0
A77: Subventii de la bugetul de stat (cod 42.10.11+42.10.39+42.10.43+42.10.62+42.10.70) | B77: 42.10 | C77: =C81 -> 0 | E77: =E81 -> 0 | F77: =F81 -> 0 | G77: =G81 -> 0 | H77: =H81 -> 0 | I77: =I81 -> 0 | J77: =J81 -> 0 | K77: =K78+K79+K80+K84+K85 -> 0 | L77: =L78+L79+L80+L84+L85 -> 0 | M77: =M78+M79+M80+M84+M85 -> 0 | N77: =N78+N79+N80+N84+N85 -> 0 | P77: =Q77+R77+S77+T77 -> 0
A78: Subventii de la bugetul de stat pentru spitale | B78: 42.10.11 | E78: =C78+D78 -> 0 | F78: =G78+H78+I78+J78 -> 0 | K78: 0 | L78: 0 | M78: 0 | N78: 0 | O78: 1
A79: Subventii de la bugetul de stat catre institutii publice finantate partial sau integral din venituri proprii pentru proiecte finantate din FEN postaderare | B79: 42.10.39 | E79: =C79+D79 -> 0 | F79: =G79+H79+I79+J79 -> 0 | K79: 0 | L79: 0 | M79: 0 | N79: 0 | O79: 2
A80: Sume primite de institutiile publice si activitatile finantate integral sau partial din venituri proprii in cadrul programelor FEGA implementate de APIA | B80: 42.10.43 | E80: =C80+D80 -> 0 | F80: =G80+H80+I80+J80 -> 0 | K80: 0 | L80: 0 | M80: 0 | N80: 0 | O80: 1
A81: Sume alocate pentru stimulent de risc de la bugetul de stat | B81: 42.10.82 | C81: 0 | D81: 0 | E81: 0 | F81: 0 | G81: 0 | H81: 0 | I81: 0 | J81: 0
A82: Alocari sume din PNRR aferente asistentei financiare nerambursabile | B82: 42.88 | C82: 1439.08 | E82: =C82+D82 -> 1439.08 | F82: =G82+H82+I82+J82 -> 1439.075 | G82: =G83+G84 -> 0 | H82: =H83+H84 -> 1439.075 | I82: =I83+I84 -> 0 | J82: =J83+J84 -> 0 | U82: =G82+H82 -> 1439.075
A83: Fonduri europene nerambursabile | B83: 42.88.01 | C83: 1209.31 | E83: =C83+D83 -> 1209.31 | F83: =G83+H83+I83+J83 -> 1209.307 | G83: 0 | H83: 1209.307 | I83: 0 | J83: 0 | U83: =G83+H83 -> 1209.307
A84: Sume aferente TVA | B84: 42.88.03 | C84: 229.77 | E84: =C84+D84 -> 229.77 | F84: =G84+H84+I84+J84 -> 229.768 | G84: 0 | H84: 229.768 | I84: 0 | J84: 0 | K84: 0 | L84: 0 | M84: 0 | N84: 0 | O84: 1 | P84: =Q84+R84+S84+T84 -> 0 | U84: =G84+H84 -> 229.768
A85: Subventii de la bugetul de stat catre institutii publice finantate partial sau integral din venituri proprii pentru proiectelor finantate din fonduri externe nerambursabile (FEN) postaderare aferente perioadei de programe 2021-2027 | B85: 42.10.93.04 | C85: 10.96 | D85: 0 | E85: =C85+D85 -> 10.96 | F85: =G85+H85+I85+J85 -> 10.96 | G85: 0 | H85: 0 | I85: 10.96 | J85: 0 | K85: 0 | L85: 0 | M85: 0 | N85: 0 | O85: 2
A86: Subventii de la alte administratii (cod 43.10.09+43.10.10+43.10.14+43.10.15+43.10.16+43.10.17+43.10.19+43.10.31+43.10.33) | B86: 43.10 | C86: =C87+C88+C89+C90+C91+C95+C99+C100+C101+C102 -> 10062 | D86: =D87+D88+D89+D90+D91+D95+D99+D100+D101+D102 -> 510 | E86: =E87+E88+E89+E90+E91+E95+E99+E100+E101+E102 -> 10572 | F86: =F87+F88+F89+F90+F91+F95+F99+F100+F101+F102 -> 10572 | G86: =G87+G88+G89+G90+G91+G95+G99+G100+G101+G102 -> 2582 | H86: =H87+H88+H89+H90+H91+H95+H99+H100+H101+H102 -> 2670 | I86: =I87+I88+I89+I90+I91+I95+I99+I100+I101+I102 -> 2470 | J86: =J87+J88+J89+J90+J91+J95+J99+J100+J101+J102 -> 2850 | ... N86: =N87+N88+N89+N90+N91+N95+N99+N100+N101+N102 -> 11936 | P86: =Q86+R86+S86+T86 -> 0 | U86: =G86+H86 -> 5252
A87: Subventii pentru institutii publice | B87: 43.10.09 | E87: =C87+D87 -> 0 | F87: =G87+H87+I87+J87 -> 0 | K87: 0 | L87: 0 | M87: 0 | N87: 0 | O87: 1
A88: Subventii din bugetele locale pentru finantarea cheltuielilor curente din domeniul sanatatii | B88: 43.10.10 | C88: 700 | E88: =C88+D88 -> 700 | F88: =G88+H88+I88+J88 -> 700 | G88: 332 | H88: 330 | I88: 38 | K88: 0 | L88: 0 | M88: 0 | N88: 0 | O88: 1 | P88: =Q88+R88+S88+T88 -> 216 | Q88: 54 | R88: 54 | S88: 54 | T88: 54 | U88: =G88+H88 -> 662 | W88: 16
A89: Subventii din bugetele locale pentru finantarea cheltuielilor de capital din domeniul sanatatii | B89: 43.10.14 | C89: 0 | D89: 51 | E89: =C89+D89 -> 51 | F89: =G89+H89+I89+J89 -> 51 | G89: 0 | H89: 0 | I89: 0 | J89: 51 | K89: 0 | L89: 0 | M89: 0 | N89: 0 | O89: 2 | P89: =Q89+R89+S89+T89 -> 0 | U89: =G89+H89 -> 0
A90: Subventii din bugetul local pentru finantarea camerelor agricole | B90: 43.10.15 | E90: =C90+D90 -> 0 | F90: =G90+H90+I90+J90 -> 0 | K90: 0 | L90: 0 | M90: 0 | N90: 0 | O90: 1
A91: Sume din bugetul de stat catre bugetele locale pentru finantarea investitiilor in sanatate (cod 43.10.16.01+43.10.16.02+43.10.16.03) | B91: 43.10.16 | C91: =C92+C93+C94 -> 0 | D91: =D92+D93+D94 -> 459 | E91: =E92+E93+E94 -> 459 | F91: =F92+F93+F94 -> 459 | G91: =G92+G93+G94 -> 0 | H91: =H92+H93+H94 -> 0 | I91: =I92+I93+I94 -> 0 | J91: =J92+J93+J94 -> 459 | ... N91: =N92+N93+N94 -> 0
A92: Sume din bugetul de stat catre bugetele locale pentru finantarea aparaturii medicale si echipamentelor de comunicatii in urgenta in sanatate | B92: 43.10.16.01 | C92: 0 | D92: 459 | E92: =C92+D92 -> 459 | F92: =G92+H92+I92+J92 -> 459 | G92: 0 | H92: 0 | I92: 0 | J92: 459 | K92: 0 | L92: 0 | M92: 0 | N92: 0 | O92: 2
A93: Sume din bugetul de stat catre bugetele locale pentru finantarea reparatiilor capitale in sanatate | B93: 43.10.16.02 | E93: =C93+D93 -> 0 | F93: =G93+H93+I93+J93 -> 0 | K93: 0 | L93: 0 | M93: 0 | N93: 0 | O93: 2
A94: Sume din bugetul de stat catre bugetele locale pentru finatarea altor investitii in sanatate | B94: 43.10.16.03 | E94: =C94+D94 -> 0 | F94: =G94+H94+I94+J94 -> 0 | K94: 0 | L94: 0 | M94: 0 | N94: 0 | O94: 2
A95: Sume din veniturile proprii ale Ministerului Sanatatii catre bugetele locale pentru finatarea investitiilor in sanatate (cod 43.10.17.01+43.10.17.02+43.10.17.03) | B95: 43.10.17 | C95: =C96+C97+C98 -> 0 | D95: =D96+D97+D98 -> 0 | E95: =E96+E97+E98 -> 0 | F95: =F96+F97+F98 -> 0 | G95: =G96+G97+G98 -> 0 | H95: =H96+H97+H98 -> 0 | I95: =I96+I97+I98 -> 0 | J95: =J96+J97+J98 -> 0 | ... N95: =N96+N97+N98 -> 0
A96: Sume din veniturile proprii ale Ministerului Sanatatii catre bugetele locale pentru finantarea aparaturii medicale si echipamentelor de comunicatii in urgenta in sanatate | B96: 43.10.17.01 | E96: =C96+D96 -> 0 | F96: =G96+H96+I96+J96 -> 0 | K96: 0 | L96: 0 | M96: 0 | N96: 0 | O96: 2
A97: Sume din veniturile proprii ale Ministerului Sanatatii catre bugetele locale pentru finantarea reparatiilor capitale in sanatate | B97: 43.10.17.02 | E97: =C97+D97 -> 0 | F97: =G97+H97+I97+J97 -> 0 | K97: 0 | L97: 0 | M97: 0 | N97: 0 | O97: 2
A98: Sume din veniturile proprii ale Ministerului Sanatatii catre bugetele locale pentru finantarea altor investitii in sanatate | B98: 43.10.17.03 | E98: =C98+D98 -> 0 | F98: =G98+H98+I98+J98 -> 0 | K98: 0 | L98: 0 | M98: 0 | N98: 0 | O98: 2
A99: Subventii pentru institutiile publice destinate sectiunii de dezvoltare | B99: 43.10.19 | E99: =C99+D99 -> 0 | F99: =G99+H99+I99+J99 -> 0 | K99: 0 | L99: 0 | M99: 0 | N99: 0 | O99: 2
A100: Sume alocate din bugetul AFIR, pentru sustinerea proiectelor din PNDR 2014-2020 | B100: 43.10.31 | E100: =C100+D100 -> 0 | F100: =G100+H100+I100+J100 -> 0 | K100: 0 | L100: 0 | M100: 0 | N100: 0 | O100: 2 | U100: =G100+H100 -> 0
A101: Subventii din bugetul Fondului national unic de asigurari sociale de sanatate pentru acoperirea cresterilor salariale | B101: 43.10.33 | C101: 9362 | E101: =C101+D101 -> 9362 | F101: =G101+H101+I101+J101 -> 9362 | G101: 2250 | H101: 2340 | I101: 2432 | J101: 2340 | K101: 0 | L101: 11332 | M101: 11384 | N101: 11936 | O101: 1 | P101: =Q101+R101+S101+T101 -> 0 | U101: =G101+H101 -> 4590 | AC101: influente
A102: Sume alocate pentru stimulent de risc de la FNUASS | B102: 43.10.40 | C102: 0 | E102: =C102+D102 -> 0 | F102: =G102+H102+I102+J102 -> 0 | G102: 0 | H102: 0 | I102: 0 | J102: 0 | O102: 1 | P102: =Q102+R102+S102+T102 -> 0
...

Sheet TG. BUJOR 2025 iulie
A1: SPITALUL ORĂŞENESC TG. BUJOR | C1: Ordonator principal de credite, | L1: Director executiv,
A2: Nr. Înregistrare.2211/07.07. 2025 | C2: Fotea Costel | F2: Fotea Costel | H2: Director executiv, | L2: Stoica George
H3: Stoica George
A6: BUGETUL INSTITUŢIILOR PUBLCE ŞI ACTIVITĂŢILOR FINANŢATE INTEGRAL SAU PARŢIAL DIN VENITURI PROPRII, PE ANUL 2025
A7: HCJ nr.188/29.07.2025 | N7: -mii lei-
A8: DENUMIRE INDICATOR | B8: ARTICOL | C8: BUGET 2025 | L8: 2026 | M8: 2027 | N8: 2028 | AE8: rezidenti
C9: BUGET INITIAL | D9: INFLU ENTE | E9: BUGET FINAL | F9: TOTAL an | G9: TRIM. I | H9: TRIM. II | I9: TRIM. III | J9: TRIM. IV | K9: Din care credite bugetare destinate stingerii platilor restante | P9: total infl. | Q9: TRIM. I | R9: TRIM. II | S9: TRIM. III | T9: TRIM. IV | V9: TRIM. II | W9: TRIM. III | X9: TRIM. IV | AD9: TOTAL an | AE9: TRIM. I | AF9: TRIM. II | AG9: TRIM. III | AH9: TRIM. IV
A10: 1 | B10: 2 | C10: 3 | D10: 4 | E10: 5 | F10: 3 | G10: 4 | H10: 5 | I10: 5 | J10: 7 | K10: 11 | L10: 12 | M10: 13 | N10: 14 | Q10: 7 | R10: 8 | S10: 9 | T10: 10 | AD10: 3 | AE10: 4 | AF10: 5 | AG10: 5 | AH10: 7
A11: TOTAL VENITURI (cod 00.02+00.15+00.16+00.17+45.10+48.10) | B11: 00.01 | C11: =C12+C61+C65+C75+C85+C103+C165 -> 18217.08 | D11: =D12+D61+D65+D75+D85+D103+D165 -> 109.65 | E11: =E12+E61+E65+E75+E85+E103+E165 -> 18326.73 | F11: =F12+F61+F65+F75+F85+F103+F165 -> 18326.725 | G11: =G12+G61+G65+G75+G85+G103+G165 -> 4223 | H11: =H12+H61+H65+H75+H85+H103+H165 -> 5769.075 | I11: =I12+I61+I65+I75+I85+I103+I165 -> 4454.65 | J11: =J12+J61+J65+J75+J85+J103+J165 -> 3880 | K11: =K12+K61+K65+K75+K103+K165 -> 15 | L11: =L12+L61+L65+L75+L103+L165 -> 17532 | M11: =M12+M61+M65+M75+M103+M165 -> 17634 | N11: =N12+N61+N65+N75+N103+N165 -> 18236 | O11: =O12+O61+O65+O75+O103+O165 -> 0 | P11: =P12+P61+P65+P75+P103+P165 -> 0 | Q11: =Q12+Q61+Q65+Q75+Q103+Q165 -> 0 | R11: =R12+R61+R65+R75+R103+R165 -> 0 | ... X11: =X12+X61+X65+X75+X103+X165 -> 0
A12: I. VENITURI CURENTE (cod 00.03+00.12) | B12: 00.02 | C12: =C13+C18 -> 6716 | D12: =D13+D18 -> 0 | E12: =E13+E18 -> 6716 | F12: =F13+F18 -> 6716 | G12: =G13+G18 -> 1641 | H12: =H13+H18 -> 1660 | I12: =I13+I18 -> 1875 | J12: =J13+J18 -> 1540 | ... N12: =N13+N18 -> 6300 | P12: =Q12+R12+S12+T12 -> 0 | U12: =G12+H12 -> 3301
A13: A. VENITURI FISCALE (cod 00.10) | B13: 00.03 | C13: =C14 -> 0 | D13: =D14 -> 0 | E13: =E14 -> 0 | F13: =F14 -> 0 | G13: =G14 -> 0 | H13: =H14 -> 0 | I13: =I14 -> 0 | J13: =J14 -> 0 | ... N13: =N14 -> 0 | P13: =Q13+R13+S13+T13 -> 0
A14: A4. IMPOZITE SI TAXE PE BUNURI SI SERVICII (cod 15.10) | B14: 00.10 | C14: =C15 -> 0 | D14: =D15 -> 0 | E14: =E15 -> 0 | F14: =F15 -> 0 | G14: =G15 -> 0 | H14: =H15 -> 0 | I14: =I15 -> 0 | J14: =J15 -> 0 | ... N14: =N15 -> 0 | P14: =Q14+R14+S14+T14 -> 0
A15: Taxe pe servicii specifice (cod 15.10.01+15.10.50) | B15: 15.10 | C15: =C16+C17 -> 0 | D15: =D16+D17 -> 0 | E15: =E16+E17 -> 0 | F15: =F16+F17 -> 0 | G15: =G16+G17 -> 0 | H15: =H16+H17 -> 0 | I15: =I16+I17 -> 0 | J15: =J16+J17 -> 0 | ... N15: =N16+N17 -> 0
A16: Impozit pe spectacole | B16: 15.10.01 | E16: =C16+D16 -> 0 | F16: =G16+H16+I16+J16 -> 0 | K16: 0 | L16: 0 | M16: 0 | N16: 0 | O16: 1
A17: Alte taxe pe servicii specifice | B17: 15.10.50 | E17: =C17+D17 -> 0 | F17: =G17+H17+I17+J17 -> 0 | K17: 0 | L17: 0 | M17: 0 | N17: 0 | O17: 1
A18: C. VENITURI NEFISCALE (cod 00.13+00.14) | B18: 00.12 | C18: =C19+C30 -> 6716 | D18: =D19+D30 -> 0 | E18: =E19+E30 -> 6716 | F18: =F19+F30 -> 6716 | G18: =G19+G30 -> 1641 | H18: =H19+H30 -> 1660 | I18: =I19+I30 -> 1875 | J18: =J19+J30 -> 1540 | ... N18: =N19+N30 -> 6300
A19: C1. VENITURI DIN PROPRIETATE (cod 30.10+31.10) | B19: 00.13 | C19: =C20+C28 -> 0 | D19: =D20+D28 -> 0 | E19: =E20+E28 -> 0 | F19: =F20+F28 -> 0 | G19: =G20+G28 -> 0 | H19: =H20+H28 -> 0 | I19: =I20+I28 -> 0 | J19: =J20+J28 -> 0 | ... N19: =N20+N28 -> 0 | P19: =Q19+R19+S19+T19 -> 0
A20: Venituri din proprietate (cod 30.10.05+30.10.08+30.10.09+30.10.50) | B20: 30.10 | C20: =C21+C23+C26+C27 -> 0 | D20: =D21+D23+D26+D27 -> 0 | E20: =E21+E23+E26+E27 -> 0 | F20: =F21+F23+F26+F27 -> 0 | G20: =G21+G23+G26+G27 -> 0 | H20: =H21+H23+H26+H27 -> 0 | I20: =I21+I23+I26+I27 -> 0 | J20: =J21+J23+J26+J27 -> 0 | ... N20: =N21+N23+N26+N27 -> 0 | P20: =Q20+R20+S20+T20 -> 0
A21: Venituri din concesiuni si inchirieri (cod 30.10.05.30) | B21: 30.10.05 | C21: =C22 -> 0 | D21: =D22 -> 0 | E21: =E22 -> 0 | F21: =F22 -> 0 | G21: =G22 -> 0 | H21: =H22 -> 0 | I21: =I22 -> 0 | J21: =J22 -> 0 | ... N21: =N22 -> 0 | P21: =Q21+R21+S21+T21 -> 0
A22: Alte venituri din concesiuni si inchiriere de catre institutiile publice | B22: 30.10.05.30 | C22: 0 | E22: =C22+D22 -> 0 | F22: =G22+H22+I22+J22 -> 0 | G22: 0 | H22: 0 | I22: 0 | J22: 0 | K22: 0 | L22: 0 | M22: 0 | N22: 0 | O22: 1 | P22: =Q22+R22+S22+T22 -> 0
A23: Venituri din dividende (cod 30.10.08.02+30.10.08.03) | B23: 30.10.08 | C23: =C24+C25 -> 0 | D23: =D24+D25 -> 0 | E23: =E24+E25 -> 0 | F23: =F24+F25 -> 0 | G23: =G24+G25 -> 0 | H23: =H24+H25 -> 0 | I23: =I24+I25 -> 0 | J23: =J24+J25 -> 0 | ... N23: =N24+N25 -> 0
A24: Venituri din dividende de la alti platitori | B24: 30.10.08.02 | E24: =C24+D24 -> 0 | F24: =G24+H24+I24+J24 -> 0 | K24: 0 | L24: 0 | M24: 0 | N24: 0 | O24: 1
A25: Dividende de la societatile si companiile nationale si societatile cu capital majoritar de stat | B25: 30.10.08.03 | E25: =C25+D25 -> 0 | F25: =G25+H25+I25+J25 -> 0 | K25: 0 | L25: 0 | M25: 0 | N25: 0 | O25: 1
A26: Venituri din utilizarea pasunilor comunale | B26: 30.10.09 | E26: =C26+D26 -> 0 | F26: =G26+H26+I26+J26 -> 0 | K26: 0 | L26: 0 | M26: 0 | N26: 0 | O26: 1
A27: Alte venituri din proprietate | B27: 30.10.50 | E27: =C27+D27 -> 0 | F27: =G27+H27+I27+J27 -> 0 | K27: 0 | L27: 0 | M27: 0 | N27: 0 | O27: 1
A28: Venituri din dobanzi (cod 31.10.03) | B28: 31.10 | C28: =C29 -> 0 | D28: =D29 -> 0 | E28: =E29 -> 0 | F28: =F29 -> 0 | G28: =G29 -> 0 | H28: =H29 -> 0 | I28: =I29 -> 0 | J28: =J29 -> 0 | ... N28: =N29 -> 0
A29: Alte venituri din dobanzi | B29: 31.10.03 | E29: =C29+D29 -> 0 | F29: =G29+H29+I29+J29 -> 0 | K29: 0 | L29: 0 | M29: 0 | N29: 0 | O29: 1
A30: C2. VANZARI DE BUNURI SI SERVICII (cod 33.10+34.10+35.10+36.10+37.10) | B30: 00.14 | C30: =C31+C46+C48+C50+C56 -> 6716 | D30: =D31+D46+D48+D50+D56 -> 0 | E30: =E31+E46+E48+E50+E56 -> 6716 | F30: =F31+F46+F48+F50+F56 -> 6716 | G30: =G31+G46+G48+G50+G56 -> 1641 | H30: =H31+H46+H48+H50+H56 -> 1660 | I30: =I31+I46+I48+I50+I56 -> 1875 | J30: =J31+J46+J48+J50+J56 -> 1540 | ... N30: =N31+N46+N48+N50+N56 -> 6300 | P30: =Q30+R30+S30+T30 -> 0
A31: Venituri din prestari servicii si alte activitati (cod 33.10.05+33.10.08+33.10.09+33.10.13+33.10.14+33.10.16+33.10.17+33.10.19+33.10.20+33.10.21+33.10.30 la 33.10.32+33.10.50) | B31: 33.10 | C31: =C32+C33+C34+C35+C36+C37+C38+C39+C40+C41+C42+C43+C44+C45 -> 6716 | D31: =D32+D33+D34+D35+D36+D37+D38+D39+D40+D41+D42+D43+D44+D45 -> 0 | E31: =E32+E33+E34+E35+E36+E37+E38+E39+E40+E41+E42+E43+E44+E45 -> 6716 | F31: =F32+F33+F34+F35+F36+F37+F38+F39+F40+F41+F42+F43+F44+F45 -> 6716 | G31: =G32+G33+G34+G35+G36+G37+G38+G39+G40+G41+G42+G43+G44+G45 -> 1641 | H31: =H32+H33+H34+H35+H36+H37+H38+H39+H40+H41+H42+H43+H44+H45 -> 1660 | I31: =I32+I33+I34+I35+I36+I37+I38+I39+I40+I41+I42+I43+I44+I45 -> 1875 | J31: =J32+J33+J34+J35+J36+J37+J38+J39+J40+J41+J42+J43+J44+J45 -> 1540 | ... X31: =X32+X33+X34+X35+X36+X37+X38+X39+X40+X41+X42+X43+X44+X45 -> #VALUE!
A32: Taxe si alte venituri in invatamant | B32: 33.10.05 | E32: =C32+D32 -> 0 | F32: =G32+H32+I32+J32 -> 0 | K32: 0 | L32: 0 | M32: 0 | N32: 0 | O32: 1 | Q32: 0
A33: Venituri din prestari de servicii | B33: 33.10.08 | C33: 209 | E33: =C33+D33 -> 209 | F33: =G33+H33+I33+J33 -> 209 | G33: 40 | H33: 60 | I33: 50 | J33: 59 | K33: 0 | L33: 0 | M33: 0 | N33: 0 | O33: 1 | P33: =Q33+R33+S33+T33 -> 0 | U33: =G33+H33 -> 100 | AC33: vp
A34: Taxe si alte venituri din protectia mediului | B34: 33.10.09 | E34: =C34+D34 -> 0 | F34: =G34+H34+I34+J34 -> 0 | K34: 0 | L34: 0 | M34: 0 | N34: 0 | O34: 1 | T34: 4920 | U34: -280
A35: Contributia de intretinere a persoanelor asistate | B35: 33.10.13 | E35: =C35+D35 -> 0 | F35: =G35+H35+I35+J35 -> 0 | K35: 0 | L35: 0 | M35: 0 | N35: 0 | O35: 1 | T35: 667 | U35: -33
A36: Contributia elevilor si studentilor pentru internate, camine si cantine | B36: 33.10.14 | E36: =C36+D36 -> 0 | F36: =G36+H36+I36+J36 -> 0 | K36: 0 | L36: 0 | M36: 0 | N36: 0 | O36: 1 | U36: -353
A37: Venituri din valorificarea produselor obtinute din activitatea proprie sau anexa | B37: 33.10.16 | E37: =C37+D37 -> 0 | F37: =G37+H37+I37+J37 -> 0 | K37: 0 | L37: 0 | M37: 0 | N37: 0 | O37: 1
A38: Venituri din organizarea de cursuri de calificare si conversie profesionala, specializare si perfectionare | B38: 33.10.17 | E38: =C38+D38 -> 0 | F38: =G38+H38+I38+J38 -> 0 | K38: 0 | L38: 0 | M38: 0 | N38: 0 | O38: 1
A39: Venituri din serbari si spectacole scolare, manifestari culturale, artistice si sportive | B39: 33.10.19 | E39: =C39+D39 -> 0 | F39: =G39+H39+I39+J39 -> 0 | K39: 0 | L39: 0 | M39: 0 | N39: 0 | O39: 1
A40: Venituri din cercetare | B40: 33.10.20 | E40: =C40+D40 -> 0 | F40: =G40+H40+I40+J40 -> 0 | K40: 0 | L40: 0 | M40: 0 | N40: 0 | O40: 1
A41: Venituri din contractele incheiate cu casele de asigurari sociale de sanatate | B41: 33.10.21 | C41: 5426 | E41: =C41+D41 -> 5426 | F41: =G41+H41+I41+J41 -> 5426 | G41: 1300 | H41: 1300 | I41: 1600 | J41: 1226 | K41: 0 | L41: 6200 | M41: 6250 | N41: 6300 | O41: 1 | P41: =Q41+R41+S41+T41 -> 0 | U41: =G41+H41 -> 2600
A42: Venituri din contractele incheiate cu DSP din sume alocate de la bugetul de stat | B42: 33.10.30 | C42: 1080 | E42: =C42+D42 -> 1080 | F42: =G42+H42+I42+J42 -> 1080 | G42: 300 | H42: 300 | I42: 225 | J42: 255 | K42: 0 | L42: 0 | M42: 0 | N42: 0 | O42: 1 | P42: =Q42+R42+S42+T42 -> 0 | U42: =G42+H42 -> 600 | AC42: rezid
A43: Venituri din contractele incheiate cu directiile de sanatate publica din sume alocate din veniturile proprii ale Ministerului Sanatatii | B43: 33.10.31 | E43: =C43+D43 -> 0 | F43: =G43+H43+I43+J43 -> 0 | K43: 0 | L43: 0 | M43: 0 | N43: 0 | O43: 1
A44: Venituri din contractele incheiate cu institutiile de medicina legala | B44: 33.10.32 | E44: =C44+D44 -> 0 | F44: =G44+H44+I44+J44 -> 0 | K44: 0 | L44: 0 | M44: 0 | N44: 0 | O44: 1
A45: Alte venituri din prestari de servicii si alte activitati | B45: 33.10.50 | C45: 1 | E45: =C45+D45 -> 1 | F45: =G45+H45+I45+J45 -> 1 | G45: 1 | H45: 0 | I45: 0 | J45: 0 | K45: 0 | L45: 0 | M45: 0 | N45: 0 | O45: 1 | P45: =Q45+R45+S45+T45 -> 0
A46: Venituri din taxe administrative, eliberari permise (cod 34.10.50) | B46: 34.10 | C46: =C47 -> 0 | D46: =D47 -> 0 | E46: =E47 -> 0 | F46: =F47 -> 0 | G46: =G47 -> 0 | H46: =H47 -> 0 | I46: =I47 -> 0 | J46: =J47 -> 0 | ... N46: =N47 -> 0
A47: Alte venituri din taxe administrative, eliberari permise | B47: 34.10.50 | E47: =C47+D47 -> 0 | F47: =G47+H47+I47+J47 -> 0 | K47: 0 | L47: 0 | M47: 0 | N47: 0 | O47: 1
A48: Amenzi, penalitati si confiscari (cod 35.10.50) | B48: 35.10 | C48: =C49 -> 0 | D48: =D49 -> 0 | E48: =E49 -> 0 | F48: =F49 -> 0 | G48: =G49 -> 0 | H48: =H49 -> 0 | I48: =I49 -> 0 | J48: =J49 -> 0 | ... N48: =N49 -> 0
A49: Alte amenzi, penalitati si confiscari | B49: 35.10.50 | E49: =C49+D49 -> 0 | F49: =G49+H49+I49+J49 -> 0 | K49: 0 | L49: 0 | M49: 0 | N49: 0 | O49: 1
A50: Diverse venituri (cod 36.10.04+36.10.32+36.10.50) | B50: 36.10 | C50: =C51+C52+C55 -> 0 | D50: =D51+D52+D55 -> 0 | E50: =E51+E52+E55 -> 0 | F50: =F51+F52+F55 -> 0 | G50: =G51+G52+G55 -> 0 | H50: =H51+H52+H55 -> 0 | I50: =I51+I52+I55 -> 0 | J50: =J51+J52+J55 -> 0 | ... N50: =N51+N52+N55 -> 0
A51: Venituri din producerea riscurilor asigurate | B51: 36.10.04 | E51: =C51+D51 -> 0 | F51: =G51+H51+I51+J51 -> 0 | K51: 0 | L51: 0 | M51: 0 | N51: 0 | O51: 1
A52: Sume provenite din finantarea bugetara a anilor precedenti (cod 36.10.32.02+36.10.32.03) | B52: 36.10.32 | C52: =C53+C54 -> 0 | D52: =D53+D54 -> 0 | E52: =E53+E54 -> 0 | F52: =F53+F54 -> 0 | G52: =G53+G54 -> 0 | H52: =H53+H54 -> 0 | I52: =I53+I54 -> 0 | J52: =J53+J54 -> 0 | ... N52: =N53+N54 -> 0
A53: Sume provenite din finantarea bugetara a anilor precedenti, aferente sectiunii de dezvoltare | B53: 36.10.32.02 | E53: =C53+D53 -> 0 | F53: =G53+H53+I53+J53 -> 0 | K53: 0 | L53: 0 | M53: 0 | N53: 0 | O53: 2
A54: Sume provenite din finantarea bugetara a anilor precedenti, aferente sectiunii de functionare | B54: 36.10.32.03 | E54: =C54+D54 -> 0 | F54: =G54+H54+I54+J54 -> 0 | K54: 0 | L54: 0 | M54: 0 | N54: 0 | O54: 1
A55: Alte venituri | B55: 36.10.50 | E55: =C55+D55 -> 0 | F55: =G55+H55+I55+J55 -> 0 | K55: 0 | L55: 0 | M55: 0 | N55: 0 | O55: 1
A56: Transferuri voluntare, altele decat subventiile (cod 37.10.01+37.10.03+37.10.04+37.10.50) | B56: 37.10 | C56: =C57+C58+C59+C60 -> 0 | E56: =E57+E58+E59+E60 -> 0 | F56: =F57+F58+F59+F60 -> 0 | G56: =G57+G58+G59+G60 -> 0 | H56: =H57+H58+H59+H60 -> 0 | I56: =I57+I58+I59+I60 -> 0 | J56: =J57+J58+J59+J60 -> 0 | K56: =K57+K58+K59+K60 -> 15 | L56: =L57+L58+L59+L60 -> 0 | ... N56: =N57+N58+N59+N60 -> 0 | P56: =Q56+R56+S56+T56 -> 0
A57: Donatii si sponsorizari | B57: 37.10.01 | E57: =C57+D57 -> 0 | F57: =G57+H57+I57+J57 -> 0 | K57: 0 | L57: 0 | M57: 0 | N57: 0 | O57: 1
A58: Varsaminte din sectiunea de functionare pentru finantarea sectiunii de dezvoltare a bugetului local (cu semnul minus) | B58: 37.10.03 | C58: 0 | E58: =C58+D58 -> 0 | F58: =G58+H58+I58+J58 -> 0 | G58: 0 | H58: 0 | I58: 0 | J58: 0 | K58: 0 | L58: 0 | M58: 0 | N58: 0 | O58: 1 | P58: =Q58+R58+S58+T58 -> 0 | U58: =G58+H58 -> 0
A59: Varsaminte din sectiunea de functionare | B59: 37.10.04 | C59: 0 | E59: 0 | F59: =G59+H59+I59+J59 -> 0 | G59: 0 | H59: 0 | I59: 0 | J59: 0 | K59: 15 | L59: 0 | M59: 0 | N59: 0 | O59: 2 | P59: =Q59+R59+S59+T59 -> 0 | U59: =G59+H59 -> 0
A60: Alte transferuri voluntare | B60: 37.10.50 | E60: =C60+D60 -> 0 | F60: =G60+H60+I60+J60 -> 0 | K60: 0 | L60: 0 | M60: 0 | N60: 0 | O60: 1
A61: II. VENITURI DIN CAPITAL (cod 39.10) | B61: 00.15 | C61: =C62 -> 0 | D61: =D62 -> 0 | E61: =E62 -> 0 | F61: =F62 -> 0 | G61: =G62 -> 0 | H61: =H62 -> 0 | I61: =I62 -> 0 | J61: =J62 -> 0 | ... N61: =N62 -> 0
A62: Venituri din valorificarea unor bunuri (cod 39.10.01+39.10.50) | B62: 39.10 | C62: =C63+C64 -> 0 | D62: =D63+D64 -> 0 | E62: =E63+E64 -> 0 | F62: =F63+F64 -> 0 | G62: =G63+G64 -> 0 | H62: =H63+H64 -> 0 | I62: =I63+I64 -> 0 | J62: =J63+J64 -> 0 | ... N62: =N63+N64 -> 0
A63: Venituri din valorificarea unor bunuri ale institutiilor publice | B63: 39.10.01 | E63: =C63+D63 -> 0 | F63: =G63+H63+I63+J63 -> 0 | K63: 0 | L63: 0 | M63: 0 | N63: 0 | O63: 2
A64: Alte venituri din valorificarea unor bunuri | B64: 39.10.50 | E64: =C64+D64 -> 0 | F64: =G64+H64+I64+J64 -> 0 | K64: 0 | L64: 0 | M64: 0 | N64: 0 | O64: 2
A65: III. OPERATIUNI FINANCIARE (cod 40.10+41.10) | B65: 00.16 | C65: =C66+C71 -> 0 | D65: =D66+D71 -> 0 | E65: =E66+E71 -> 0 | F65: =F66+F71 -> 0 | G65: =G66+G71 -> 0 | H65: =H66+H71 -> 0 | I65: =I66+I71 -> 0 | J65: =J66+J71 -> 0 | ... N65: =N66+N71 -> 0
A66: Incasari din rambursarea imprumuturilor acordate (cod 40.10.15+40.10.16) | B66: 40.10 | C66: =C67+C70 -> 0 | D66: =D67+D70 -> 0 | E66: =E67+E70 -> 0 | F66: =F67+F70 -> 0 | G66: =G67+G70 -> 0 | H66: =H67+H70 -> 0 | I66: =I67+I70 -> 0 | J66: =J67+J70 -> 0 | ... N66: =N67+N70 -> 0
A67: Sume utilizate din excedentul anului precedent pentru efectuarea de cheltuieli (cod 40.10.15.01+40.10.15.02) | B67: 40.10.15 | C67: =C68+C69 -> 0 | D67: =D68+D69 -> 0 | E67: =E68+E69 -> 0 | F67: =F68+F69 -> 0 | G67: =G68+G69 -> 0 | H67: =H68+H69 -> 0 | I67: =I68+I69 -> 0 | J67: =J68+J69 -> 0 | ... N67: =N68+N69 -> 0
A68: Sume utilizate de administratiile locale din excedentul anului precedent pentru sectiunea de functionare | B68: 40.10.15.01 | E68: =C68+D68 -> 0 | F68: =G68+H68+I68+J68 -> 0 | K68: 0 | L68: 0 | M68: 0 | N68: 0 | O68: 1
A69: Sume utilizate de administratiile locale din excedentul anului precedent pentru sectiunea de dezvoltare | B69: 40.10.15.02 | E69: =C69+D69 -> 0 | F69: =G69+H69+I69+J69 -> 0 | K69: 0 | L69: 0 | M69: 0 | N69: 0 | O69: 2
A70: Sume primite in cadrul mecanismului decontarii cererilor de plata | B70: 40.10.16 | E70: =C70+D70 -> 0 | F70: =G70+H70+I70+J70 -> 0 | K70: 0 | L70: 0 | M70: 0 | N70: 0 | O70: 2
A71: Alte operatiuni financiare (cod. 41.10.06+41.10.11) | B71: 41.10 | C71: =C72+C73+C74 -> 0 | D71: =D72+D73+D74 -> 0 | E71: =E72+E73+E74 -> 0 | F71: =F72+F73+F74 -> 0 | G71: =G72+G73+G74 -> 0 | H71: =H72+H73+H74 -> 0 | I71: =I72+I73+I74 -> 0 | J71: =J72+J73+J74 -> 0 | ... N71: =N72+N73+N74 -> 0
A72: Sume din excedentul anului precedent pentru acoperirea golurilor temporare de casa | B72: 41.10.06 | E72: =C72+D72 -> 0 | F72: =G72+H72+I72+J72 -> 0 | K72: 0 | L72: 0 | M72: 0 | N72: 0 | O72: 1 | P72: =Q72+R72+S72+T72 -> 0
A73: Imprumuturi de la bugetul local | B73: 41.10.11 | E73: =C73+D73 -> 0 | F73: =G73+H73+I73+J73 -> 0 | K73: 0 | L73: 0 | M73: 0 | N73: 0 | O73: 1
A74: Sume alocate din Fondul de Dezvoltare si Investitii | B74: 41.10.14 | E74: =C74+D74 -> 0 | F74: =G74+H74+I74+J74 -> 0 | K74: 0 | L74: 0 | M74: 0 | N74: 0 | O74: 2
A75: IV. SUBVENTII (cod 00.18) | B75: 00.17 | C75: =C76 -> 11501.08 | D75: =D76 -> 0 | E75: =E76 -> 11501.08 | F75: =F76 -> 11501.075 | G75: =G76 -> 2582 | H75: =H76 -> 4109.075 | I75: =I76 -> 2470 | J75: =J76 -> 2340 | ... N75: =N76 -> 11936 | P75: =Q75+R75+S75+T75 -> 0 | U75: =G75+H75 -> 6691.075
A76: SUBVENTII DE LA ALTE NIVELE ALE ADMINISTRATIEI PUBLICE (cod 42.10+43.10) | B76: 00.18 | C76: =C77+C82+C86 -> 11501.08 | D76: =D77+D82+D86 -> 0 | E76: =E77+E82+E86 -> 11501.08 | F76: =F77+F82+F86 -> 11501.075 | G76: =G77+G82+G86 -> 2582 | H76: =H77+H82+H86 -> 4109.075 | I76: =I77+I82+I86 -> 2470 | J76: =J77+J82+J86 -> 2340 | K76: =K77+K86 -> 0 | L76: =L77+L86 -> 11332 | M76: =M77+M86 -> 11384 | N76: =N77+N86 -> 11936 | P76: =Q76+R76+S76+T76 -> 0
A77: Subventii de la bugetul de stat (cod 42.10.11+42.10.39+42.10.43+42.10.62+42.10.70) | B77: 42.10 | C77: =C81 -> 0 | E77: =E81 -> 0 | F77: =F81 -> 0 | G77: =G81 -> 0 | H77: =H81 -> 0 | I77: =I81 -> 0 | J77: =J81 -> 0 | K77: =K78+K79+K80+K84+K85 -> 0 | L77: =L78+L79+L80+L84+L85 -> 0 | M77: =M78+M79+M80+M84+M85 -> 0 | N77: =N78+N79+N80+N84+N85 -> 0 | P77: =Q77+R77+S77+T77 -> 0
A78: Subventii de la bugetul de stat pentru spitale | B78: 42.10.11 | E78: =C78+D78 -> 0 | F78: =G78+H78+I78+J78 -> 0 | K78: 0 | L78: 0 | M78: 0 | N78: 0 | O78: 1
A79: Subventii de la bugetul de stat catre institutii publice finantate partial sau integral din venituri proprii pentru proiecte finantate din FEN postaderare | B79: 42.10.39 | E79: =C79+D79 -> 0 | F79: =G79+H79+I79+J79 -> 0 | K79: 0 | L79: 0 | M79: 0 | N79: 0 | O79: 2
A80: Sume primite de institutiile publice si activitatile finantate integral sau partial din venituri proprii in cadrul programelor FEGA implementate de APIA | B80: 42.10.43 | E80: =C80+D80 -> 0 | F80: =G80+H80+I80+J80 -> 0 | K80: 0 | L80: 0 | M80: 0 | N80: 0 | O80: 1
A81: Sume alocate pentru stimulent de risc de la bugetul de stat | B81: 42.10.82 | C81: 0 | D81: 0 | E81: 0 | F81: 0 | G81: 0 | H81: 0 | I81: 0 | J81: 0
A82: Alocari sume din PNRR aferente asistentei financiare nerambursabile | B82: 42.88 | C82: 1439.08 | E82: =C82+D82 -> 1439.08 | F82: =G82+H82+I82+J82 -> 1439.075 | G82: =G83+G84 -> 0 | H82: =H83+H84 -> 1439.075 | I82: =I83+I84 -> 0 | J82: =J83+J84 -> 0 | U82: =G82+H82 -> 1439.075
A83: Fonduri europene nerambursabile | B83: 42.88.01 | C83: 1209.31 | E83: =C83+D83 -> 1209.31 | F83: =G83+H83+I83+J83 -> 1209.307 | G83: 0 | H83: 1209.307 | I83: 0 | J83: 0 | U83: =G83+H83 -> 1209.307
A84: Sume aferente TVA | B84: 42.88.03 | C84: 229.77 | E84: =C84+D84 -> 229.77 | F84: =G84+H84+I84+J84 -> 229.768 | G84: 0 | H84: 229.768 | I84: 0 | J84: 0 | K84: 0 | L84: 0 | M84: 0 | N84: 0 | O84: 1 | P84: =Q84+R84+S84+T84 -> 0 | U84: =G84+H84 -> 229.768
A85: Subventii de la bugetul de stat catre institutii publice finantate partial sau integral din venituri proprii pentru proiectelor finantate din fonduri externe nerambursabile (FEN) postaderare aferente perioadei de programe 2021-2027 | B85: 42.10.93.04 | C85: 0 | D85: 10.96 | E85: =C85+D85 -> 10.96 | F85: =G85+H85+I85+J85 -> 10.96 | G85: 0 | H85: 0 | I85: 10.96 | J85: 0 | K85: 0 | L85: 0 | M85: 0 | N85: 0 | O85: 2
A86: Subventii de la alte administratii (cod 43.10.09+43.10.10+43.10.14+43.10.15+43.10.16+43.10.17+43.10.19+43.10.31+43.10.33) | B86: 43.10 | C86: =C87+C88+C89+C90+C91+C95+C99+C100+C101+C102 -> 10062 | D86: =D87+D88+D89+D90+D91+D95+D99+D100+D101+D102 -> 0 | E86: =E87+E88+E89+E90+E91+E95+E99+E100+E101+E102 -> 10062 | F86: =F87+F88+F89+F90+F91+F95+F99+F100+F101+F102 -> 10062 | G86: =G87+G88+G89+G90+G91+G95+G99+G100+G101+G102 -> 2582 | H86: =H87+H88+H89+H90+H91+H95+H99+H100+H101+H102 -> 2670 | I86: =I87+I88+I89+I90+I91+I95+I99+I100+I101+I102 -> 2470 | J86: =J87+J88+J89+J90+J91+J95+J99+J100+J101+J102 -> 2340 | ... N86: =N87+N88+N89+N90+N91+N95+N99+N100+N101+N102 -> 11936 | P86: =Q86+R86+S86+T86 -> 0 | U86: =G86+H86 -> 5252
A87: Subventii pentru institutii publice | B87: 43.10.09 | E87: =C87+D87 -> 0 | F87: =G87+H87+I87+J87 -> 0 | K87: 0 | L87: 0 | M87: 0 | N87: 0 | O87: 1
A88: Subventii din bugetele locale pentru finantarea cheltuielilor curente din domeniul sanatatii | B88: 43.10.10 | C88: 700 | E88: =C88+D88 -> 700 | F88: =G88+H88+I88+J88 -> 700 | G88: 332 | H88: 330 | I88: 38 | K88: 0 | L88: 0 | M88: 0 | N88: 0 | O88: 1 | P88: =Q88+R88+S88+T88 -> 216 | Q88: 54 | R88: 54 | S88: 54 | T88: 54 | U88: =G88+H88 -> 662 | W88: 16
A89: Subventii din bugetele locale pentru finantarea cheltuielilor de capital din domeniul sanatatii | B89: 43.10.14 | C89: 0 | E89: =C89+D89 -> 0 | F89: =G89+H89+I89+J89 -> 0 | G89: 0 | H89: 0 | I89: 0 | J89: 0 | K89: 0 | L89: 0 | M89: 0 | N89: 0 | O89: 2 | P89: =Q89+R89+S89+T89 -> 0 | U89: =G89+H89 -> 0
A90: Subventii din bugetul local pentru finantarea camerelor agricole | B90: 43.10.15 | E90: =C90+D90 -> 0 | F90: =G90+H90+I90+J90 -> 0 | K90: 0 | L90: 0 | M90: 0 | N90: 0 | O90: 1
A91: Sume din bugetul de stat catre bugetele locale pentru finantarea investitiilor in sanatate (cod 43.10.16.01+43.10.16.02+43.10.16.03) | B91: 43.10.16 | C91: =C92+C93+C94 -> 0 | D91: =D92+D93+D94 -> 0 | E91: =E92+E93+E94 -> 0 | F91: =F92+F93+F94 -> 0 | G91: =G92+G93+G94 -> 0 | H91: =H92+H93+H94 -> 0 | I91: =I92+I93+I94 -> 0 | J91: =J92+J93+J94 -> 0 | ... N91: =N92+N93+N94 -> 0
A92: Sume din bugetul de stat catre bugetele locale pentru finantarea aparaturii medicale si echipamentelor de comunicatii in urgenta in sanatate | B92: 43.10.16.01 | C92: 0 | E92: =C92+D92 -> 0 | F92: =G92+H92+I92+J92 -> 0 | G92: 0 | H92: 0 | I92: 0 | J92: 0 | K92: 0 | L92: 0 | M92: 0 | N92: 0 | O92: 2
A93: Sume din bugetul de stat catre bugetele locale pentru finantarea reparatiilor capitale in sanatate | B93: 43.10.16.02 | E93: =C93+D93 -> 0 | F93: =G93+H93+I93+J93 -> 0 | K93: 0 | L93: 0 | M93: 0 | N93: 0 | O93: 2
A94: Sume din bugetul de stat catre bugetele locale pentru finatarea altor investitii in sanatate | B94: 43.10.16.03 | E94: =C94+D94 -> 0 | F94: =G94+H94+I94+J94 -> 0 | K94: 0 | L94: 0 | M94: 0 | N94: 0 | O94: 2
A95: Sume din veniturile proprii ale Ministerului Sanatatii catre bugetele locale pentru finatarea investitiilor in sanatate (cod 43.10.17.01+43.10.17.02+43.10.17.03) | B95: 43.10.17 | C95: =C96+C97+C98 -> 0 | D95: =D96+D97+D98 -> 0 | E95: =E96+E97+E98 -> 0 | F95: =F96+F97+F98 -> 0 | G95: =G96+G97+G98 -> 0 | H95: =H96+H97+H98 -> 0 | I95: =I96+I97+I98 -> 0 | J95: =J96+J97+J98 -> 0 | ... N95: =N96+N97+N98 -> 0
A96: Sume din veniturile proprii ale Ministerului Sanatatii catre bugetele locale pentru finantarea aparaturii medicale si echipamentelor de comunicatii in urgenta in sanatate | B96: 43.10.17.01 | E96: =C96+D96 -> 0 | F96: =G96+H96+I96+J96 -> 0 | K96: 0 | L96: 0 | M96: 0 | N96: 0 | O96: 2
A97: Sume din veniturile proprii ale Ministerului Sanatatii catre bugetele locale pentru finantarea reparatiilor capitale in sanatate | B97: 43.10.17.02 | E97: =C97+D97 -> 0 | F97: =G97+H97+I97+J97 -> 0 | K97: 0 | L97: 0 | M97: 0 | N97: 0 | O97: 2
A98: Sume din veniturile proprii ale Ministerului Sanatatii catre bugetele locale pentru finantarea altor investitii in sanatate | B98: 43.10.17.03 | E98: =C98+D98 -> 0 | F98: =G98+H98+I98+J98 -> 0 | K98: 0 | L98: 0 | M98: 0 | N98: 0 | O98: 2
A99: Subventii pentru institutiile publice destinate sectiunii de dezvoltare | B99: 43.10.19 | E99: =C99+D99 -> 0 | F99: =G99+H99+I99+J99 -> 0 | K99: 0 | L99: 0 | M99: 0 | N99: 0 | O99: 2
A100: Sume alocate din bugetul AFIR, pentru sustinerea proiectelor din PNDR 2014-2020 | B100: 43.10.31 | E100: =C100+D100 -> 0 | F100: =G100+H100+I100+J100 -> 0 | K100: 0 | L100: 0 | M100: 0 | N100: 0 | O100: 2 | U100: =G100+H100 -> 0
A101: Subventii din bugetul Fondului national unic de asigurari sociale de sanatate pentru acoperirea cresterilor salariale | B101: 43.10.33 | C101: 9362 | E101: =C101+D101 -> 9362 | F101: =G101+H101+I101+J101 -> 9362 | G101: 2250 | H101: 2340 | I101: 2432 | J101: 2340 | K101: 0 | L101: 11332 | M101: 11384 | N101: 11936 | O101: 1 | P101: =Q101+R101+S101+T101 -> 0 | U101: =G101+H101 -> 4590 | AC101: influente
A102: Sume alocate pentru stimulent de risc de la FNUASS | B102: 43.10.40 | C102: 0 | E102: =C102+D102 -> 0 | F102: =G102+H102+I102+J102 -> 0 | G102: 0 | H102: 0 | I102: 0 | J102: 0 | O102: 1 | P102: =Q102+R102+S102+T102 -> 0
...

Sheet TG. BUJOR 2025 mai
A1: SPITALUL ORĂŞENESC TG. BUJOR | C1: Ordonator principal de credite, | L1: Director executiv,
A2: Nr. Înregistrare.1455/07.05. 2025 | C2: Fotea Costel | H2: Director executiv, | L2: Stoica George
H3: Stoica George
A6: BUGETUL INSTITUŢIILOR PUBLCE ŞI ACTIVITĂŢILOR FINANŢATE INTEGRAL SAU PARŢIAL DIN VENITURI PROPRII, PE ANUL 2025
A7: HCJ nr.142/29.05.2025 | N7: -mii lei-
A8: DENUMIRE INDICATOR | B8: ARTICOL | C8: BUGET 2025 | L8: 2026 | M8: 2027 | N8: 2028 | AE8: rezidenti
C9: BUGET INITIAL | D9: INFLU ENTE | E9: BUGET FINAL | F9: TOTAL an | G9: TRIM. I | H9: TRIM. II | I9: TRIM. III | J9: TRIM. IV | K9: Din care credite bugetare destinate stingerii platilor restante | P9: total infl. | Q9: TRIM. I | R9: TRIM. II | S9: TRIM. III | T9: TRIM. IV | V9: TRIM. II | W9: TRIM. III | X9: TRIM. IV | AD9: TOTAL an | AE9: TRIM. I | AF9: TRIM. II | AG9: TRIM. III | AH9: TRIM. IV
A10: 1 | B10: 2 | C10: 3 | D10: 4 | E10: 5 | F10: 3 | G10: 4 | H10: 5 | I10: 5 | J10: 7 | K10: 11 | L10: 12 | M10: 13 | N10: 14 | Q10: 7 | R10: 8 | S10: 9 | T10: 10 | AD10: 3 | AE10: 4 | AF10: 5 | AG10: 5 | AH10: 7
A11: TOTAL VENITURI (cod 00.02+00.15+00.16+00.17+45.10+48.10) | B11: 00.01 | C11: =C12+C61+C65+C75+C103+C165 -> 17477.08 | D11: =D12+D61+D65+D75+D103+D165 -> 740 | E11: =E12+E61+E65+E75+E103+E165 -> 18217.08 | F11: =F12+F61+F65+F75+F103+F165 -> 18217.075 | G11: =G12+G61+G65+G75+G103+G165 -> 4223 | H11: =H12+H61+H65+H75+H103+H165 -> 5769.075 | I11: =I12+I61+I65+I75+I103+I165 -> 4345 | J11: =J12+J61+J65+J75+J103+J165 -> 3880 | ... X11: =X12+X61+X65+X75+X103+X165 -> 0
A12: I. VENITURI CURENTE (cod 00.03+00.12) | B12: 00.02 | C12: =C13+C18 -> 6116 | D12: =D13+D18 -> 600 | E12: =E13+E18 -> 6716 | F12: =F13+F18 -> 6716 | G12: =G13+G18 -> 1641 | H12: =H13+H18 -> 1660 | I12: =I13+I18 -> 1875 | J12: =J13+J18 -> 1540 | ... N12: =N13+N18 -> 6300 | P12: =Q12+R12+S12+T12 -> 0 | U12: =G12+H12 -> 3301
A13: A. VENITURI FISCALE (cod 00.10) | B13: 00.03 | C13: =C14 -> 0 | D13: =D14 -> 0 | E13: =E14 -> 0 | F13: =F14 -> 0 | G13: =G14 -> 0 | H13: =H14 -> 0 | I13: =I14 -> 0 | J13: =J14 -> 0 | ... N13: =N14 -> 0 | P13: =Q13+R13+S13+T13 -> 0
A14: A4. IMPOZITE SI TAXE PE BUNURI SI SERVICII (cod 15.10) | B14: 00.10 | C14: =C15 -> 0 | D14: =D15 -> 0 | E14: =E15 -> 0 | F14: =F15 -> 0 | G14: =G15 -> 0 | H14: =H15 -> 0 | I14: =I15 -> 0 | J14: =J15 -> 0 | ... N14: =N15 -> 0 | P14: =Q14+R14+S14+T14 -> 0
A15: Taxe pe servicii specifice (cod 15.10.01+15.10.50) | B15: 15.10 | C15: =C16+C17 -> 0 | D15: =D16+D17 -> 0 | E15: =E16+E17 -> 0 | F15: =F16+F17 -> 0 | G15: =G16+G17 -> 0 | H15: =H16+H17 -> 0 | I15: =I16+I17 -> 0 | J15: =J16+J17 -> 0 | ... N15: =N16+N17 -> 0
A16: Impozit pe spectacole | B16: 15.10.01 | E16: =C16+D16 -> 0 | F16: =G16+H16+I16+J16 -> 0 | K16: 0 | L16: 0 | M16: 0 | N16: 0 | O16: 1
A17: Alte taxe pe servicii specifice | B17: 15.10.50 | E17: =C17+D17 -> 0 | F17: =G17+H17+I17+J17 -> 0 | K17: 0 | L17: 0 | M17: 0 | N17: 0 | O17: 1
A18: C. VENITURI NEFISCALE (cod 00.13+00.14) | B18: 00.12 | C18: =C19+C30 -> 6116 | D18: =D19+D30 -> 600 | E18: =E19+E30 -> 6716 | F18: =F19+F30 -> 6716 | G18: =G19+G30 -> 1641 | H18: =H19+H30 -> 1660 | I18: =I19+I30 -> 1875 | J18: =J19+J30 -> 1540 | ... N18: =N19+N30 -> 6300
A19: C1. VENITURI DIN PROPRIETATE (cod 30.10+31.10) | B19: 00.13 | C19: =C20+C28 -> 0 | D19: =D20+D28 -> 0 | E19: =E20+E28 -> 0 | F19: =F20+F28 -> 0 | G19: =G20+G28 -> 0 | H19: =H20+H28 -> 0 | I19: =I20+I28 -> 0 | J19: =J20+J28 -> 0 | ... N19: =N20+N28 -> 0 | P19: =Q19+R19+S19+T19 -> 0
A20: Venituri din proprietate (cod 30.10.05+30.10.08+30.10.09+30.10.50) | B20: 30.10 | C20: =C21+C23+C26+C27 -> 0 | D20: =D21+D23+D26+D27 -> 0 | E20: =E21+E23+E26+E27 -> 0 | F20: =F21+F23+F26+F27 -> 0 | G20: =G21+G23+G26+G27 -> 0 | H20: =H21+H23+H26+H27 -> 0 | I20: =I21+I23+I26+I27 -> 0 | J20: =J21+J23+J26+J27 -> 0 | ... N20: =N21+N23+N26+N27 -> 0 | P20: =Q20+R20+S20+T20 -> 0
A21: Venituri din concesiuni si inchirieri (cod 30.10.05.30) | B21: 30.10.05 | C21: =C22 -> 0 | D21: =D22 -> 0 | E21: =E22 -> 0 | F21: =F22 -> 0 | G21: =G22 -> 0 | H21: =H22 -> 0 | I21: =I22 -> 0 | J21: =J22 -> 0 | ... N21: =N22 -> 0 | P21: =Q21+R21+S21+T21 -> 0
A22: Alte venituri din concesiuni si inchiriere de catre institutiile publice | B22: 30.10.05.30 | C22: 0 | E22: =C22+D22 -> 0 | F22: =G22+H22+I22+J22 -> 0 | G22: 0 | H22: 0 | I22: 0 | J22: 0 | K22: 0 | L22: 0 | M22: 0 | N22: 0 | O22: 1 | P22: =Q22+R22+S22+T22 -> 0
A23: Venituri din dividende (cod 30.10.08.02+30.10.08.03) | B23: 30.10.08 | C23: =C24+C25 -> 0 | D23: =D24+D25 -> 0 | E23: =E24+E25 -> 0 | F23: =F24+F25 -> 0 | G23: =G24+G25 -> 0 | H23: =H24+H25 -> 0 | I23: =I24+I25 -> 0 | J23: =J24+J25 -> 0 | ... N23: =N24+N25 -> 0
A24: Venituri din dividende de la alti platitori | B24: 30.10.08.02 | E24: =C24+D24 -> 0 | F24: =G24+H24+I24+J24 -> 0 | K24: 0 | L24: 0 | M24: 0 | N24: 0 | O24: 1
A25: Dividende de la societatile si companiile nationale si societatile cu capital majoritar de stat | B25: 30.10.08.03 | E25: =C25+D25 -> 0 | F25: =G25+H25+I25+J25 -> 0 | K25: 0 | L25: 0 | M25: 0 | N25: 0 | O25: 1
A26: Venituri din utilizarea pasunilor comunale | B26: 30.10.09 | E26: =C26+D26 -> 0 | F26: =G26+H26+I26+J26 -> 0 | K26: 0 | L26: 0 | M26: 0 | N26: 0 | O26: 1
A27: Alte venituri din proprietate | B27: 30.10.50 | E27: =C27+D27 -> 0 | F27: =G27+H27+I27+J27 -> 0 | K27: 0 | L27: 0 | M27: 0 | N27: 0 | O27: 1
A28: Venituri din dobanzi (cod 31.10.03) | B28: 31.10 | C28: =C29 -> 0 | D28: =D29 -> 0 | E28: =E29 -> 0 | F28: =F29 -> 0 | G28: =G29 -> 0 | H28: =H29 -> 0 | I28: =I29 -> 0 | J28: =J29 -> 0 | ... N28: =N29 -> 0
A29: Alte venituri din dobanzi | B29: 31.10.03 | E29: =C29+D29 -> 0 | F29: =G29+H29+I29+J29 -> 0 | K29: 0 | L29: 0 | M29: 0 | N29: 0 | O29: 1
A30: C2. VANZARI DE BUNURI SI SERVICII (cod 33.10+34.10+35.10+36.10+37.10) | B30: 00.14 | C30: =C31+C46+C48+C50+C56 -> 6116 | D30: =D31+D46+D48+D50+D56 -> 600 | E30: =E31+E46+E48+E50+E56 -> 6716 | F30: =F31+F46+F48+F50+F56 -> 6716 | G30: =G31+G46+G48+G50+G56 -> 1641 | H30: =H31+H46+H48+H50+H56 -> 1660 | I30: =I31+I46+I48+I50+I56 -> 1875 | J30: =J31+J46+J48+J50+J56 -> 1540 | ... N30: =N31+N46+N48+N50+N56 -> 6300 | P30: =Q30+R30+S30+T30 -> 0
A31: Venituri din prestari servicii si alte activitati (cod 33.10.05+33.10.08+33.10.09+33.10.13+33.10.14+33.10.16+33.10.17+33.10.19+33.10.20+33.10.21+33.10.30 la 33.10.32+33.10.50) | B31: 33.10 | C31: =C32+C33+C34+C35+C36+C37+C38+C39+C40+C41+C42+C43+C44+C45 -> 6116 | D31: =D32+D33+D34+D35+D36+D37+D38+D39+D40+D41+D42+D43+D44+D45 -> 600 | E31: =E32+E33+E34+E35+E36+E37+E38+E39+E40+E41+E42+E43+E44+E45 -> 6716 | F31: =F32+F33+F34+F35+F36+F37+F38+F39+F40+F41+F42+F43+F44+F45 -> 6716 | G31: =G32+G33+G34+G35+G36+G37+G38+G39+G40+G41+G42+G43+G44+G45 -> 1641 | H31: =H32+H33+H34+H35+H36+H37+H38+H39+H40+H41+H42+H43+H44+H45 -> 1660 | I31: =I32+I33+I34+I35+I36+I37+I38+I39+I40+I41+I42+I43+I44+I45 -> 1875 | J31: =J32+J33+J34+J35+J36+J37+J38+J39+J40+J41+J42+J43+J44+J45 -> 1540 | ... X31: =X32+X33+X34+X35+X36+X37+X38+X39+X40+X41+X42+X43+X44+X45 -> #VALUE!
A32: Taxe si alte venituri in invatamant | B32: 33.10.05 | E32: =C32+D32 -> 0 | F32: =G32+H32+I32+J32 -> 0 | K32: 0 | L32: 0 | M32: 0 | N32: 0 | O32: 1 | Q32: 0
A33: Venituri din prestari de servicii | B33: 33.10.08 | C33: 164 | D33: 45 | E33: =C33+D33 -> 209 | F33: =G33+H33+I33+J33 -> 209 | G33: 40 | H33: 60 | I33: 50 | J33: 59 | K33: 0 | L33: 0 | M33: 0 | N33: 0 | O33: 1 | P33: =Q33+R33+S33+T33 -> 0 | U33: =G33+H33 -> 100 | AC33: vp | AD33: =AE33+AF33+AG33+AH33 -> 209 | AE33: 40 | AF33: 60 | AG33: 50 | AH33: 59
A34: Taxe si alte venituri din protectia mediului | B34: 33.10.09 | E34: =C34+D34 -> 0 | F34: =G34+H34+I34+J34 -> 0 | K34: 0 | L34: 0 | M34: 0 | N34: 0 | O34: 1 | T34: 4920 | U34: -280
A35: Contributia de intretinere a persoanelor asistate | B35: 33.10.13 | E35: =C35+D35 -> 0 | F35: =G35+H35+I35+J35 -> 0 | K35: 0 | L35: 0 | M35: 0 | N35: 0 | O35: 1 | T35: 667 | U35: -33
A36: Contributia elevilor si studentilor pentru internate, camine si cantine | B36: 33.10.14 | E36: =C36+D36 -> 0 | F36: =G36+H36+I36+J36 -> 0 | K36: 0 | L36: 0 | M36: 0 | N36: 0 | O36: 1 | U36: -353
A37: Venituri din valorificarea produselor obtinute din activitatea proprie sau anexa | B37: 33.10.16 | E37: =C37+D37 -> 0 | F37: =G37+H37+I37+J37 -> 0 | K37: 0 | L37: 0 | M37: 0 | N37: 0 | O37: 1
A38: Venituri din organizarea de cursuri de calificare si conversie profesionala, specializare si perfectionare | B38: 33.10.17 | E38: =C38+D38 -> 0 | F38: =G38+H38+I38+J38 -> 0 | K38: 0 | L38: 0 | M38: 0 | N38: 0 | O38: 1
A39: Venituri din serbari si spectacole scolare, manifestari culturale, artistice si sportive | B39: 33.10.19 | E39: =C39+D39 -> 0 | F39: =G39+H39+I39+J39 -> 0 | K39: 0 | L39: 0 | M39: 0 | N39: 0 | O39: 1
A40: Venituri din cercetare | B40: 33.10.20 | E40: =C40+D40 -> 0 | F40: =G40+H40+I40+J40 -> 0 | K40: 0 | L40: 0 | M40: 0 | N40: 0 | O40: 1
A41: Venituri din contractele incheiate cu casele de asigurari sociale de sanatate | B41: 33.10.21 | C41: 5126 | D41: 300 | E41: =C41+D41 -> 5426 | F41: =G41+H41+I41+J41 -> 5426 | G41: 1300 | H41: 1300 | I41: 1600 | J41: 1226 | K41: 0 | L41: 6200 | M41: 6250 | N41: 6300 | O41: 1 | P41: =Q41+R41+S41+T41 -> 0 | U41: =G41+H41 -> 2600
A42: Venituri din contractele incheiate cu DSP din sume alocate de la bugetul de stat | B42: 33.10.30 | C42: 825 | D42: 255 | E42: =C42+D42 -> 1080 | F42: =G42+H42+I42+J42 -> 1080 | G42: 300 | H42: 300 | I42: 225 | J42: 255 | K42: 0 | L42: 0 | M42: 0 | N42: 0 | O42: 1 | P42: =Q42+R42+S42+T42 -> 0 | U42: =G42+H42 -> 600 | AC42: rezid | AD42: =AE42+AF42+AG42+AH42 -> 1080 | AE42: 300 | AF42: 300 | AG42: 225 | AH42: 255
A43: Venituri din contractele incheiate cu directiile de sanatate publica din sume alocate din veniturile proprii ale Ministerului Sanatatii | B43: 33.10.31 | E43: =C43+D43 -> 0 | F43: =G43+H43+I43+J43 -> 0 | K43: 0 | L43: 0 | M43: 0 | N43: 0 | O43: 1
A44: Venituri din contractele incheiate cu institutiile de medicina legala | B44: 33.10.32 | E44: =C44+D44 -> 0 | F44: =G44+H44+I44+J44 -> 0 | K44: 0 | L44: 0 | M44: 0 | N44: 0 | O44: 1
A45: Alte venituri din prestari de servicii si alte activitati | B45: 33.10.50 | C45: 1 | E45: =C45+D45 -> 1 | F45: =G45+H45+I45+J45 -> 1 | G45: 1 | H45: 0 | I45: 0 | J45: 0 | K45: 0 | L45: 0 | M45: 0 | N45: 0 | O45: 1 | P45: =Q45+R45+S45+T45 -> 0
A46: Venituri din taxe administrative, eliberari permise (cod 34.10.50) | B46: 34.10 | C46: =C47 -> 0 | D46: =D47 -> 0 | E46: =E47 -> 0 | F46: =F47 -> 0 | G46: =G47 -> 0 | H46: =H47 -> 0 | I46: =I47 -> 0 | J46: =J47 -> 0 | ... N46: =N47 -> 0
A47: Alte venituri din taxe administrative, eliberari permise | B47: 34.10.50 | E47: =C47+D47 -> 0 | F47: =G47+H47+I47+J47 -> 0 | K47: 0 | L47: 0 | M47: 0 | N47: 0 | O47: 1
A48: Amenzi, penalitati si confiscari (cod 35.10.50) | B48: 35.10 | C48: =C49 -> 0 | D48: =D49 -> 0 | E48: =E49 -> 0 | F48: =F49 -> 0 | G48: =G49 -> 0 | H48: =H49 -> 0 | I48: =I49 -> 0 | J48: =J49 -> 0 | ... N48: =N49 -> 0
A49: Alte amenzi, penalitati si confiscari | B49: 35.10.50 | E49: =C49+D49 -> 0 | F49: =G49+H49+I49+J49 -> 0 | K49: 0 | L49: 0 | M49: 0 | N49: 0 | O49: 1
A50: Diverse venituri (cod 36.10.04+36.10.32+36.10.50) | B50: 36.10 | C50: =C51+C52+C55 -> 0 | D50: =D51+D52+D55 -> 0 | E50: =E51+E52+E55 -> 0 | F50: =F51+F52+F55 -> 0 | G50: =G51+G52+G55 -> 0 | H50: =H51+H52+H55 -> 0 | I50: =I51+I52+I55 -> 0 | J50: =J51+J52+J55 -> 0 | ... N50: =N51+N52+N55 -> 0
A51: Venituri din producerea riscurilor asigurate | B51: 36.10.04 | E51: =C51+D51 -> 0 | F51: =G51+H51+I51+J51 -> 0 | K51: 0 | L51: 0 | M51: 0 | N51: 0 | O51: 1
A52: Sume provenite din finantarea bugetara a anilor precedenti (cod 36.10.32.02+36.10.32.03) | B52: 36.10.32 | C52: =C53+C54 -> 0 | D52: =D53+D54 -> 0 | E52: =E53+E54 -> 0 | F52: =F53+F54 -> 0 | G52: =G53+G54 -> 0 | H52: =H53+H54 -> 0 | I52: =I53+I54 -> 0 | J52: =J53+J54 -> 0 | ... N52: =N53+N54 -> 0
A53: Sume provenite din finantarea bugetara a anilor precedenti, aferente sectiunii de dezvoltare | B53: 36.10.32.02 | E53: =C53+D53 -> 0 | F53: =G53+H53+I53+J53 -> 0 | K53: 0 | L53: 0 | M53: 0 | N53: 0 | O53: 2
A54: Sume provenite din finantarea bugetara a anilor precedenti, aferente sectiunii de functionare | B54: 36.10.32.03 | E54: =C54+D54 -> 0 | F54: =G54+H54+I54+J54 -> 0 | K54: 0 | L54: 0 | M54: 0 | N54: 0 | O54: 1
A55: Alte venituri | B55: 36.10.50 | E55: =C55+D55 -> 0 | F55: =G55+H55+I55+J55 -> 0 | K55: 0 | L55: 0 | M55: 0 | N55: 0 | O55: 1
A56: Transferuri voluntare, altele decat subventiile (cod 37.10.01+37.10.03+37.10.04+37.10.50) | B56: 37.10 | C56: =C57+C58+C59+C60 -> 0 | E56: =E57+E58+E59+E60 -> 0 | F56: =F57+F58+F59+F60 -> 0 | G56: =G57+G58+G59+G60 -> 0 | H56: =H57+H58+H59+H60 -> 0 | I56: =I57+I58+I59+I60 -> 0 | J56: =J57+J58+J59+J60 -> 0 | K56: =K57+K58+K59+K60 -> 15 | L56: =L57+L58+L59+L60 -> 0 | ... N56: =N57+N58+N59+N60 -> 0 | P56: =Q56+R56+S56+T56 -> 0
A57: Donatii si sponsorizari | B57: 37.10.01 | E57: =C57+D57 -> 0 | F57: =G57+H57+I57+J57 -> 0 | K57: 0 | L57: 0 | M57: 0 | N57: 0 | O57: 1
A58: Varsaminte din sectiunea de functionare pentru finantarea sectiunii de dezvoltare a bugetului local (cu semnul minus) | B58: 37.10.03 | C58: 0 | E58: =C58+D58 -> 0 | F58: =G58+H58+I58+J58 -> 0 | G58: 0 | H58: 0 | I58: 0 | J58: 0 | K58: 0 | L58: 0 | M58: 0 | N58: 0 | O58: 1 | P58: =Q58+R58+S58+T58 -> 0 | U58: =G58+H58 -> 0
A59: Varsaminte din sectiunea de functionare | B59: 37.10.04 | C59: 0 | E59: 0 | F59: =G59+H59+I59+J59 -> 0 | G59: 0 | H59: 0 | I59: 0 | J59: 0 | K59: 15 | L59: 0 | M59: 0 | N59: 0 | O59: 2 | P59: =Q59+R59+S59+T59 -> 0 | U59: =G59+H59 -> 0
A60: Alte transferuri voluntare | B60: 37.10.50 | E60: =C60+D60 -> 0 | F60: =G60+H60+I60+J60 -> 0 | K60: 0 | L60: 0 | M60: 0 | N60: 0 | O60: 1
A61: II. VENITURI DIN CAPITAL (cod 39.10) | B61: 00.15 | C61: =C62 -> 0 | D61: =D62 -> 0 | E61: =E62 -> 0 | F61: =F62 -> 0 | G61: =G62 -> 0 | H61: =H62 -> 0 | I61: =I62 -> 0 | J61: =J62 -> 0 | ... N61: =N62 -> 0
A62: Venituri din valorificarea unor bunuri (cod 39.10.01+39.10.50) | B62: 39.10 | C62: =C63+C64 -> 0 | D62: =D63+D64 -> 0 | E62: =E63+E64 -> 0 | F62: =F63+F64 -> 0 | G62: =G63+G64 -> 0 | H62: =H63+H64 -> 0 | I62: =I63+I64 -> 0 | J62: =J63+J64 -> 0 | ... N62: =N63+N64 -> 0
A63: Venituri din valorificarea unor bunuri ale institutiilor publice | B63: 39.10.01 | E63: =C63+D63 -> 0 | F63: =G63+H63+I63+J63 -> 0 | K63: 0 | L63: 0 | M63: 0 | N63: 0 | O63: 2
A64: Alte venituri din valorificarea unor bunuri | B64: 39.10.50 | E64: =C64+D64 -> 0 | F64: =G64+H64+I64+J64 -> 0 | K64: 0 | L64: 0 | M64: 0 | N64: 0 | O64: 2
A65: III. OPERATIUNI FINANCIARE (cod 40.10+41.10) | B65: 00.16 | C65: =C66+C71 -> 0 | D65: =D66+D71 -> 0 | E65: =E66+E71 -> 0 | F65: =F66+F71 -> 0 | G65: =G66+G71 -> 0 | H65: =H66+H71 -> 0 | I65: =I66+I71 -> 0 | J65: =J66+J71 -> 0 | ... N65: =N66+N71 -> 0
A66: Incasari din rambursarea imprumuturilor acordate (cod 40.10.15+40.10.16) | B66: 40.10 | C66: =C67+C70 -> 0 | D66: =D67+D70 -> 0 | E66: =E67+E70 -> 0 | F66: =F67+F70 -> 0 | G66: =G67+G70 -> 0 | H66: =H67+H70 -> 0 | I66: =I67+I70 -> 0 | J66: =J67+J70 -> 0 | ... N66: =N67+N70 -> 0
A67: Sume utilizate din excedentul anului precedent pentru efectuarea de cheltuieli (cod 40.10.15.01+40.10.15.02) | B67: 40.10.15 | C67: =C68+C69 -> 0 | D67: =D68+D69 -> 0 | E67: =E68+E69 -> 0 | F67: =F68+F69 -> 0 | G67: =G68+G69 -> 0 | H67: =H68+H69 -> 0 | I67: =I68+I69 -> 0 | J67: =J68+J69 -> 0 | ... N67: =N68+N69 -> 0
A68: Sume utilizate de administratiile locale din excedentul anului precedent pentru sectiunea de functionare | B68: 40.10.15.01 | E68: =C68+D68 -> 0 | F68: =G68+H68+I68+J68 -> 0 | K68: 0 | L68: 0 | M68: 0 | N68: 0 | O68: 1
A69: Sume utilizate de administratiile locale din excedentul anului precedent pentru sectiunea de dezvoltare | B69: 40.10.15.02 | E69: =C69+D69 -> 0 | F69: =G69+H69+I69+J69 -> 0 | K69: 0 | L69: 0 | M69: 0 | N69: 0 | O69: 2
A70: Sume primite in cadrul mecanismului decontarii cererilor de plata | B70: 40.10.16 | E70: =C70+D70 -> 0 | F70: =G70+H70+I70+J70 -> 0 | K70: 0 | L70: 0 | M70: 0 | N70: 0 | O70: 2
A71: Alte operatiuni financiare (cod. 41.10.06+41.10.11) | B71: 41.10 | C71: =C72+C73+C74 -> 0 | D71: =D72+D73+D74 -> 0 | E71: =E72+E73+E74 -> 0 | F71: =F72+F73+F74 -> 0 | G71: =G72+G73+G74 -> 0 | H71: =H72+H73+H74 -> 0 | I71: =I72+I73+I74 -> 0 | J71: =J72+J73+J74 -> 0 | ... N71: =N72+N73+N74 -> 0
A72: Sume din excedentul anului precedent pentru acoperirea golurilor temporare de casa | B72: 41.10.06 | E72: =C72+D72 -> 0 | F72: =G72+H72+I72+J72 -> 0 | K72: 0 | L72: 0 | M72: 0 | N72: 0 | O72: 1 | P72: =Q72+R72+S72+T72 -> 0
A73: Imprumuturi de la bugetul local | B73: 41.10.11 | E73: =C73+D73 -> 0 | F73: =G73+H73+I73+J73 -> 0 | K73: 0 | L73: 0 | M73: 0 | N73: 0 | O73: 1
A74: Sume alocate din Fondul de Dezvoltare si Investitii | B74: 41.10.14 | E74: =C74+D74 -> 0 | F74: =G74+H74+I74+J74 -> 0 | K74: 0 | L74: 0 | M74: 0 | N74: 0 | O74: 2
A75: IV. SUBVENTII (cod 00.18) | B75: 00.17 | C75: =C76 -> 11361.08 | D75: =D76 -> 140 | E75: =E76 -> 11501.08 | F75: =F76 -> 11501.075 | G75: =G76 -> 2582 | H75: =H76 -> 4109.075 | I75: =I76 -> 2470 | J75: =J76 -> 2340 | ... N75: =N76 -> 11936 | P75: =Q75+R75+S75+T75 -> 0 | U75: =G75+H75 -> 6691.075
A76: SUBVENTII DE LA ALTE NIVELE ALE ADMINISTRATIEI PUBLICE (cod 42.10+43.10) | B76: 00.18 | C76: =C77+C82+C86 -> 11361.08 | D76: =D77+D82+D86 -> 140 | E76: =E77+E82+E86 -> 11501.08 | F76: =F77+F82+F86 -> 11501.075 | G76: =G77+G82+G86 -> 2582 | H76: =H77+H82+H86 -> 4109.075 | I76: =I77+I82+I86 -> 2470 | J76: =J77+J82+J86 -> 2340 | K76: =K77+K86 -> 0 | L76: =L77+L86 -> 11332 | M76: =M77+M86 -> 11384 | N76: =N77+N86 -> 11936 | P76: =Q76+R76+S76+T76 -> 0
A77: Subventii de la bugetul de stat (cod 42.10.11+42.10.39+42.10.43+42.10.62+42.10.70) | B77: 42.10 | C77: =C81 -> 0 | E77: =E81 -> 0 | F77: =F81 -> 0 | G77: =G81 -> 0 | H77: =H81 -> 0 | I77: =I81 -> 0 | J77: =J81 -> 0 | K77: =K78+K79+K80+K84+K85 -> 0 | L77: =L78+L79+L80+L84+L85 -> 0 | M77: =M78+M79+M80+M84+M85 -> 0 | N77: =N78+N79+N80+N84+N85 -> 0 | P77: =Q77+R77+S77+T77 -> 0
A78: Subventii de la bugetul de stat pentru spitale | B78: 42.10.11 | E78: =C78+D78 -> 0 | F78: =G78+H78+I78+J78 -> 0 | K78: 0 | L78: 0 | M78: 0 | N78: 0 | O78: 1
A79: Subventii de la bugetul de stat catre institutii publice finantate partial sau integral din venituri proprii pentru proiecte finantate din FEN postaderare | B79: 42.10.39 | E79: =C79+D79 -> 0 | F79: =G79+H79+I79+J79 -> 0 | K79: 0 | L79: 0 | M79: 0 | N79: 0 | O79: 2
A80: Sume primite de institutiile publice si activitatile finantate integral sau partial din venituri proprii in cadrul programelor FEGA implementate de APIA | B80: 42.10.43 | E80: =C80+D80 -> 0 | F80: =G80+H80+I80+J80 -> 0 | K80: 0 | L80: 0 | M80: 0 | N80: 0 | O80: 1
A81: Sume alocate pentru stimulent de risc de la bugetul de stat | B81: 42.10.82 | C81: 0 | D81: 0 | E81: 0 | F81: 0 | G81: 0 | H81: 0 | I81: 0 | J81: 0
A82: Alocari sume din PNRR aferente asistentei financiare nerambursabile | B82: 42.88 | C82: 1439.08 | E82: =C82+D82 -> 1439.08 | F82: =G82+H82+I82+J82 -> 1439.075 | G82: =G83+G84 -> 0 | H82: =H83+H84 -> 1439.075 | I82: =I83+I84 -> 0 | J82: =J83+J84 -> 0 | U82: =G82+H82 -> 1439.075
A83: Fonduri europene nerambursabile | B83: 42.88.01 | C83: 1209.31 | E83: =C83+D83 -> 1209.31 | F83: =G83+H83+I83+J83 -> 1209.307 | G83: 0 | H83: 1209.307 | I83: 0 | J83: 0 | U83: =G83+H83 -> 1209.307
A84: Sume aferente TVA | B84: 42.88.03 | C84: 229.77 | E84: =C84+D84 -> 229.77 | F84: =G84+H84+I84+J84 -> 229.768 | G84: 0 | H84: 229.768 | I84: 0 | J84: 0 | K84: 0 | L84: 0 | M84: 0 | N84: 0 | O84: 1 | P84: =Q84+R84+S84+T84 -> 0 | U84: =G84+H84 -> 229.768
A85: Subventii de la bugetul d stat catre institutii publice finantate partial sau integral din venituri proprii necesare sustinerii derularii proiectelor finantate din fonduri externe nerambursabile (FEN) postaderare aferente perioadei de programe 2014-2020 | B85: 42.10.70 | E85: =C85+D85 -> 0 | F85: =G85+H85+I85+J85 -> 0 | K85: 0 | L85: 0 | M85: 0 | N85: 0 | O85: 2
A86: Subventii de la alte administratii (cod 43.10.09+43.10.10+43.10.14+43.10.15+43.10.16+43.10.17+43.10.19+43.10.31+43.10.33) | B86: 43.10 | C86: =C87+C88+C89+C90+C91+C95+C99+C100+C101+C102 -> 9922 | D86: =D87+D88+D89+D90+D91+D95+D99+D100+D101+D102 -> 140 | E86: =E87+E88+E89+E90+E91+E95+E99+E100+E101+E102 -> 10062 | F86: =F87+F88+F89+F90+F91+F95+F99+F100+F101+F102 -> 10062 | G86: =G87+G88+G89+G90+G91+G95+G99+G100+G101+G102 -> 2582 | H86: =H87+H88+H89+H90+H91+H95+H99+H100+H101+H102 -> 2670 | I86: =I87+I88+I89+I90+I91+I95+I99+I100+I101+I102 -> 2470 | J86: =J87+J88+J89+J90+J91+J95+J99+J100+J101+J102 -> 2340 | ... N86: =N87+N88+N89+N90+N91+N95+N99+N100+N101+N102 -> 11936 | P86: =Q86+R86+S86+T86 -> 0 | U86: =G86+H86 -> 5252
A87: Subventii pentru institutii publice | B87: 43.10.09 | E87: =C87+D87 -> 0 | F87: =G87+H87+I87+J87 -> 0 | K87: 0 | L87: 0 | M87: 0 | N87: 0 | O87: 1
A88: Subventii din bugetele locale pentru finantarea cheltuielilor curente din domeniul sanatatii | B88: 43.10.10 | C88: 700 | E88: =C88+D88 -> 700 | F88: =G88+H88+I88+J88 -> 700 | G88: 332 | H88: 330 | I88: 38 | K88: 0 | L88: 0 | M88: 0 | N88: 0 | O88: 1 | P88: =Q88+R88+S88+T88 -> 216 | Q88: 54 | R88: 54 | S88: 54 | T88: 54 | U88: =G88+H88 -> 662 | W88: 16
A89: Subventii din bugetele locale pentru finantarea cheltuielilor de capital din domeniul sanatatii | B89: 43.10.14 | C89: 0 | E89: =C89+D89 -> 0 | F89: =G89+H89+I89+J89 -> 0 | G89: 0 | H89: 0 | I89: 0 | J89: 0 | K89: 0 | L89: 0 | M89: 0 | N89: 0 | O89: 2 | P89: =Q89+R89+S89+T89 -> 0 | U89: =G89+H89 -> 0
A90: Subventii din bugetul local pentru finantarea camerelor agricole | B90: 43.10.15 | E90: =C90+D90 -> 0 | F90: =G90+H90+I90+J90 -> 0 | K90: 0 | L90: 0 | M90: 0 | N90: 0 | O90: 1
A91: Sume din bugetul de stat catre bugetele locale pentru finantarea investitiilor in sanatate (cod 43.10.16.01+43.10.16.02+43.10.16.03) | B91: 43.10.16 | C91: =C92+C93+C94 -> 0 | D91: =D92+D93+D94 -> 0 | E91: =E92+E93+E94 -> 0 | F91: =F92+F93+F94 -> 0 | G91: =G92+G93+G94 -> 0 | H91: =H92+H93+H94 -> 0 | I91: =I92+I93+I94 -> 0 | J91: =J92+J93+J94 -> 0 | ... N91: =N92+N93+N94 -> 0
A92: Sume din bugetul de stat catre bugetele locale pentru finantarea aparaturii medicale si echipamentelor de comunicatii in urgenta in sanatate | B92: 43.10.16.01 | C92: 0 | E92: =C92+D92 -> 0 | F92: =G92+H92+I92+J92 -> 0 | G92: 0 | H92: 0 | I92: 0 | J92: 0 | K92: 0 | L92: 0 | M92: 0 | N92: 0 | O92: 2
A93: Sume din bugetul de stat catre bugetele locale pentru finantarea reparatiilor capitale in sanatate | B93: 43.10.16.02 | E93: =C93+D93 -> 0 | F93: =G93+H93+I93+J93 -> 0 | K93: 0 | L93: 0 | M93: 0 | N93: 0 | O93: 2
A94: Sume din bugetul de stat catre bugetele locale pentru finatarea altor investitii in sanatate | B94: 43.10.16.03 | E94: =C94+D94 -> 0 | F94: =G94+H94+I94+J94 -> 0 | K94: 0 | L94: 0 | M94: 0 | N94: 0 | O94: 2
A95: Sume din veniturile proprii ale Ministerului Sanatatii catre bugetele locale pentru finatarea investitiilor in sanatate (cod 43.10.17.01+43.10.17.02+43.10.17.03) | B95: 43.10.17 | C95: =C96+C97+C98 -> 0 | D95: =D96+D97+D98 -> 0 | E95: =E96+E97+E98 -> 0 | F95: =F96+F97+F98 -> 0 | G95: =G96+G97+G98 -> 0 | H95: =H96+H97+H98 -> 0 | I95: =I96+I97+I98 -> 0 | J95: =J96+J97+J98 -> 0 | ... N95: =N96+N97+N98 -> 0
A96: Sume din veniturile proprii ale Ministerului Sanatatii catre bugetele locale pentru finantarea aparaturii medicale si echipamentelor de comunicatii in urgenta in sanatate | B96: 43.10.17.01 | E96: =C96+D96 -> 0 | F96: =G96+H96+I96+J96 -> 0 | K96: 0 | L96: 0 | M96: 0 | N96: 0 | O96: 2
A97: Sume din veniturile proprii ale Ministerului Sanatatii catre bugetele locale pentru finantarea reparatiilor capitale in sanatate | B97: 43.10.17.02 | E97: =C97+D97 -> 0 | F97: =G97+H97+I97+J97 -> 0 | K97: 0 | L97: 0 | M97: 0 | N97: 0 | O97: 2
A98: Sume din veniturile proprii ale Ministerului Sanatatii catre bugetele locale pentru finantarea altor investitii in sanatate | B98: 43.10.17.03 | E98: =C98+D98 -> 0 | F98: =G98+H98+I98+J98 -> 0 | K98: 0 | L98: 0 | M98: 0 | N98: 0 | O98: 2
A99: Subventii pentru institutiile publice destinate sectiunii de dezvoltare | B99: 43.10.19 | E99: =C99+D99 -> 0 | F99: =G99+H99+I99+J99 -> 0 | K99: 0 | L99: 0 | M99: 0 | N99: 0 | O99: 2
A100: Sume alocate din bugetul AFIR, pentru sustinerea proiectelor din PNDR 2014-2020 | B100: 43.10.31 | E100: =C100+D100 -> 0 | F100: =G100+H100+I100+J100 -> 0 | K100: 0 | L100: 0 | M100: 0 | N100: 0 | O100: 2 | U100: =G100+H100 -> 0
A101: Subventii din bugetul Fondului national unic de asigurari sociale de sanatate pentru acoperirea cresterilor salariale | B101: 43.10.33 | C101: 9222 | D101: 140 | E101: =C101+D101 -> 9362 | F101: =G101+H101+I101+J101 -> 9362 | G101: 2250 | H101: 2340 | I101: 2432 | J101: 2340 | K101: 0 | L101: 11332 | M101: 11384 | N101: 11936 | O101: 1 | P101: =Q101+R101+S101+T101 -> 0 | U101: =G101+H101 -> 4590 | AC101: influente | AD101: =AE101+AF101+AG101+AH101 -> 9362 | AE101: 2250 | AF101: 2340 | AG101: 2432 | AH101: 2340
A102: Sume alocate pentru stimulent de risc de la FNUASS | B102: 43.10.40 | C102: 0 | E102: =C102+D102 -> 0 | F102: =G102+H102+I102+J102 -> 0 | G102: 0 | H102: 0 | I102: 0 | J102: 0 | O102: 1 | P102: =Q102+R102+S102+T102 -> 0
...

Sheet TG. BUJOR 2025 (2)
A1: SPITALUL ORĂŞENESC TG. BUJOR | C1: Ordonator principal de credite, | L1: Director executiv,
A2: Nr. Înregistrare. 425 din 05.02.2025 | C2: Fotea Costel | F2: Fotea Costel | L2: Stoica George
A6: BUGETUL INSTITUŢIILOR PUBLCE ŞI ACTIVITĂŢILOR FINANŢATE INTEGRAL SAU PARŢIAL DIN VENITURI PROPRII, PE ANUL 2025
A7: HCJ nr.71/25.03.2025 | N7: -mii lei-
A8: DENUMIRE INDICATOR | B8: ARTICOL | C8: BUGET 2025 | L8: 2026 | M8: 2027 | N8: 2028 | AE8: rezidenti
C9: BUGET INITIAL | D9: INFLU ENTE | E9: BUGET FINAL | F9: TOTAL an | G9: TRIM. I | H9: TRIM. II | I9: TRIM. III | J9: TRIM. IV | K9: Din care credite bugetare destinate stingerii platilor restante | P9: total infl. | Q9: TRIM. I | R9: TRIM. II | S9: TRIM. III | T9: TRIM. IV | V9: TRIM. II | W9: TRIM. III | X9: TRIM. IV | AD9: TOTAL an | AE9: TRIM. I | AF9: TRIM. II | AG9: TRIM. III | AH9: TRIM. IV
A10: 1 | B10: 2 | C10: 3 | D10: 4 | E10: 5 | F10: 3 | G10: 4 | H10: 5 | I10: 5 | J10: 7 | K10: 11 | L10: 12 | M10: 13 | N10: 14 | Q10: 7 | R10: 8 | S10: 9 | T10: 10 | AD10: 3 | AE10: 4 | AF10: 5 | AG10: 5 | AH10: 7
A11: TOTAL VENITURI (cod 00.02+00.15+00.16+00.17+45.10+48.10) | B11: 00.01 | C11: =C12+C61+C65+C75+C103+C165 -> 17772.08 | D11: =D12+D61+D65+D75+D103+D165 -> 0 | E11: =E12+E61+E65+E75+E103+E165 -> 17772.08 | F11: =F12+F61+F65+F75+F103+F165 -> 17477.075 | G11: =G12+G61+G65+G75+G103+G165 -> 4223 | H11: =H12+H61+H65+H75+H103+H165 -> 5661.075 | I11: =I12+I61+I65+I75+I103+I165 -> 4037 | J11: =J12+J61+J65+J75+J103+J165 -> 3556 | ... X11: =X12+X61+X65+X75+X103+X165 -> 0
A12: I. VENITURI CURENTE (cod 00.03+00.12) | B12: 00.02 | C12: =C13+C18 -> 6151 | D12: =D13+D18 -> 0 | E12: =E13+E18 -> 6151 | F12: =F13+F18 -> 6116 | G12: =G13+G18 -> 1641 | H12: =H13+H18 -> 1642 | I12: =I13+I18 -> 1567 | J12: =J13+J18 -> 1266 | ... N12: =N13+N18 -> 6300 | P12: =Q12+R12+S12+T12 -> 0 | U12: =G12+H12 -> 3283
A13: A. VENITURI FISCALE (cod 00.10) | B13: 00.03 | C13: =C14 -> 0 | D13: =D14 -> 0 | E13: =E14 -> 0 | F13: =F14 -> 0 | G13: =G14 -> 0 | H13: =H14 -> 0 | I13: =I14 -> 0 | J13: =J14 -> 0 | ... N13: =N14 -> 0 | P13: =Q13+R13+S13+T13 -> 0
A14: A4. IMPOZITE SI TAXE PE BUNURI SI SERVICII (cod 15.10) | B14: 00.10 | C14: =C15 -> 0 | D14: =D15 -> 0 | E14: =E15 -> 0 | F14: =F15 -> 0 | G14: =G15 -> 0 | H14: =H15 -> 0 | I14: =I15 -> 0 | J14: =J15 -> 0 | ... N14: =N15 -> 0 | P14: =Q14+R14+S14+T14 -> 0
A15: Taxe pe servicii specifice (cod 15.10.01+15.10.50) | B15: 15.10 | C15: =C16+C17 -> 0 | D15: =D16+D17 -> 0 | E15: =E16+E17 -> 0 | F15: =F16+F17 -> 0 | G15: =G16+G17 -> 0 | H15: =H16+H17 -> 0 | I15: =I16+I17 -> 0 | J15: =J16+J17 -> 0 | ... N15: =N16+N17 -> 0
A16: Impozit pe spectacole | B16: 15.10.01 | E16: =C16+D16 -> 0 | F16: =G16+H16+I16+J16 -> 0 | K16: 0 | L16: 0 | M16: 0 | N16: 0 | O16: 1
A17: Alte taxe pe servicii specifice | B17: 15.10.50 | E17: =C17+D17 -> 0 | F17: =G17+H17+I17+J17 -> 0 | K17: 0 | L17: 0 | M17: 0 | N17: 0 | O17: 1
A18: C. VENITURI NEFISCALE (cod 00.13+00.14) | B18: 00.12 | C18: =C19+C30 -> 6151 | D18: =D19+D30 -> 0 | E18: =E19+E30 -> 6151 | F18: =F19+F30 -> 6116 | G18: =G19+G30 -> 1641 | H18: =H19+H30 -> 1642 | I18: =I19+I30 -> 1567 | J18: =J19+J30 -> 1266 | ... N18: =N19+N30 -> 6300
A19: C1. VENITURI DIN PROPRIETATE (cod 30.10+31.10) | B19: 00.13 | C19: =C20+C28 -> 0 | D19: =D20+D28 -> 0 | E19: =E20+E28 -> 0 | F19: =F20+F28 -> 0 | G19: =G20+G28 -> 0 | H19: =H20+H28 -> 0 | I19: =I20+I28 -> 0 | J19: =J20+J28 -> 0 | ... N19: =N20+N28 -> 0 | P19: =Q19+R19+S19+T19 -> 0
A20: Venituri din proprietate (cod 30.10.05+30.10.08+30.10.09+30.10.50) | B20: 30.10 | C20: =C21+C23+C26+C27 -> 0 | D20: =D21+D23+D26+D27 -> 0 | E20: =E21+E23+E26+E27 -> 0 | F20: =F21+F23+F26+F27 -> 0 | G20: =G21+G23+G26+G27 -> 0 | H20: =H21+H23+H26+H27 -> 0 | I20: =I21+I23+I26+I27 -> 0 | J20: =J21+J23+J26+J27 -> 0 | ... N20: =N21+N23+N26+N27 -> 0 | P20: =Q20+R20+S20+T20 -> 0
A21: Venituri din concesiuni si inchirieri (cod 30.10.05.30) | B21: 30.10.05 | C21: =C22 -> 0 | D21: =D22 -> 0 | E21: =E22 -> 0 | F21: =F22 -> 0 | G21: =G22 -> 0 | H21: =H22 -> 0 | I21: =I22 -> 0 | J21: =J22 -> 0 | ... N21: =N22 -> 0 | P21: =Q21+R21+S21+T21 -> 0
A22: Alte venituri din concesiuni si inchiriere de catre institutiile publice | B22: 30.10.05.30 | C22: 0 | E22: =C22+D22 -> 0 | F22: =G22+H22+I22+J22 -> 0 | G22: 0 | H22: 0 | I22: 0 | J22: 0 | K22: 0 | L22: 0 | M22: 0 | N22: 0 | O22: 1 | P22: =Q22+R22+S22+T22 -> 0
A23: Venituri din dividende (cod 30.10.08.02+30.10.08.03) | B23: 30.10.08 | C23: =C24+C25 -> 0 | D23: =D24+D25 -> 0 | E23: =E24+E25 -> 0 | F23: =F24+F25 -> 0 | G23: =G24+G25 -> 0 | H23: =H24+H25 -> 0 | I23: =I24+I25 -> 0 | J23: =J24+J25 -> 0 | ... N23: =N24+N25 -> 0
A24: Venituri din dividende de la alti platitori | B24: 30.10.08.02 | E24: =C24+D24 -> 0 | F24: =G24+H24+I24+J24 -> 0 | K24: 0 | L24: 0 | M24: 0 | N24: 0 | O24: 1
A25: Dividende de la societatile si companiile nationale si societatile cu capital majoritar de stat | B25: 30.10.08.03 | E25: =C25+D25 -> 0 | F25: =G25+H25+I25+J25 -> 0 | K25: 0 | L25: 0 | M25: 0 | N25: 0 | O25: 1
A26: Venituri din utilizarea pasunilor comunale | B26: 30.10.09 | E26: =C26+D26 -> 0 | F26: =G26+H26+I26+J26 -> 0 | K26: 0 | L26: 0 | M26: 0 | N26: 0 | O26: 1
A27: Alte venituri din proprietate | B27: 30.10.50 | E27: =C27+D27 -> 0 | F27: =G27+H27+I27+J27 -> 0 | K27: 0 | L27: 0 | M27: 0 | N27: 0 | O27: 1
A28: Venituri din dobanzi (cod 31.10.03) | B28: 31.10 | C28: =C29 -> 0 | D28: =D29 -> 0 | E28: =E29 -> 0 | F28: =F29 -> 0 | G28: =G29 -> 0 | H28: =H29 -> 0 | I28: =I29 -> 0 | J28: =J29 -> 0 | ... N28: =N29 -> 0
A29: Alte venituri din dobanzi | B29: 31.10.03 | E29: =C29+D29 -> 0 | F29: =G29+H29+I29+J29 -> 0 | K29: 0 | L29: 0 | M29: 0 | N29: 0 | O29: 1
A30: C2. VANZARI DE BUNURI SI SERVICII (cod 33.10+34.10+35.10+36.10+37.10) | B30: 00.14 | C30: =C31+C46+C48+C50+C56 -> 6151 | D30: =D31+D46+D48+D50+D56 -> 0 | E30: =E31+E46+E48+E50+E56 -> 6151 | F30: =F31+F46+F48+F50+F56 -> 6116 | G30: =G31+G46+G48+G50+G56 -> 1641 | H30: =H31+H46+H48+H50+H56 -> 1642 | I30: =I31+I46+I48+I50+I56 -> 1567 | J30: =J31+J46+J48+J50+J56 -> 1266 | ... N30: =N31+N46+N48+N50+N56 -> 6300 | P30: =Q30+R30+S30+T30 -> 0
A31: Venituri din prestari servicii si alte activitati (cod 33.10.05+33.10.08+33.10.09+33.10.13+33.10.14+33.10.16+33.10.17+33.10.19+33.10.20+33.10.21+33.10.30 la 33.10.32+33.10.50) | B31: 33.10 | C31: =C32+C33+C34+C35+C36+C37+C38+C39+C40+C41+C42+C43+C44+C45 -> 6151 | D31: =D32+D33+D34+D35+D36+D37+D38+D39+D40+D41+D42+D43+D44+D45 -> 0 | E31: =E32+E33+E34+E35+E36+E37+E38+E39+E40+E41+E42+E43+E44+E45 -> 6151 | F31: =F32+F33+F34+F35+F36+F37+F38+F39+F40+F41+F42+F43+F44+F45 -> 6116 | G31: =G32+G33+G34+G35+G36+G37+G38+G39+G40+G41+G42+G43+G44+G45 -> 1641 | H31: =H32+H33+H34+H35+H36+H37+H38+H39+H40+H41+H42+H43+H44+H45 -> 1642 | I31: =I32+I33+I34+I35+I36+I37+I38+I39+I40+I41+I42+I43+I44+I45 -> 1567 | J31: =J32+J33+J34+J35+J36+J37+J38+J39+J40+J41+J42+J43+J44+J45 -> 1266 | ... X31: =X32+X33+X34+X35+X36+X37+X38+X39+X40+X41+X42+X43+X44+X45 -> #VALUE!
A32: Taxe si alte venituri in invatamant | B32: 33.10.05 | E32: =C32+D32 -> 0 | F32: =G32+H32+I32+J32 -> 0 | K32: 0 | L32: 0 | M32: 0 | N32: 0 | O32: 1 | Q32: 0
A33: Venituri din prestari de servicii | B33: 33.10.08 | C33: 147 | E33: =C33+D33 -> 147 | F33: =G33+H33+I33+J33 -> 164 | G33: 40 | H33: 42 | I33: 42 | J33: 40 | K33: 0 | L33: 0 | M33: 0 | N33: 0 | O33: 1 | P33: =Q33+R33+S33+T33 -> 0 | U33: =G33+H33 -> 82
A34: Taxe si alte venituri din protectia mediului | B34: 33.10.09 | E34: =C34+D34 -> 0 | F34: =G34+H34+I34+J34 -> 0 | K34: 0 | L34: 0 | M34: 0 | N34: 0 | O34: 1 | T34: 4920 | U34: -280
A35: Contributia de intretinere a persoanelor asistate | B35: 33.10.13 | E35: =C35+D35 -> 0 | F35: =G35+H35+I35+J35 -> 0 | K35: 0 | L35: 0 | M35: 0 | N35: 0 | O35: 1 | T35: 667 | U35: -33
A36: Contributia elevilor si studentilor pentru internate, camine si cantine | B36: 33.10.14 | E36: =C36+D36 -> 0 | F36: =G36+H36+I36+J36 -> 0 | K36: 0 | L36: 0 | M36: 0 | N36: 0 | O36: 1 | U36: -353
A37: Venituri din valorificarea produselor obtinute din activitatea proprie sau anexa | B37: 33.10.16 | E37: =C37+D37 -> 0 | F37: =G37+H37+I37+J37 -> 0 | K37: 0 | L37: 0 | M37: 0 | N37: 0 | O37: 1
A38: Venituri din organizarea de cursuri de calificare si conversie profesionala, specializare si perfectionare | B38: 33.10.17 | E38: =C38+D38 -> 0 | F38: =G38+H38+I38+J38 -> 0 | K38: 0 | L38: 0 | M38: 0 | N38: 0 | O38: 1
A39: Venituri din serbari si spectacole scolare, manifestari culturale, artistice si sportive | B39: 33.10.19 | E39: =C39+D39 -> 0 | F39: =G39+H39+I39+J39 -> 0 | K39: 0 | L39: 0 | M39: 0 | N39: 0 | O39: 1
A40: Venituri din cercetare | B40: 33.10.20 | E40: =C40+D40 -> 0 | F40: =G40+H40+I40+J40 -> 0 | K40: 0 | L40: 0 | M40: 0 | N40: 0 | O40: 1
A41: Venituri din contractele incheiate cu casele de asigurari sociale de sanatate | B41: 33.10.21 | C41: 4964 | E41: =C41+D41 -> 4964 | F41: =G41+H41+I41+J41 -> 5126 | G41: 1300 | H41: 1300 | I41: 1300 | J41: 1226 | K41: 0 | L41: 6200 | M41: 6250 | N41: 6300 | O41: 1 | P41: =Q41+R41+S41+T41 -> 0 | U41: =G41+H41 -> 2600
A42: Venituri din contractele incheiate cu DSP din sume alocate de la bugetul de stat | B42: 33.10.30 | C42: 1040 | E42: =C42+D42 -> 1040 | F42: =G42+H42+I42+J42 -> 825 | G42: 300 | H42: 300 | I42: 225 | J42: 0 | K42: 0 | L42: 0 | M42: 0 | N42: 0 | O42: 1 | P42: =Q42+R42+S42+T42 -> 0 | U42: =G42+H42 -> 600 | AD42: =AE42+AF42+AG42+AH42 -> 825 | AE42: 300 | AF42: 300 | AG42: 225 | AH42: 0
A43: Venituri din contractele incheiate cu directiile de sanatate publica din sume alocate din veniturile proprii ale Ministerului Sanatatii | B43: 33.10.31 | E43: =C43+D43 -> 0 | F43: =G43+H43+I43+J43 -> 0 | K43: 0 | L43: 0 | M43: 0 | N43: 0 | O43: 1
A44: Venituri din contractele incheiate cu institutiile de medicina legala | B44: 33.10.32 | E44: =C44+D44 -> 0 | F44: =G44+H44+I44+J44 -> 0 | K44: 0 | L44: 0 | M44: 0 | N44: 0 | O44: 1
A45: Alte venituri din prestari de servicii si alte activitati | B45: 33.10.50 | C45: 0 | E45: =C45+D45 -> 0 | F45: =G45+H45+I45+J45 -> 1 | G45: 1 | H45: 0 | I45: 0 | J45: 0 | K45: 0 | L45: 0 | M45: 0 | N45: 0 | O45: 1 | P45: =Q45+R45+S45+T45 -> 0
A46: Venituri din taxe administrative, eliberari permise (cod 34.10.50) | B46: 34.10 | C46: =C47 -> 0 | D46: =D47 -> 0 | E46: =E47 -> 0 | F46: =F47 -> 0 | G46: =G47 -> 0 | H46: =H47 -> 0 | I46: =I47 -> 0 | J46: =J47 -> 0 | ... N46: =N47 -> 0
A47: Alte venituri din taxe administrative, eliberari permise | B47: 34.10.50 | E47: =C47+D47 -> 0 | F47: =G47+H47+I47+J47 -> 0 | K47: 0 | L47: 0 | M47: 0 | N47: 0 | O47: 1
A48: Amenzi, penalitati si confiscari (cod 35.10.50) | B48: 35.10 | C48: =C49 -> 0 | D48: =D49 -> 0 | E48: =E49 -> 0 | F48: =F49 -> 0 | G48: =G49 -> 0 | H48: =H49 -> 0 | I48: =I49 -> 0 | J48: =J49 -> 0 | ... N48: =N49 -> 0
A49: Alte amenzi, penalitati si confiscari | B49: 35.10.50 | E49: =C49+D49 -> 0 | F49: =G49+H49+I49+J49 -> 0 | K49: 0 | L49: 0 | M49: 0 | N49: 0 | O49: 1
A50: Diverse venituri (cod 36.10.04+36.10.32+36.10.50) | B50: 36.10 | C50: =C51+C52+C55 -> 0 | D50: =D51+D52+D55 -> 0 | E50: =E51+E52+E55 -> 0 | F50: =F51+F52+F55 -> 0 | G50: =G51+G52+G55 -> 0 | H50: =H51+H52+H55 -> 0 | I50: =I51+I52+I55 -> 0 | J50: =J51+J52+J55 -> 0 | ... N50: =N51+N52+N55 -> 0
A51: Venituri din producerea riscurilor asigurate | B51: 36.10.04 | E51: =C51+D51 -> 0 | F51: =G51+H51+I51+J51 -> 0 | K51: 0 | L51: 0 | M51: 0 | N51: 0 | O51: 1
A52: Sume provenite din finantarea bugetara a anilor precedenti (cod 36.10.32.02+36.10.32.03) | B52: 36.10.32 | C52: =C53+C54 -> 0 | D52: =D53+D54 -> 0 | E52: =E53+E54 -> 0 | F52: =F53+F54 -> 0 | G52: =G53+G54 -> 0 | H52: =H53+H54 -> 0 | I52: =I53+I54 -> 0 | J52: =J53+J54 -> 0 | ... N52: =N53+N54 -> 0
A53: Sume provenite din finantarea bugetara a anilor precedenti, aferente sectiunii de dezvoltare | B53: 36.10.32.02 | E53: =C53+D53 -> 0 | F53: =G53+H53+I53+J53 -> 0 | K53: 0 | L53: 0 | M53: 0 | N53: 0 | O53: 2
A54: Sume provenite din finantarea bugetara a anilor precedenti, aferente sectiunii de functionare | B54: 36.10.32.03 | E54: =C54+D54 -> 0 | F54: =G54+H54+I54+J54 -> 0 | K54: 0 | L54: 0 | M54: 0 | N54: 0 | O54: 1
A55: Alte venituri | B55: 36.10.50 | E55: =C55+D55 -> 0 | F55: =G55+H55+I55+J55 -> 0 | K55: 0 | L55: 0 | M55: 0 | N55: 0 | O55: 1
A56: Transferuri voluntare, altele decat subventiile (cod 37.10.01+37.10.03+37.10.04+37.10.50) | B56: 37.10 | C56: =C57+C58+C59+C60 -> 0 | E56: =E57+E58+E59+E60 -> 0 | F56: =F57+F58+F59+F60 -> 0 | G56: =G57+G58+G59+G60 -> 0 | H56: =H57+H58+H59+H60 -> 0 | I56: =I57+I58+I59+I60 -> 0 | J56: =J57+J58+J59+J60 -> 0 | K56: =K57+K58+K59+K60 -> 15 | L56: =L57+L58+L59+L60 -> 0 | ... N56: =N57+N58+N59+N60 -> 0 | P56: =Q56+R56+S56+T56 -> 0
A57: Donatii si sponsorizari | B57: 37.10.01 | E57: =C57+D57 -> 0 | F57: =G57+H57+I57+J57 -> 0 | K57: 0 | L57: 0 | M57: 0 | N57: 0 | O57: 1
A58: Varsaminte din sectiunea de functionare pentru finantarea sectiunii de dezvoltare a bugetului local (cu semnul minus) | B58: 37.10.03 | C58: 0 | E58: =C58+D58 -> 0 | F58: =G58+H58+I58+J58 -> 0 | G58: 0 | H58: 0 | I58: 0 | J58: 0 | K58: 0 | L58: 0 | M58: 0 | N58: 0 | O58: 1 | P58: =Q58+R58+S58+T58 -> 0 | U58: =G58+H58 -> 0
A59: Varsaminte din sectiunea de functionare | B59: 37.10.04 | C59: 0 | E59: 0 | F59: =G59+H59+I59+J59 -> 0 | G59: 0 | H59: 0 | I59: 0 | J59: 0 | K59: 15 | L59: 0 | M59: 0 | N59: 0 | O59: 2 | P59: =Q59+R59+S59+T59 -> 0 | U59: =G59+H59 -> 0
A60: Alte transferuri voluntare | B60: 37.10.50 | E60: =C60+D60 -> 0 | F60: =G60+H60+I60+J60 -> 0 | K60: 0 | L60: 0 | M60: 0 | N60: 0 | O60: 1
A61: II. VENITURI DIN CAPITAL (cod 39.10) | B61: 00.15 | C61: =C62 -> 0 | D61: =D62 -> 0 | E61: =E62 -> 0 | F61: =F62 -> 0 | G61: =G62 -> 0 | H61: =H62 -> 0 | I61: =I62 -> 0 | J61: =J62 -> 0 | ... N61: =N62 -> 0
A62: Venituri din valorificarea unor bunuri (cod 39.10.01+39.10.50) | B62: 39.10 | C62: =C63+C64 -> 0 | D62: =D63+D64 -> 0 | E62: =E63+E64 -> 0 | F62: =F63+F64 -> 0 | G62: =G63+G64 -> 0 | H62: =H63+H64 -> 0 | I62: =I63+I64 -> 0 | J62: =J63+J64 -> 0 | ... N62: =N63+N64 -> 0
A63: Venituri din valorificarea unor bunuri ale institutiilor publice | B63: 39.10.01 | E63: =C63+D63 -> 0 | F63: =G63+H63+I63+J63 -> 0 | K63: 0 | L63: 0 | M63: 0 | N63: 0 | O63: 2
A64: Alte venituri din valorificarea unor bunuri | B64: 39.10.50 | E64: =C64+D64 -> 0 | F64: =G64+H64+I64+J64 -> 0 | K64: 0 | L64: 0 | M64: 0 | N64: 0 | O64: 2
A65: III. OPERATIUNI FINANCIARE (cod 40.10+41.10) | B65: 00.16 | C65: =C66+C71 -> 0 | D65: =D66+D71 -> 0 | E65: =E66+E71 -> 0 | F65: =F66+F71 -> 0 | G65: =G66+G71 -> 0 | H65: =H66+H71 -> 0 | I65: =I66+I71 -> 0 | J65: =J66+J71 -> 0 | ... N65: =N66+N71 -> 0
A66: Incasari din rambursarea imprumuturilor acordate (cod 40.10.15+40.10.16) | B66: 40.10 | C66: =C67+C70 -> 0 | D66: =D67+D70 -> 0 | E66: =E67+E70 -> 0 | F66: =F67+F70 -> 0 | G66: =G67+G70 -> 0 | H66: =H67+H70 -> 0 | I66: =I67+I70 -> 0 | J66: =J67+J70 -> 0 | ... N66: =N67+N70 -> 0
A67: Sume utilizate din excedentul anului precedent pentru efectuarea de cheltuieli (cod 40.10.15.01+40.10.15.02) | B67: 40.10.15 | C67: =C68+C69 -> 0 | D67: =D68+D69 -> 0 | E67: =E68+E69 -> 0 | F67: =F68+F69 -> 0 | G67: =G68+G69 -> 0 | H67: =H68+H69 -> 0 | I67: =I68+I69 -> 0 | J67: =J68+J69 -> 0 | ... N67: =N68+N69 -> 0
A68: Sume utilizate de administratiile locale din excedentul anului precedent pentru sectiunea de functionare | B68: 40.10.15.01 | E68: =C68+D68 -> 0 | F68: =G68+H68+I68+J68 -> 0 | K68: 0 | L68: 0 | M68: 0 | N68: 0 | O68: 1
A69: Sume utilizate de administratiile locale din excedentul anului precedent pentru sectiunea de dezvoltare | B69: 40.10.15.02 | E69: =C69+D69 -> 0 | F69: =G69+H69+I69+J69 -> 0 | K69: 0 | L69: 0 | M69: 0 | N69: 0 | O69: 2
A70: Sume primite in cadrul mecanismului decontarii cererilor de plata | B70: 40.10.16 | E70: =C70+D70 -> 0 | F70: =G70+H70+I70+J70 -> 0 | K70: 0 | L70: 0 | M70: 0 | N70: 0 | O70: 2
A71: Alte operatiuni financiare (cod. 41.10.06+41.10.11) | B71: 41.10 | C71: =C72+C73+C74 -> 0 | D71: =D72+D73+D74 -> 0 | E71: =E72+E73+E74 -> 0 | F71: =F72+F73+F74 -> 0 | G71: =G72+G73+G74 -> 0 | H71: =H72+H73+H74 -> 0 | I71: =I72+I73+I74 -> 0 | J71: =J72+J73+J74 -> 0 | ... N71: =N72+N73+N74 -> 0
A72: Sume din excedentul anului precedent pentru acoperirea golurilor temporare de casa | B72: 41.10.06 | E72: =C72+D72 -> 0 | F72: =G72+H72+I72+J72 -> 0 | K72: 0 | L72: 0 | M72: 0 | N72: 0 | O72: 1 | P72: =Q72+R72+S72+T72 -> 0
A73: Imprumuturi de la bugetul local | B73: 41.10.11 | E73: =C73+D73 -> 0 | F73: =G73+H73+I73+J73 -> 0 | K73: 0 | L73: 0 | M73: 0 | N73: 0 | O73: 1
A74: Sume alocate din Fondul de Dezvoltare si Investitii | B74: 41.10.14 | E74: =C74+D74 -> 0 | F74: =G74+H74+I74+J74 -> 0 | K74: 0 | L74: 0 | M74: 0 | N74: 0 | O74: 2
A75: IV. SUBVENTII (cod 00.18) | B75: 00.17 | C75: =C76 -> 11621.08 | E75: =E76 -> 11621.08 | F75: =F76 -> 11361.075 | G75: =G76 -> 2582 | H75: =H76 -> 4019.075 | I75: =I76 -> 2470 | J75: =J76 -> 2290 | K75: =K76 -> 0 | L75: =L76 -> 11332 | ... N75: =N76 -> 11936 | P75: =Q75+R75+S75+T75 -> 0 | U75: =G75+H75 -> 6601.075
A76: SUBVENTII DE LA ALTE NIVELE ALE ADMINISTRATIEI PUBLICE (cod 42.10+43.10) | B76: 00.18 | C76: =C77+C82+C86 -> 11621.08 | E76: =E77+E82+E86 -> 11621.08 | F76: =F77+F82+F86 -> 11361.075 | G76: =G77+G82+G86 -> 2582 | H76: =H77+H82+H86 -> 4019.075 | I76: =I77+I82+I86 -> 2470 | J76: =J77+J82+J86 -> 2290 | K76: =K77+K86 -> 0 | L76: =L77+L86 -> 11332 | M76: =M77+M86 -> 11384 | N76: =N77+N86 -> 11936 | P76: =Q76+R76+S76+T76 -> 0
A77: Subventii de la bugetul de stat (cod 42.10.11+42.10.39+42.10.43+42.10.62+42.10.70) | B77: 42.10 | C77: =C81 -> 0 | E77: =E81 -> 0 | F77: =F81 -> 0 | G77: =G81 -> 0 | H77: =H81 -> 0 | I77: =I81 -> 0 | J77: =J81 -> 0 | K77: =K78+K79+K80+K84+K85 -> 0 | L77: =L78+L79+L80+L84+L85 -> 0 | M77: =M78+M79+M80+M84+M85 -> 0 | N77: =N78+N79+N80+N84+N85 -> 0 | P77: =Q77+R77+S77+T77 -> 0
A78: Subventii de la bugetul de stat pentru spitale | B78: 42.10.11 | E78: =C78+D78 -> 0 | F78: =G78+H78+I78+J78 -> 0 | K78: 0 | L78: 0 | M78: 0 | N78: 0 | O78: 1
A79: Subventii de la bugetul de stat catre institutii publice finantate partial sau integral din venituri proprii pentru proiecte finantate din FEN postaderare | B79: 42.10.39 | E79: =C79+D79 -> 0 | F79: =G79+H79+I79+J79 -> 0 | K79: 0 | L79: 0 | M79: 0 | N79: 0 | O79: 2
A80: Sume primite de institutiile publice si activitatile finantate integral sau partial din venituri proprii in cadrul programelor FEGA implementate de APIA | B80: 42.10.43 | E80: =C80+D80 -> 0 | F80: =G80+H80+I80+J80 -> 0 | K80: 0 | L80: 0 | M80: 0 | N80: 0 | O80: 1
A81: Sume alocate pentru stimulent de risc de la bugetul de stat | B81: 42.10.82 | C81: 0 | D81: 0 | E81: 0 | F81: 0 | G81: 0 | H81: 0 | I81: 0 | J81: 0
A82: Alocari sume din PNRR aferente asistentei financiare nerambursabile | B82: 42.88 | C82: 1439.08 | E82: =C82+D82 -> 1439.08 | F82: =G82+H82+I82+J82 -> 1439.075 | G82: =G83+G84 -> 0 | H82: =H83+H84 -> 1439.075 | I82: =I83+I84 -> 0 | J82: =J83+J84 -> 0 | U82: =G82+H82 -> 1439.075
A83: Fonduri europene nerambursabile | B83: 42.88.01 | C83: 1209.31 | E83: =C83+D83 -> 1209.31 | F83: =G83+H83+I83+J83 -> 1209.307 | G83: 0 | H83: 1209.307 | I83: 0 | J83: 0 | U83: =G83+H83 -> 1209.307
A84: Sume aferente TVA | B84: 42.88.03 | C84: 229.77 | E84: =C84+D84 -> 229.77 | F84: =G84+H84+I84+J84 -> 229.768 | G84: 0 | H84: 229.768 | I84: 0 | J84: 0 | K84: 0 | L84: 0 | M84: 0 | N84: 0 | O84: 1 | P84: =Q84+R84+S84+T84 -> 0 | U84: =G84+H84 -> 229.768
A85: Subventii de la bugetul d stat catre institutii publice finantate partial sau integral din venituri proprii necesare sustinerii derularii proiectelor finantate din fonduri externe nerambursabile (FEN) postaderare aferente perioadei de programe 2014-2020 | B85: 42.10.70 | E85: =C85+D85 -> 0 | F85: =G85+H85+I85+J85 -> 0 | K85: 0 | L85: 0 | M85: 0 | N85: 0 | O85: 2
A86: Subventii de la alte administratii (cod 43.10.09+43.10.10+43.10.14+43.10.15+43.10.16+43.10.17+43.10.19+43.10.31+43.10.33) | B86: 43.10 | C86: =C87+C88+C89+C90+C91+C95+C99+C100+C101+C102 -> 10182 | D86: =D87+D88+D89+D90+D91+D95+D99+D100+D101+D102 -> 0 | E86: =E87+E88+E89+E90+E91+E95+E99+E100+E101+E102 -> 10182 | F86: =F87+F88+F89+F90+F91+F95+F99+F100+F101+F102 -> 9922 | G86: =G87+G88+G89+G90+G91+G95+G99+G100+G101+G102 -> 2582 | H86: =H87+H88+H89+H90+H91+H95+H99+H100+H101+H102 -> 2580 | I86: =I87+I88+I89+I90+I91+I95+I99+I100+I101+I102 -> 2470 | J86: =J87+J88+J89+J90+J91+J95+J99+J100+J101+J102 -> 2290 | ... N86: =N87+N88+N89+N90+N91+N95+N99+N100+N101+N102 -> 11936 | P86: =Q86+R86+S86+T86 -> 0 | U86: =G86+H86 -> 5162
A87: Subventii pentru institutii publice | B87: 43.10.09 | E87: =C87+D87 -> 0 | F87: =G87+H87+I87+J87 -> 0 | K87: 0 | L87: 0 | M87: 0 | N87: 0 | O87: 1
A88: Subventii din bugetele locale pentru finantarea cheltuielilor curente din domeniul sanatatii | B88: 43.10.10 | C88: 1022 | E88: =C88+D88 -> 1022 | F88: =G88+H88+I88+J88 -> 700 | G88: 332 | H88: 330 | I88: 38 | K88: 0 | L88: 0 | M88: 0 | N88: 0 | O88: 1 | P88: =Q88+R88+S88+T88 -> 216 | Q88: 54 | R88: 54 | S88: 54 | T88: 54 | U88: =G88+H88 -> 662 | W88: 16
A89: Subventii din bugetele locale pentru finantarea cheltuielilor de capital din domeniul sanatatii | B89: 43.10.14 | C89: 0 | E89: =C89+D89 -> 0 | F89: =G89+H89+I89+J89 -> 0 | G89: 0 | H89: 0 | I89: 0 | J89: 0 | K89: 0 | L89: 0 | M89: 0 | N89: 0 | O89: 2 | P89: =Q89+R89+S89+T89 -> 0 | U89: =G89+H89 -> 0
A90: Subventii din bugetul local pentru finantarea camerelor agricole | B90: 43.10.15 | E90: =C90+D90 -> 0 | F90: =G90+H90+I90+J90 -> 0 | K90: 0 | L90: 0 | M90: 0 | N90: 0 | O90: 1
A91: Sume din bugetul de stat catre bugetele locale pentru finantarea investitiilor in sanatate (cod 43.10.16.01+43.10.16.02+43.10.16.03) | B91: 43.10.16 | C91: =C92+C93+C94 -> 0 | D91: =D92+D93+D94 -> 0 | E91: =E92+E93+E94 -> 0 | F91: =F92+F93+F94 -> 0 | G91: =G92+G93+G94 -> 0 | H91: =H92+H93+H94 -> 0 | I91: =I92+I93+I94 -> 0 | J91: =J92+J93+J94 -> 0 | ... N91: =N92+N93+N94 -> 0
A92: Sume din bugetul de stat catre bugetele locale pentru finantarea aparaturii medicale si echipamentelor de comunicatii in urgenta in sanatate | B92: 43.10.16.01 | C92: 0 | E92: =C92+D92 -> 0 | F92: =G92+H92+I92+J92 -> 0 | G92: 0 | H92: 0 | I92: 0 | J92: 0 | K92: 0 | L92: 0 | M92: 0 | N92: 0 | O92: 2
A93: Sume din bugetul de stat catre bugetele locale pentru finantarea reparatiilor capitale in sanatate | B93: 43.10.16.02 | E93: =C93+D93 -> 0 | F93: =G93+H93+I93+J93 -> 0 | K93: 0 | L93: 0 | M93: 0 | N93: 0 | O93: 2
A94: Sume din bugetul de stat catre bugetele locale pentru finatarea altor investitii in sanatate | B94: 43.10.16.03 | E94: =C94+D94 -> 0 | F94: =G94+H94+I94+J94 -> 0 | K94: 0 | L94: 0 | M94: 0 | N94: 0 | O94: 2
A95: Sume din veniturile proprii ale Ministerului Sanatatii catre bugetele locale pentru finatarea investitiilor in sanatate (cod 43.10.17.01+43.10.17.02+43.10.17.03) | B95: 43.10.17 | C95: =C96+C97+C98 -> 0 | D95: =D96+D97+D98 -> 0 | E95: =E96+E97+E98 -> 0 | F95: =F96+F97+F98 -> 0 | G95: =G96+G97+G98 -> 0 | H95: =H96+H97+H98 -> 0 | I95: =I96+I97+I98 -> 0 | J95: =J96+J97+J98 -> 0 | ... N95: =N96+N97+N98 -> 0
A96: Sume din veniturile proprii ale Ministerului Sanatatii catre bugetele locale pentru finantarea aparaturii medicale si echipamentelor de comunicatii in urgenta in sanatate | B96: 43.10.17.01 | E96: =C96+D96 -> 0 | F96: =G96+H96+I96+J96 -> 0 | K96: 0 | L96: 0 | M96: 0 | N96: 0 | O96: 2
A97: Sume din veniturile proprii ale Ministerului Sanatatii catre bugetele locale pentru finantarea reparatiilor capitale in sanatate | B97: 43.10.17.02 | E97: =C97+D97 -> 0 | F97: =G97+H97+I97+J97 -> 0 | K97: 0 | L97: 0 | M97: 0 | N97: 0 | O97: 2
A98: Sume din veniturile proprii ale Ministerului Sanatatii catre bugetele locale pentru finantarea altor investitii in sanatate | B98: 43.10.17.03 | E98: =C98+D98 -> 0 | F98: =G98+H98+I98+J98 -> 0 | K98: 0 | L98: 0 | M98: 0 | N98: 0 | O98: 2
A99: Subventii pentru institutiile publice destinate sectiunii de dezvoltare | B99: 43.10.19 | E99: =C99+D99 -> 0 | F99: =G99+H99+I99+J99 -> 0 | K99: 0 | L99: 0 | M99: 0 | N99: 0 | O99: 2
A100: Sume alocate din bugetul AFIR, pentru sustinerea proiectelor din PNDR 2014-2020 | B100: 43.10.31 | E100: =C100+D100 -> 0 | F100: =G100+H100+I100+J100 -> 0 | K100: 0 | L100: 0 | M100: 0 | N100: 0 | O100: 2 | U100: =G100+H100 -> 0
A101: Subventii din bugetul Fondului national unic de asigurari sociale de sanatate pentru acoperirea cresterilor salariale | B101: 43.10.33 | C101: 9160 | E101: =C101+D101 -> 9160 | F101: =G101+H101+I101+J101 -> 9222 | G101: 2250 | H101: 2250 | I101: 2432 | J101: 2290 | K101: 0 | L101: 11332 | M101: 11384 | N101: 11936 | O101: 1 | P101: =Q101+R101+S101+T101 -> 0 | U101: =G101+H101 -> 4500
A102: Sume alocate pentru stimulent de risc de la FNUASS | B102: 43.10.40 | C102: 0 | E102: =C102+D102 -> 0 | F102: =G102+H102+I102+J102 -> 0 | G102: 0 | H102: 0 | I102: 0 | J102: 0 | O102: 1 | P102: =Q102+R102+S102+T102 -> 0
A103: Sume primite de la UE/alti donatori in contul platilor efectuate si prefinantari (cod 45.10.01 la 45.10.05+45.10.07+45.10.08+45.10.15+45.10.16+45.10.17+45.10.18+45.10.19+45.10.20+45.10.21) | B103: 45.10 | C103: =C104+C107+C110+C113+C118+C121+C126+C131+C136+C141+C146+C151+C155+C160 -> 0 | D103: =D104+D107+D110+D113+D118+D121+D126+D131+D136+D141+D146+D151+D155+D160 -> 0 | E103: =E104+E107+E110+E113+E118+E121+E126+E131+E136+E141+E146+E151+E155+E160 -> 0 | F103: =F104+F107+F110+F113+F118+F121+F126+F131+F136+F141+F146+F151+F155+F160 -> 0 | G103: =G104+G107+G110+G113+G118+G121+G126+G131+G136+G141+G146+G151+G155+G160 -> 0 | H103: =H104+H107+H110+H113+H118+H121+H126+H131+H136+H141+H146+H151+H155+H160 -> 0 | I103: =I104+I107+I110+I113+I118+I121+I126+I131+I136+I141+I146+I151+I155+I160 -> 0 | J103: =J104+J107+J110+J113+J118+J121+J126+J131+J136+J141+J146+J151+J155+J160 -> 0 | ... N103: =N104+N107+N110+N113+N118+N121+N126+N131+N136+N141+N146+N151+N155+N160 -> 0
...

Sheet TG. BUJOR 2025
A1: SPITALUL ORĂŞENESC TG. BUJOR | C1: Ordonator principal de credite, | L1: Director executiv,
A2: Nr. Înregistrare.415 din 04.01.2025 | C2: Fotea Costel | F2: Fotea Costel | L2: Stoica George
A7: BUGETUL INSTITUŢIILOR PUBLCE ŞI ACTIVITĂŢILOR FINANŢATE INTEGRAL SAU PARŢIAL DIN VENITURI PROPRII, PE ANUL 2025
A8: HCJ nr…../……....2025 | N8: -mii lei-
A9: DENUMIRE INDICATOR | B9: ARTICOL | C9: BUGET 2025 | L9: 2026 | M9: 2027 | N9: 2028
C10: BUGET INITIAL | D10: INFLU ENTE | E10: BUGET FINAL | F10: TOTAL an | G10: TRIM. I | H10: TRIM. II | I10: TRIM. III | J10: TRIM. IV | K10: Din care credite bugetare destinate stingerii platilor restante | P10: total infl. | Q10: TRIM. I | R10: TRIM. II | S10: TRIM. III | T10: TRIM. IV | V10: TRIM. II | W10: TRIM. III | X10: TRIM. IV
A11: 1 | B11: 2 | C11: 3 | D11: 4 | E11: 5 | F11: 3 | G11: 4 | H11: 5 | I11: 5 | J11: 7 | K11: 11 | L11: 12 | M11: 13 | N11: 14 | Q11: 7 | R11: 8 | S11: 9 | T11: 10
A12: TOTAL VENITURI (cod 00.02+00.15+00.16+00.17+45.10+48.10) | B12: 00.01 | C12: =C13+C62+C66+C76+C104+C166 -> 17772.08 | D12: =D13+D62+D66+D76+D104+D166 -> 0 | E12: =E13+E62+E66+E76+E104+E166 -> 17772.08 | F12: =F13+F62+F66+F76+F104+F166 -> 17477.075 | G12: =G13+G62+G66+G76+G104+G166 -> 4223 | H12: =H13+H62+H66+H76+H104+H166 -> 5661.075 | I12: =I13+I62+I66+I76+I104+I166 -> 4037 | J12: =J13+J62+J66+J76+J104+J166 -> 3556 | ... X12: =X13+X62+X66+X76+X104+X166 -> 0
A13: I. VENITURI CURENTE (cod 00.03+00.12) | B13: 00.02 | C13: =C14+C19 -> 6151 | D13: =D14+D19 -> 0 | E13: =E14+E19 -> 6151 | F13: =F14+F19 -> 6116 | G13: =G14+G19 -> 1641 | H13: =H14+H19 -> 1642 | I13: =I14+I19 -> 1567 | J13: =J14+J19 -> 1266 | ... N13: =N14+N19 -> 6300 | P13: =Q13+R13+S13+T13 -> 0 | U13: =G13+H13 -> 3283
A14: A. VENITURI FISCALE (cod 00.10) | B14: 00.03 | C14: =C15 -> 0 | D14: =D15 -> 0 | E14: =E15 -> 0 | F14: =F15 -> 0 | G14: =G15 -> 0 | H14: =H15 -> 0 | I14: =I15 -> 0 | J14: =J15 -> 0 | ... N14: =N15 -> 0 | P14: =Q14+R14+S14+T14 -> 0
A15: A4. IMPOZITE SI TAXE PE BUNURI SI SERVICII (cod 15.10) | B15: 00.10 | C15: =C16 -> 0 | D15: =D16 -> 0 | E15: =E16 -> 0 | F15: =F16 -> 0 | G15: =G16 -> 0 | H15: =H16 -> 0 | I15: =I16 -> 0 | J15: =J16 -> 0 | ... N15: =N16 -> 0 | P15: =Q15+R15+S15+T15 -> 0
A16: Taxe pe servicii specifice (cod 15.10.01+15.10.50) | B16: 15.10 | C16: =C17+C18 -> 0 | D16: =D17+D18 -> 0 | E16: =E17+E18 -> 0 | F16: =F17+F18 -> 0 | G16: =G17+G18 -> 0 | H16: =H17+H18 -> 0 | I16: =I17+I18 -> 0 | J16: =J17+J18 -> 0 | ... N16: =N17+N18 -> 0
A17: Impozit pe spectacole | B17: 15.10.01 | E17: =C17+D17 -> 0 | F17: =G17+H17+I17+J17 -> 0 | K17: 0 | L17: 0 | M17: 0 | N17: 0 | O17: 1
A18: Alte taxe pe servicii specifice | B18: 15.10.50 | E18: =C18+D18 -> 0 | F18: =G18+H18+I18+J18 -> 0 | K18: 0 | L18: 0 | M18: 0 | N18: 0 | O18: 1
A19: C. VENITURI NEFISCALE (cod 00.13+00.14) | B19: 00.12 | C19: =C20+C31 -> 6151 | D19: =D20+D31 -> 0 | E19: =E20+E31 -> 6151 | F19: =F20+F31 -> 6116 | G19: =G20+G31 -> 1641 | H19: =H20+H31 -> 1642 | I19: =I20+I31 -> 1567 | J19: =J20+J31 -> 1266 | ... N19: =N20+N31 -> 6300
A20: C1. VENITURI DIN PROPRIETATE (cod 30.10+31.10) | B20: 00.13 | C20: =C21+C29 -> 0 | D20: =D21+D29 -> 0 | E20: =E21+E29 -> 0 | F20: =F21+F29 -> 0 | G20: =G21+G29 -> 0 | H20: =H21+H29 -> 0 | I20: =I21+I29 -> 0 | J20: =J21+J29 -> 0 | ... N20: =N21+N29 -> 0 | P20: =Q20+R20+S20+T20 -> 0
A21: Venituri din proprietate (cod 30.10.05+30.10.08+30.10.09+30.10.50) | B21: 30.10 | C21: =C22+C24+C27+C28 -> 0 | D21: =D22+D24+D27+D28 -> 0 | E21: =E22+E24+E27+E28 -> 0 | F21: =F22+F24+F27+F28 -> 0 | G21: =G22+G24+G27+G28 -> 0 | H21: =H22+H24+H27+H28 -> 0 | I21: =I22+I24+I27+I28 -> 0 | J21: =J22+J24+J27+J28 -> 0 | ... N21: =N22+N24+N27+N28 -> 0 | P21: =Q21+R21+S21+T21 -> 0
A22: Venituri din concesiuni si inchirieri (cod 30.10.05.30) | B22: 30.10.05 | C22: =C23 -> 0 | D22: =D23 -> 0 | E22: =E23 -> 0 | F22: =F23 -> 0 | G22: =G23 -> 0 | H22: =H23 -> 0 | I22: =I23 -> 0 | J22: =J23 -> 0 | ... N22: =N23 -> 0 | P22: =Q22+R22+S22+T22 -> 0
A23: Alte venituri din concesiuni si inchiriere de catre institutiile publice | B23: 30.10.05.30 | C23: 0 | E23: =C23+D23 -> 0 | F23: =G23+H23+I23+J23 -> 0 | G23: 0 | H23: 0 | I23: 0 | J23: 0 | K23: 0 | L23: 0 | M23: 0 | N23: 0 | O23: 1 | P23: =Q23+R23+S23+T23 -> 0
A24: Venituri din dividende (cod 30.10.08.02+30.10.08.03) | B24: 30.10.08 | C24: =C25+C26 -> 0 | D24: =D25+D26 -> 0 | E24: =E25+E26 -> 0 | F24: =F25+F26 -> 0 | G24: =G25+G26 -> 0 | H24: =H25+H26 -> 0 | I24: =I25+I26 -> 0 | J24: =J25+J26 -> 0 | ... N24: =N25+N26 -> 0
A25: Venituri din dividende de la alti platitori | B25: 30.10.08.02 | E25: =C25+D25 -> 0 | F25: =G25+H25+I25+J25 -> 0 | K25: 0 | L25: 0 | M25: 0 | N25: 0 | O25: 1
A26: Dividende de la societatile si companiile nationale si societatile cu capital majoritar de stat | B26: 30.10.08.03 | E26: =C26+D26 -> 0 | F26: =G26+H26+I26+J26 -> 0 | K26: 0 | L26: 0 | M26: 0 | N26: 0 | O26: 1
A27: Venituri din utilizarea pasunilor comunale | B27: 30.10.09 | E27: =C27+D27 -> 0 | F27: =G27+H27+I27+J27 -> 0 | K27: 0 | L27: 0 | M27: 0 | N27: 0 | O27: 1
A28: Alte venituri din proprietate | B28: 30.10.50 | E28: =C28+D28 -> 0 | F28: =G28+H28+I28+J28 -> 0 | K28: 0 | L28: 0 | M28: 0 | N28: 0 | O28: 1
A29: Venituri din dobanzi (cod 31.10.03) | B29: 31.10 | C29: =C30 -> 0 | D29: =D30 -> 0 | E29: =E30 -> 0 | F29: =F30 -> 0 | G29: =G30 -> 0 | H29: =H30 -> 0 | I29: =I30 -> 0 | J29: =J30 -> 0 | ... N29: =N30 -> 0
A30: Alte venituri din dobanzi | B30: 31.10.03 | E30: =C30+D30 -> 0 | F30: =G30+H30+I30+J30 -> 0 | K30: 0 | L30: 0 | M30: 0 | N30: 0 | O30: 1
A31: C2. VANZARI DE BUNURI SI SERVICII (cod 33.10+34.10+35.10+36.10+37.10) | B31: 00.14 | C31: =C32+C47+C49+C51+C57 -> 6151 | D31: =D32+D47+D49+D51+D57 -> 0 | E31: =E32+E47+E49+E51+E57 -> 6151 | F31: =F32+F47+F49+F51+F57 -> 6116 | G31: =G32+G47+G49+G51+G57 -> 1641 | H31: =H32+H47+H49+H51+H57 -> 1642 | I31: =I32+I47+I49+I51+I57 -> 1567 | J31: =J32+J47+J49+J51+J57 -> 1266 | ... N31: =N32+N47+N49+N51+N57 -> 6300 | P31: =Q31+R31+S31+T31 -> 0
A32: Venituri din prestari servicii si alte activitati (cod 33.10.05+33.10.08+33.10.09+33.10.13+33.10.14+33.10.16+33.10.17+33.10.19+33.10.20+33.10.21+33.10.30 la 33.10.32+33.10.50) | B32: 33.10 | C32: =C33+C34+C35+C36+C37+C38+C39+C40+C41+C42+C43+C44+C45+C46 -> 6151 | D32: =D33+D34+D35+D36+D37+D38+D39+D40+D41+D42+D43+D44+D45+D46 -> 0 | E32: =E33+E34+E35+E36+E37+E38+E39+E40+E41+E42+E43+E44+E45+E46 -> 6151 | F32: =F33+F34+F35+F36+F37+F38+F39+F40+F41+F42+F43+F44+F45+F46 -> 6116 | G32: =G33+G34+G35+G36+G37+G38+G39+G40+G41+G42+G43+G44+G45+G46 -> 1641 | H32: =H33+H34+H35+H36+H37+H38+H39+H40+H41+H42+H43+H44+H45+H46 -> 1642 | I32: =I33+I34+I35+I36+I37+I38+I39+I40+I41+I42+I43+I44+I45+I46 -> 1567 | J32: =J33+J34+J35+J36+J37+J38+J39+J40+J41+J42+J43+J44+J45+J46 -> 1266 | ... X32: =X33+X34+X35+X36+X37+X38+X39+X40+X41+X42+X43+X44+X45+X46 -> #VALUE!
A33: Taxe si alte venituri in invatamant | B33: 33.10.05 | E33: =C33+D33 -> 0 | F33: =G33+H33+I33+J33 -> 0 | K33: 0 | L33: 0 | M33: 0 | N33: 0 | O33: 1 | Q33: 0
A34: Venituri din prestari de servicii | B34: 33.10.08 | C34: 147 | E34: =C34+D34 -> 147 | F34: =G34+H34+I34+J34 -> 164 | G34: 40 | H34: 42 | I34: 42 | J34: 40 | K34: 0 | L34: 0 | M34: 0 | N34: 0 | O34: 1 | P34: =Q34+R34+S34+T34 -> 0 | U34: =G34+H34 -> 82
A35: Taxe si alte venituri din protectia mediului | B35: 33.10.09 | E35: =C35+D35 -> 0 | F35: =G35+H35+I35+J35 -> 0 | K35: 0 | L35: 0 | M35: 0 | N35: 0 | O35: 1 | T35: 4920 | U35: -280
A36: Contributia de intretinere a persoanelor asistate | B36: 33.10.13 | E36: =C36+D36 -> 0 | F36: =G36+H36+I36+J36 -> 0 | K36: 0 | L36: 0 | M36: 0 | N36: 0 | O36: 1 | T36: 667 | U36: -33
A37: Contributia elevilor si studentilor pentru internate, camine si cantine | B37: 33.10.14 | E37: =C37+D37 -> 0 | F37: =G37+H37+I37+J37 -> 0 | K37: 0 | L37: 0 | M37: 0 | N37: 0 | O37: 1 | U37: -353
A38: Venituri din valorificarea produselor obtinute din activitatea proprie sau anexa | B38: 33.10.16 | E38: =C38+D38 -> 0 | F38: =G38+H38+I38+J38 -> 0 | K38: 0 | L38: 0 | M38: 0 | N38: 0 | O38: 1
A39: Venituri din organizarea de cursuri de calificare si conversie profesionala, specializare si perfectionare | B39: 33.10.17 | E39: =C39+D39 -> 0 | F39: =G39+H39+I39+J39 -> 0 | K39: 0 | L39: 0 | M39: 0 | N39: 0 | O39: 1
A40: Venituri din serbari si spectacole scolare, manifestari culturale, artistice si sportive | B40: 33.10.19 | E40: =C40+D40 -> 0 | F40: =G40+H40+I40+J40 -> 0 | K40: 0 | L40: 0 | M40: 0 | N40: 0 | O40: 1
A41: Venituri din cercetare | B41: 33.10.20 | E41: =C41+D41 -> 0 | F41: =G41+H41+I41+J41 -> 0 | K41: 0 | L41: 0 | M41: 0 | N41: 0 | O41: 1
A42: Venituri din contractele incheiate cu casele de asigurari sociale de sanatate | B42: 33.10.21 | C42: 4964 | E42: =C42+D42 -> 4964 | F42: =G42+H42+I42+J42 -> 5126 | G42: 1300 | H42: 1300 | I42: 1300 | J42: 1226 | K42: 0 | L42: 6200 | M42: 6250 | N42: 6300 | O42: 1 | P42: =Q42+R42+S42+T42 -> 0 | U42: =G42+H42 -> 2600
A43: Venituri din contractele incheiate cu DSP din sume alocate de la bugetul de stat | B43: 33.10.30 | C43: 1040 | E43: =C43+D43 -> 1040 | F43: =G43+H43+I43+J43 -> 825 | G43: 300 | H43: 300 | I43: 225 | J43: 0 | K43: 0 | L43: 0 | M43: 0 | N43: 0 | O43: 1 | P43: =Q43+R43+S43+T43 -> 0 | U43: =G43+H43 -> 600
A44: Venituri din contractele incheiate cu directiile de sanatate publica din sume alocate din veniturile proprii ale Ministerului Sanatatii | B44: 33.10.31 | E44: =C44+D44 -> 0 | F44: =G44+H44+I44+J44 -> 0 | K44: 0 | L44: 0 | M44: 0 | N44: 0 | O44: 1
A45: Venituri din contractele incheiate cu institutiile de medicina legala | B45: 33.10.32 | E45: =C45+D45 -> 0 | F45: =G45+H45+I45+J45 -> 0 | K45: 0 | L45: 0 | M45: 0 | N45: 0 | O45: 1
A46: Alte venituri din prestari de servicii si alte activitati | B46: 33.10.50 | C46: 0 | E46: =C46+D46 -> 0 | F46: =G46+H46+I46+J46 -> 1 | G46: 1 | H46: 0 | I46: 0 | J46: 0 | K46: 0 | L46: 0 | M46: 0 | N46: 0 | O46: 1 | P46: =Q46+R46+S46+T46 -> 0
A47: Venituri din taxe administrative, eliberari permise (cod 34.10.50) | B47: 34.10 | C47: =C48 -> 0 | D47: =D48 -> 0 | E47: =E48 -> 0 | F47: =F48 -> 0 | G47: =G48 -> 0 | H47: =H48 -> 0 | I47: =I48 -> 0 | J47: =J48 -> 0 | ... N47: =N48 -> 0
A48: Alte venituri din taxe administrative, eliberari permise | B48: 34.10.50 | E48: =C48+D48 -> 0 | F48: =G48+H48+I48+J48 -> 0 | K48: 0 | L48: 0 | M48: 0 | N48: 0 | O48: 1
A49: Amenzi, penalitati si confiscari (cod 35.10.50) | B49: 35.10 | C49: =C50 -> 0 | D49: =D50 -> 0 | E49: =E50 -> 0 | F49: =F50 -> 0 | G49: =G50 -> 0 | H49: =H50 -> 0 | I49: =I50 -> 0 | J49: =J50 -> 0 | ... N49: =N50 -> 0
A50: Alte amenzi, penalitati si confiscari | B50: 35.10.50 | E50: =C50+D50 -> 0 | F50: =G50+H50+I50+J50 -> 0 | K50: 0 | L50: 0 | M50: 0 | N50: 0 | O50: 1
A51: Diverse venituri (cod 36.10.04+36.10.32+36.10.50) | B51: 36.10 | C51: =C52+C53+C56 -> 0 | D51: =D52+D53+D56 -> 0 | E51: =E52+E53+E56 -> 0 | F51: =F52+F53+F56 -> 0 | G51: =G52+G53+G56 -> 0 | H51: =H52+H53+H56 -> 0 | I51: =I52+I53+I56 -> 0 | J51: =J52+J53+J56 -> 0 | ... N51: =N52+N53+N56 -> 0
A52: Venituri din producerea riscurilor asigurate | B52: 36.10.04 | E52: =C52+D52 -> 0 | F52: =G52+H52+I52+J52 -> 0 | K52: 0 | L52: 0 | M52: 0 | N52: 0 | O52: 1
A53: Sume provenite din finantarea bugetara a anilor precedenti (cod 36.10.32.02+36.10.32.03) | B53: 36.10.32 | C53: =C54+C55 -> 0 | D53: =D54+D55 -> 0 | E53: =E54+E55 -> 0 | F53: =F54+F55 -> 0 | G53: =G54+G55 -> 0 | H53: =H54+H55 -> 0 | I53: =I54+I55 -> 0 | J53: =J54+J55 -> 0 | ... N53: =N54+N55 -> 0
A54: Sume provenite din finantarea bugetara a anilor precedenti, aferente sectiunii de dezvoltare | B54: 36.10.32.02 | E54: =C54+D54 -> 0 | F54: =G54+H54+I54+J54 -> 0 | K54: 0 | L54: 0 | M54: 0 | N54: 0 | O54: 2
A55: Sume provenite din finantarea bugetara a anilor precedenti, aferente sectiunii de functionare | B55: 36.10.32.03 | E55: =C55+D55 -> 0 | F55: =G55+H55+I55+J55 -> 0 | K55: 0 | L55: 0 | M55: 0 | N55: 0 | O55: 1
A56: Alte venituri | B56: 36.10.50 | E56: =C56+D56 -> 0 | F56: =G56+H56+I56+J56 -> 0 | K56: 0 | L56: 0 | M56: 0 | N56: 0 | O56: 1
A57: Transferuri voluntare, altele decat subventiile (cod 37.10.01+37.10.03+37.10.04+37.10.50) | B57: 37.10 | C57: =C58+C59+C60+C61 -> 0 | E57: =E58+E59+E60+E61 -> 0 | F57: =F58+F59+F60+F61 -> 0 | G57: =G58+G59+G60+G61 -> 0 | H57: =H58+H59+H60+H61 -> 0 | I57: =I58+I59+I60+I61 -> 0 | J57: =J58+J59+J60+J61 -> 0 | K57: =K58+K59+K60+K61 -> 15 | L57: =L58+L59+L60+L61 -> 0 | ... N57: =N58+N59+N60+N61 -> 0 | P57: =Q57+R57+S57+T57 -> 0
A58: Donatii si sponsorizari | B58: 37.10.01 | E58: =C58+D58 -> 0 | F58: =G58+H58+I58+J58 -> 0 | K58: 0 | L58: 0 | M58: 0 | N58: 0 | O58: 1
A59: Varsaminte din sectiunea de functionare pentru finantarea sectiunii de dezvoltare a bugetului local (cu semnul minus) | B59: 37.10.03 | C59: 0 | E59: =C59+D59 -> 0 | F59: =G59+H59+I59+J59 -> 0 | G59: 0 | H59: 0 | I59: 0 | J59: 0 | K59: 0 | L59: 0 | M59: 0 | N59: 0 | O59: 1 | P59: =Q59+R59+S59+T59 -> 0 | U59: =G59+H59 -> 0
A60: Varsaminte din sectiunea de functionare | B60: 37.10.04 | C60: 0 | E60: 0 | F60: =G60+H60+I60+J60 -> 0 | G60: 0 | H60: 0 | I60: 0 | J60: 0 | K60: 15 | L60: 0 | M60: 0 | N60: 0 | O60: 2 | P60: =Q60+R60+S60+T60 -> 0 | U60: =G60+H60 -> 0
A61: Alte transferuri voluntare | B61: 37.10.50 | E61: =C61+D61 -> 0 | F61: =G61+H61+I61+J61 -> 0 | K61: 0 | L61: 0 | M61: 0 | N61: 0 | O61: 1
A62: II. VENITURI DIN CAPITAL (cod 39.10) | B62: 00.15 | C62: =C63 -> 0 | D62: =D63 -> 0 | E62: =E63 -> 0 | F62: =F63 -> 0 | G62: =G63 -> 0 | H62: =H63 -> 0 | I62: =I63 -> 0 | J62: =J63 -> 0 | ... N62: =N63 -> 0
A63: Venituri din valorificarea unor bunuri (cod 39.10.01+39.10.50) | B63: 39.10 | C63: =C64+C65 -> 0 | D63: =D64+D65 -> 0 | E63: =E64+E65 -> 0 | F63: =F64+F65 -> 0 | G63: =G64+G65 -> 0 | H63: =H64+H65 -> 0 | I63: =I64+I65 -> 0 | J63: =J64+J65 -> 0 | ... N63: =N64+N65 -> 0
A64: Venituri din valorificarea unor bunuri ale institutiilor publice | B64: 39.10.01 | E64: =C64+D64 -> 0 | F64: =G64+H64+I64+J64 -> 0 | K64: 0 | L64: 0 | M64: 0 | N64: 0 | O64: 2
A65: Alte venituri din valorificarea unor bunuri | B65: 39.10.50 | E65: =C65+D65 -> 0 | F65: =G65+H65+I65+J65 -> 0 | K65: 0 | L65: 0 | M65: 0 | N65: 0 | O65: 2
A66: III. OPERATIUNI FINANCIARE (cod 40.10+41.10) | B66: 00.16 | C66: =C67+C72 -> 0 | D66: =D67+D72 -> 0 | E66: =E67+E72 -> 0 | F66: =F67+F72 -> 0 | G66: =G67+G72 -> 0 | H66: =H67+H72 -> 0 | I66: =I67+I72 -> 0 | J66: =J67+J72 -> 0 | ... N66: =N67+N72 -> 0
A67: Incasari din rambursarea imprumuturilor acordate (cod 40.10.15+40.10.16) | B67: 40.10 | C67: =C68+C71 -> 0 | D67: =D68+D71 -> 0 | E67: =E68+E71 -> 0 | F67: =F68+F71 -> 0 | G67: =G68+G71 -> 0 | H67: =H68+H71 -> 0 | I67: =I68+I71 -> 0 | J67: =J68+J71 -> 0 | ... N67: =N68+N71 -> 0
A68: Sume utilizate din excedentul anului precedent pentru efectuarea de cheltuieli (cod 40.10.15.01+40.10.15.02) | B68: 40.10.15 | C68: =C69+C70 -> 0 | D68: =D69+D70 -> 0 | E68: =E69+E70 -> 0 | F68: =F69+F70 -> 0 | G68: =G69+G70 -> 0 | H68: =H69+H70 -> 0 | I68: =I69+I70 -> 0 | J68: =J69+J70 -> 0 | ... N68: =N69+N70 -> 0
A69: Sume utilizate de administratiile locale din excedentul anului precedent pentru sectiunea de functionare | B69: 40.10.15.01 | E69: =C69+D69 -> 0 | F69: =G69+H69+I69+J69 -> 0 | K69: 0 | L69: 0 | M69: 0 | N69: 0 | O69: 1
A70: Sume utilizate de administratiile locale din excedentul anului precedent pentru sectiunea de dezvoltare | B70: 40.10.15.02 | E70: =C70+D70 -> 0 | F70: =G70+H70+I70+J70 -> 0 | K70: 0 | L70: 0 | M70: 0 | N70: 0 | O70: 2
A71: Sume primite in cadrul mecanismului decontarii cererilor de plata | B71: 40.10.16 | E71: =C71+D71 -> 0 | F71: =G71+H71+I71+J71 -> 0 | K71: 0 | L71: 0 | M71: 0 | N71: 0 | O71: 2
A72: Alte operatiuni financiare (cod. 41.10.06+41.10.11) | B72: 41.10 | C72: =C73+C74+C75 -> 0 | D72: =D73+D74+D75 -> 0 | E72: =E73+E74+E75 -> 0 | F72: =F73+F74+F75 -> 0 | G72: =G73+G74+G75 -> 0 | H72: =H73+H74+H75 -> 0 | I72: =I73+I74+I75 -> 0 | J72: =J73+J74+J75 -> 0 | ... N72: =N73+N74+N75 -> 0
A73: Sume din excedentul anului precedent pentru acoperirea golurilor temporare de casa | B73: 41.10.06 | E73: =C73+D73 -> 0 | F73: =G73+H73+I73+J73 -> 0 | K73: 0 | L73: 0 | M73: 0 | N73: 0 | O73: 1 | P73: =Q73+R73+S73+T73 -> 0
A74: Imprumuturi de la bugetul local | B74: 41.10.11 | E74: =C74+D74 -> 0 | F74: =G74+H74+I74+J74 -> 0 | K74: 0 | L74: 0 | M74: 0 | N74: 0 | O74: 1
A75: Sume alocate din Fondul de Dezvoltare si Investitii | B75: 41.10.14 | E75: =C75+D75 -> 0 | F75: =G75+H75+I75+J75 -> 0 | K75: 0 | L75: 0 | M75: 0 | N75: 0 | O75: 2
A76: IV. SUBVENTII (cod 00.18) | B76: 00.17 | C76: =C77 -> 11621.08 | E76: =E77 -> 11621.08 | F76: =F77 -> 11361.075 | G76: =G77 -> 2582 | H76: =H77 -> 4019.075 | I76: =I77 -> 2470 | J76: =J77 -> 2290 | K76: =K77 -> 0 | L76: =L77 -> 11332 | ... N76: =N77 -> 11936 | P76: =Q76+R76+S76+T76 -> 0 | U76: =G76+H76 -> 6601.075
A77: SUBVENTII DE LA ALTE NIVELE ALE ADMINISTRATIEI PUBLICE (cod 42.10+43.10) | B77: 00.18 | C77: =C78+C83+C87 -> 11621.08 | E77: =E78+E83+E87 -> 11621.08 | F77: =F78+F83+F87 -> 11361.075 | G77: =G78+G83+G87 -> 2582 | H77: =H78+H83+H87 -> 4019.075 | I77: =I78+I83+I87 -> 2470 | J77: =J78+J83+J87 -> 2290 | K77: =K78+K87 -> 0 | L77: =L78+L87 -> 11332 | M77: =M78+M87 -> 11384 | N77: =N78+N87 -> 11936 | P77: =Q77+R77+S77+T77 -> 0
A78: Subventii de la bugetul de stat (cod 42.10.11+42.10.39+42.10.43+42.10.62+42.10.70) | B78: 42.10 | C78: =C82 -> 0 | E78: =E82 -> 0 | F78: =F82 -> 0 | G78: =G82 -> 0 | H78: =H82 -> 0 | I78: =I82 -> 0 | J78: =J82 -> 0 | K78: =K79+K80+K81+K85+K86 -> 0 | L78: =L79+L80+L81+L85+L86 -> 0 | M78: =M79+M80+M81+M85+M86 -> 0 | N78: =N79+N80+N81+N85+N86 -> 0 | P78: =Q78+R78+S78+T78 -> 0
A79: Subventii de la bugetul de stat pentru spitale | B79: 42.10.11 | E79: =C79+D79 -> 0 | F79: =G79+H79+I79+J79 -> 0 | K79: 0 | L79: 0 | M79: 0 | N79: 0 | O79: 1
A80: Subventii de la bugetul de stat catre institutii publice finantate partial sau integral din venituri proprii pentru proiecte finantate din FEN postaderare | B80: 42.10.39 | E80: =C80+D80 -> 0 | F80: =G80+H80+I80+J80 -> 0 | K80: 0 | L80: 0 | M80: 0 | N80: 0 | O80: 2
A81: Sume primite de institutiile publice si activitatile finantate integral sau partial din venituri proprii in cadrul programelor FEGA implementate de APIA | B81: 42.10.43 | E81: =C81+D81 -> 0 | F81: =G81+H81+I81+J81 -> 0 | K81: 0 | L81: 0 | M81: 0 | N81: 0 | O81: 1
A82: Sume alocate pentru stimulent de risc de la bugetul de stat | B82: 42.10.82 | C82: 0 | D82: 0 | E82: 0 | F82: 0 | G82: 0 | H82: 0 | I82: 0 | J82: 0
A83: Alocari sume din PNRR aferente asistentei financiare nerambursabile | B83: 42.88 | C83: 1439.08 | E83: =C83+D83 -> 1439.08 | F83: =G83+H83+I83+J83 -> 1439.075 | G83: =G84+G85 -> 0 | H83: =H84+H85 -> 1439.075 | I83: =I84+I85 -> 0 | J83: =J84+J85 -> 0 | U83: =G83+H83 -> 1439.075
A84: Fonduri europene nerambursabile | B84: 42.88.01 | C84: 1209.31 | E84: =C84+D84 -> 1209.31 | F84: =G84+H84+I84+J84 -> 1209.307 | G84: 0 | H84: 1209.307 | I84: 0 | J84: 0 | U84: =G84+H84 -> 1209.307
A85: Sume aferente TVA | B85: 42.88.03 | C85: 229.77 | E85: =C85+D85 -> 229.77 | F85: =G85+H85+I85+J85 -> 229.768 | G85: 0 | H85: 229.768 | I85: 0 | J85: 0 | K85: 0 | L85: 0 | M85: 0 | N85: 0 | O85: 1 | P85: =Q85+R85+S85+T85 -> 0 | U85: =G85+H85 -> 229.768
A86: Subventii de la bugetul d stat catre institutii publice finantate partial sau integral din venituri proprii necesare sustinerii derularii proiectelor finantate din fonduri externe nerambursabile (FEN) postaderare aferente perioadei de programe 2014-2020 | B86: 42.10.70 | E86: =C86+D86 -> 0 | F86: =G86+H86+I86+J86 -> 0 | K86: 0 | L86: 0 | M86: 0 | N86: 0 | O86: 2
A87: Subventii de la alte administratii (cod 43.10.09+43.10.10+43.10.14+43.10.15+43.10.16+43.10.17+43.10.19+43.10.31+43.10.33) | B87: 43.10 | C87: =C88+C89+C90+C91+C92+C96+C100+C101+C102+C103 -> 10182 | D87: =D88+D89+D90+D91+D92+D96+D100+D101+D102+D103 -> 0 | E87: =E88+E89+E90+E91+E92+E96+E100+E101+E102+E103 -> 10182 | F87: =F88+F89+F90+F91+F92+F96+F100+F101+F102+F103 -> 9922 | G87: =G88+G89+G90+G91+G92+G96+G100+G101+G102+G103 -> 2582 | H87: =H88+H89+H90+H91+H92+H96+H100+H101+H102+H103 -> 2580 | I87: =I88+I89+I90+I91+I92+I96+I100+I101+I102+I103 -> 2470 | J87: =J88+J89+J90+J91+J92+J96+J100+J101+J102+J103 -> 2290 | ... N87: =N88+N89+N90+N91+N92+N96+N100+N101+N102+N103 -> 11936 | P87: =Q87+R87+S87+T87 -> 0 | U87: =G87+H87 -> 5162
A88: Subventii pentru institutii publice | B88: 43.10.09 | E88: =C88+D88 -> 0 | F88: =G88+H88+I88+J88 -> 0 | K88: 0 | L88: 0 | M88: 0 | N88: 0 | O88: 1
A89: Subventii din bugetele locale pentru finantarea cheltuielilor curente din domeniul sanatatii | B89: 43.10.10 | C89: 1022 | E89: =C89+D89 -> 1022 | F89: =G89+H89+I89+J89 -> 700 | G89: 332 | H89: 330 | I89: 38 | K89: 0 | L89: 0 | M89: 0 | N89: 0 | O89: 1 | P89: =Q89+R89+S89+T89 -> 216 | Q89: 54 | R89: 54 | S89: 54 | T89: 54 | U89: =G89+H89 -> 662 | W89: 16
A90: Subventii din bugetele locale pentru finantarea cheltuielilor de capital din domeniul sanatatii | B90: 43.10.14 | C90: 0 | E90: =C90+D90 -> 0 | F90: =G90+H90+I90+J90 -> 0 | G90: 0 | H90: 0 | I90: 0 | J90: 0 | K90: 0 | L90: 0 | M90: 0 | N90: 0 | O90: 2 | P90: =Q90+R90+S90+T90 -> 0 | U90: =G90+H90 -> 0
A91: Subventii din bugetul local pentru finantarea camerelor agricole | B91: 43.10.15 | E91: =C91+D91 -> 0 | F91: =G91+H91+I91+J91 -> 0 | K91: 0 | L91: 0 | M91: 0 | N91: 0 | O91: 1
A92: Sume din bugetul de stat catre bugetele locale pentru finantarea investitiilor in sanatate (cod 43.10.16.01+43.10.16.02+43.10.16.03) | B92: 43.10.16 | C92: =C93+C94+C95 -> 0 | D92: =D93+D94+D95 -> 0 | E92: =E93+E94+E95 -> 0 | F92: =F93+F94+F95 -> 0 | G92: =G93+G94+G95 -> 0 | H92: =H93+H94+H95 -> 0 | I92: =I93+I94+I95 -> 0 | J92: =J93+J94+J95 -> 0 | ... N92: =N93+N94+N95 -> 0
A93: Sume din bugetul de stat catre bugetele locale pentru finantarea aparaturii medicale si echipamentelor de comunicatii in urgenta in sanatate | B93: 43.10.16.01 | C93: 0 | E93: =C93+D93 -> 0 | F93: =G93+H93+I93+J93 -> 0 | G93: 0 | H93: 0 | I93: 0 | J93: 0 | K93: 0 | L93: 0 | M93: 0 | N93: 0 | O93: 2
A94: Sume din bugetul de stat catre bugetele locale pentru finantarea reparatiilor capitale in sanatate | B94: 43.10.16.02 | E94: =C94+D94 -> 0 | F94: =G94+H94+I94+J94 -> 0 | K94: 0 | L94: 0 | M94: 0 | N94: 0 | O94: 2
A95: Sume din bugetul de stat catre bugetele locale pentru finatarea altor investitii in sanatate | B95: 43.10.16.03 | E95: =C95+D95 -> 0 | F95: =G95+H95+I95+J95 -> 0 | K95: 0 | L95: 0 | M95: 0 | N95: 0 | O95: 2
A96: Sume din veniturile proprii ale Ministerului Sanatatii catre bugetele locale pentru finatarea investitiilor in sanatate (cod 43.10.17.01+43.10.17.02+43.10.17.03) | B96: 43.10.17 | C96: =C97+C98+C99 -> 0 | D96: =D97+D98+D99 -> 0 | E96: =E97+E98+E99 -> 0 | F96: =F97+F98+F99 -> 0 | G96: =G97+G98+G99 -> 0 | H96: =H97+H98+H99 -> 0 | I96: =I97+I98+I99 -> 0 | J96: =J97+J98+J99 -> 0 | ... N96: =N97+N98+N99 -> 0
A97: Sume din veniturile proprii ale Ministerului Sanatatii catre bugetele locale pentru finantarea aparaturii medicale si echipamentelor de comunicatii in urgenta in sanatate | B97: 43.10.17.01 | E97: =C97+D97 -> 0 | F97: =G97+H97+I97+J97 -> 0 | K97: 0 | L97: 0 | M97: 0 | N97: 0 | O97: 2
A98: Sume din veniturile proprii ale Ministerului Sanatatii catre bugetele locale pentru finantarea reparatiilor capitale in sanatate | B98: 43.10.17.02 | E98: =C98+D98 -> 0 | F98: =G98+H98+I98+J98 -> 0 | K98: 0 | L98: 0 | M98: 0 | N98: 0 | O98: 2
A99: Sume din veniturile proprii ale Ministerului Sanatatii catre bugetele locale pentru finantarea altor investitii in sanatate | B99: 43.10.17.03 | E99: =C99+D99 -> 0 | F99: =G99+H99+I99+J99 -> 0 | K99: 0 | L99: 0 | M99: 0 | N99: 0 | O99: 2
A100: Subventii pentru institutiile publice destinate sectiunii de dezvoltare | B100: 43.10.19 | E100: =C100+D100 -> 0 | F100: =G100+H100+I100+J100 -> 0 | K100: 0 | L100: 0 | M100: 0 | N100: 0 | O100: 2
A101: Sume alocate din bugetul AFIR, pentru sustinerea proiectelor din PNDR 2014-2020 | B101: 43.10.31 | E101: =C101+D101 -> 0 | F101: =G101+H101+I101+J101 -> 0 | K101: 0 | L101: 0 | M101: 0 | N101: 0 | O101: 2 | U101: =G101+H101 -> 0
A102: Subventii din bugetul Fondului national unic de asigurari sociale de sanatate pentru acoperirea cresterilor salariale | B102: 43.10.33 | C102: 9160 | E102: =C102+D102 -> 9160 | F102: =G102+H102+I102+J102 -> 9222 | G102: 2250 | H102: 2250 | I102: 2432 | J102: 2290 | K102: 0 | L102: 11332 | M102: 11384 | N102: 11936 | O102: 1 | P102: =Q102+R102+S102+T102 -> 0 | U102: =G102+H102 -> 4500
A103: Sume alocate pentru stimulent de risc de la FNUASS | B103: 43.10.40 | C103: 0 | E103: =C103+D103 -> 0 | F103: =G103+H103+I103+J103 -> 0 | G103: 0 | H103: 0 | I103: 0 | J103: 0 | O103: 1 | P103: =Q103+R103+S103+T103 -> 0
A104: Sume primite de la UE/alti donatori in contul platilor efectuate si prefinantari (cod 45.10.01 la 45.10.05+45.10.07+45.10.08+45.10.15+45.10.16+45.10.17+45.10.18+45.10.19+45.10.20+45.10.21) | B104: 45.10 | C104: =C105+C108+C111+C114+C119+C122+C127+C132+C137+C142+C147+C152+C156+C161 -> 0 | D104: =D105+D108+D111+D114+D119+D122+D127+D132+D137+D142+D147+D152+D156+D161 -> 0 | E104: =E105+E108+E111+E114+E119+E122+E127+E132+E137+E142+E147+E152+E156+E161 -> 0 | F104: =F105+F108+F111+F114+F119+F122+F127+F132+F137+F142+F147+F152+F156+F161 -> 0 | G104: =G105+G108+G111+G114+G119+G122+G127+G132+G137+G142+G147+G152+G156+G161 -> 0 | H104: =H105+H108+H111+H114+H119+H122+H127+H132+H137+H142+H147+H152+H156+H161 -> 0 | I104: =I105+I108+I111+I114+I119+I122+I127+I132+I137+I142+I147+I152+I156+I161 -> 0 | J104: =J105+J108+J111+J114+J119+J122+J127+J132+J137+J142+J147+J152+J156+J161 -> 0 | ... N104: =N105+N108+N111+N114+N119+N122+N127+N132+N137+N142+N147+N152+N156+N161 -> 0
...

Sheet TG. BUJOR 2024 nov.2024 (2)
A1: SPITALUL ORĂŞENESC TG. BUJOR | C1: Ordonator principal de credite, | L1: Director executiv,
A2: Nr. Înregistrare. 40495 din 14.11.2024 | C2: Fotea Costel | F2: Fotea Costel | H2: Director executiv, | L2: Stoica George
H3: Stoica George
A7: BUGETUL INSTITUŢIILOR PUBLCE ŞI ACTIVITĂŢILOR FINANŢATE INTEGRAL SAU PARŢIAL DIN VENITURI PROPRII, PE ANUL 2024
A9: HCJ nr.336/27.11.2024 | N9: -mii lei-
A10: DENUMIRE INDICATOR | B10: ARTICOL | C10: BUGET 2024 | L10: 2025 | M10: 2026 | N10: 2027
C11: BUGET INITIAL | D11: INFLU ENTE | E11: BUGET FINAL | F11: TOTAL an | G11: TRIM. I | H11: TRIM. II | I11: TRIM. III | J11: TRIM. IV | K11: Din care credite bugetare destinate stingerii platilor restante | P11: total infl. | Q11: TRIM. I | R11: TRIM. II | S11: TRIM. III | T11: TRIM. IV | V11: TRIM. II | W11: TRIM. III | X11: TRIM. IV
A12: 1 | B12: 2 | C12: 3 | D12: 4 | E12: 5 | F12: 3 | G12: 4 | H12: 5 | I12: 5 | J12: 7 | K12: 11 | L12: 12 | M12: 13 | N12: 14 | Q12: 7 | R12: 8 | S12: 9 | T12: 10
A13: TOTAL VENITURI (cod 00.02+00.15+00.16+00.17+45.10+48.10) | B13: 00.01 | C13: =C14+C63+C67+C77+C105+C167 -> 17782.08 | D13: =D14+D63+D67+D77+D105+D167 -> 90 | E13: =E14+E63+E67+E77+E105+E167 -> 17872.08 | F13: =F14+F63+F67+F77+F105+F167 -> 17872.075 | G13: =G14+G63+G67+G77+G105+G167 -> 3931 | H13: =H14+H63+H67+H77+H105+H167 -> 5360.075 | I13: =I14+I63+I67+I77+I105+I167 -> 4161 | J13: =J14+J63+J67+J77+J105+J167 -> 4420 | ... X13: =X14+X63+X67+X77+X105+X167 -> 0
A14: I. VENITURI CURENTE (cod 00.03+00.12) | B14: 00.02 | C14: =C15+C20 -> 5561 | D14: =D15+D20 -> 590 | E14: =E15+E20 -> 6151 | F14: =F15+F20 -> 6151 | G14: =G15+G20 -> 1595 | H14: =H15+H20 -> 1385 | I14: =I15+I20 -> 1525 | J14: =J15+J20 -> 1646 | ... N14: =N15+N20 -> 5970 | P14: =Q14+R14+S14+T14 -> 0 | U14: =G14+H14 -> 2980
A15: A. VENITURI FISCALE (cod 00.10) | B15: 00.03 | C15: =C16 -> 0 | D15: =D16 -> 0 | E15: =E16 -> 0 | F15: =F16 -> 0 | G15: =G16 -> 0 | H15: =H16 -> 0 | I15: =I16 -> 0 | J15: =J16 -> 0 | ... N15: =N16 -> 0 | P15: =Q15+R15+S15+T15 -> 0
A16: A4. IMPOZITE SI TAXE PE BUNURI SI SERVICII (cod 15.10) | B16: 00.10 | C16: =C17 -> 0 | D16: =D17 -> 0 | E16: =E17 -> 0 | F16: =F17 -> 0 | G16: =G17 -> 0 | H16: =H17 -> 0 | I16: =I17 -> 0 | J16: =J17 -> 0 | ... N16: =N17 -> 0 | P16: =Q16+R16+S16+T16 -> 0
A17: Taxe pe servicii specifice (cod 15.10.01+15.10.50) | B17: 15.10 | C17: =C18+C19 -> 0 | D17: =D18+D19 -> 0 | E17: =E18+E19 -> 0 | F17: =F18+F19 -> 0 | G17: =G18+G19 -> 0 | H17: =H18+H19 -> 0 | I17: =I18+I19 -> 0 | J17: =J18+J19 -> 0 | ... N17: =N18+N19 -> 0
A18: Impozit pe spectacole | B18: 15.10.01 | E18: =C18+D18 -> 0 | F18: =G18+H18+I18+J18 -> 0 | K18: 0 | L18: 0 | M18: 0 | N18: 0 | O18: 1
A19: Alte taxe pe servicii specifice | B19: 15.10.50 | E19: =C19+D19 -> 0 | F19: =G19+H19+I19+J19 -> 0 | K19: 0 | L19: 0 | M19: 0 | N19: 0 | O19: 1
A20: C. VENITURI NEFISCALE (cod 00.13+00.14) | B20: 00.12 | C20: =C21+C32 -> 5561 | D20: =D21+D32 -> 590 | E20: =E21+E32 -> 6151 | F20: =F21+F32 -> 6151 | G20: =G21+G32 -> 1595 | H20: =H21+H32 -> 1385 | I20: =I21+I32 -> 1525 | J20: =J21+J32 -> 1646 | ... N20: =N21+N32 -> 5970
A21: C1. VENITURI DIN PROPRIETATE (cod 30.10+31.10) | B21: 00.13 | C21: =C22+C30 -> 0 | D21: =D22+D30 -> 0 | E21: =E22+E30 -> 0 | F21: =F22+F30 -> 0 | G21: =G22+G30 -> 0 | H21: =H22+H30 -> 0 | I21: =I22+I30 -> 0 | J21: =J22+J30 -> 0 | ... N21: =N22+N30 -> 0 | P21: =Q21+R21+S21+T21 -> 0
A22: Venituri din proprietate (cod 30.10.05+30.10.08+30.10.09+30.10.50) | B22: 30.10 | C22: =C23+C25+C28+C29 -> 0 | D22: =D23+D25+D28+D29 -> 0 | E22: =E23+E25+E28+E29 -> 0 | F22: =F23+F25+F28+F29 -> 0 | G22: =G23+G25+G28+G29 -> 0 | H22: =H23+H25+H28+H29 -> 0 | I22: =I23+I25+I28+I29 -> 0 | J22: =J23+J25+J28+J29 -> 0 | ... N22: =N23+N25+N28+N29 -> 0 | P22: =Q22+R22+S22+T22 -> 0
A23: Venituri din concesiuni si inchirieri (cod 30.10.05.30) | B23: 30.10.05 | C23: =C24 -> 0 | D23: =D24 -> 0 | E23: =E24 -> 0 | F23: =F24 -> 0 | G23: =G24 -> 0 | H23: =H24 -> 0 | I23: =I24 -> 0 | J23: =J24 -> 0 | ... N23: =N24 -> 0 | P23: =Q23+R23+S23+T23 -> 0
A24: Alte venituri din concesiuni si inchiriere de catre institutiile publice | B24: 30.10.05.30 | C24: 0 | E24: =C24+D24 -> 0 | F24: =G24+H24+I24+J24 -> 0 | G24: 0 | H24: 0 | I24: 0 | J24: 0 | K24: 0 | L24: 0 | M24: 0 | N24: 0 | O24: 1 | P24: =Q24+R24+S24+T24 -> 0
A25: Venituri din dividende (cod 30.10.08.02+30.10.08.03) | B25: 30.10.08 | C25: =C26+C27 -> 0 | D25: =D26+D27 -> 0 | E25: =E26+E27 -> 0 | F25: =F26+F27 -> 0 | G25: =G26+G27 -> 0 | H25: =H26+H27 -> 0 | I25: =I26+I27 -> 0 | J25: =J26+J27 -> 0 | ... N25: =N26+N27 -> 0
A26: Venituri din dividende de la alti platitori | B26: 30.10.08.02 | E26: =C26+D26 -> 0 | F26: =G26+H26+I26+J26 -> 0 | K26: 0 | L26: 0 | M26: 0 | N26: 0 | O26: 1
A27: Dividende de la societatile si companiile nationale si societatile cu capital majoritar de stat | B27: 30.10.08.03 | E27: =C27+D27 -> 0 | F27: =G27+H27+I27+J27 -> 0 | K27: 0 | L27: 0 | M27: 0 | N27: 0 | O27: 1
A28: Venituri din utilizarea pasunilor comunale | B28: 30.10.09 | E28: =C28+D28 -> 0 | F28: =G28+H28+I28+J28 -> 0 | K28: 0 | L28: 0 | M28: 0 | N28: 0 | O28: 1
A29: Alte venituri din proprietate | B29: 30.10.50 | E29: =C29+D29 -> 0 | F29: =G29+H29+I29+J29 -> 0 | K29: 0 | L29: 0 | M29: 0 | N29: 0 | O29: 1
A30: Venituri din dobanzi (cod 31.10.03) | B30: 31.10 | C30: =C31 -> 0 | D30: =D31 -> 0 | E30: =E31 -> 0 | F30: =F31 -> 0 | G30: =G31 -> 0 | H30: =H31 -> 0 | I30: =I31 -> 0 | J30: =J31 -> 0 | ... N30: =N31 -> 0
A31: Alte venituri din dobanzi | B31: 31.10.03 | E31: =C31+D31 -> 0 | F31: =G31+H31+I31+J31 -> 0 | K31: 0 | L31: 0 | M31: 0 | N31: 0 | O31: 1
A32: C2. VANZARI DE BUNURI SI SERVICII (cod 33.10+34.10+35.10+36.10+37.10) | B32: 00.14 | C32: =C33+C48+C50+C52+C58 -> 5561 | D32: =D33+D48+D50+D52+D58 -> 590 | E32: =E33+E48+E50+E52+E58 -> 6151 | F32: =F33+F48+F50+F52+F58 -> 6151 | G32: =G33+G48+G50+G52+G58 -> 1595 | H32: =H33+H48+H50+H52+H58 -> 1385 | I32: =I33+I48+I50+I52+I58 -> 1525 | J32: =J33+J48+J50+J52+J58 -> 1646 | ... N32: =N33+N48+N50+N52+N58 -> 5970 | P32: =Q32+R32+S32+T32 -> 0
A33: Venituri din prestari servicii si alte activitati (cod 33.10.05+33.10.08+33.10.09+33.10.13+33.10.14+33.10.16+33.10.17+33.10.19+33.10.20+33.10.21+33.10.30 la 33.10.32+33.10.50) | B33: 33.10 | C33: =C34+C35+C36+C37+C38+C39+C40+C41+C42+C43+C44+C45+C46+C47 -> 5561 | D33: =D34+D35+D36+D37+D38+D39+D40+D41+D42+D43+D44+D45+D46+D47 -> 590 | E33: =E34+E35+E36+E37+E38+E39+E40+E41+E42+E43+E44+E45+E46+E47 -> 6151 | F33: =F34+F35+F36+F37+F38+F39+F40+F41+F42+F43+F44+F45+F46+F47 -> 6151 | G33: =G34+G35+G36+G37+G38+G39+G40+G41+G42+G43+G44+G45+G46+G47 -> 1595 | H33: =H34+H35+H36+H37+H38+H39+H40+H41+H42+H43+H44+H45+H46+H47 -> 1385 | I33: =I34+I35+I36+I37+I38+I39+I40+I41+I42+I43+I44+I45+I46+I47 -> 1525 | J33: =J34+J35+J36+J37+J38+J39+J40+J41+J42+J43+J44+J45+J46+J47 -> 1646 | ... X33: =X34+X35+X36+X37+X38+X39+X40+X41+X42+X43+X44+X45+X46+X47 -> #VALUE!
A34: Taxe si alte venituri in invatamant | B34: 33.10.05 | E34: =C34+D34 -> 0 | F34: =G34+H34+I34+J34 -> 0 | K34: 0 | L34: 0 | M34: 0 | N34: 0 | O34: 1 | Q34: 0
A35: Venituri din prestari de servicii | B35: 33.10.08 | C35: 107 | D35: 40 | E35: =C35+D35 -> 147 | F35: =G35+H35+I35+J35 -> 147 | G35: 25 | H35: 35 | I35: 25 | J35: 62 | K35: 0 | L35: 0 | M35: 0 | N35: 0 | O35: 1 | P35: =Q35+R35+S35+T35 -> 0 | U35: =G35+H35 -> 60
A36: Taxe si alte venituri din protectia mediului | B36: 33.10.09 | E36: =C36+D36 -> 0 | F36: =G36+H36+I36+J36 -> 0 | K36: 0 | L36: 0 | M36: 0 | N36: 0 | O36: 1 | T36: 4920 | U36: -280
A37: Contributia de intretinere a persoanelor asistate | B37: 33.10.13 | E37: =C37+D37 -> 0 | F37: =G37+H37+I37+J37 -> 0 | K37: 0 | L37: 0 | M37: 0 | N37: 0 | O37: 1 | T37: 667 | U37: -33
A38: Contributia elevilor si studentilor pentru internate, camine si cantine | B38: 33.10.14 | E38: =C38+D38 -> 0 | F38: =G38+H38+I38+J38 -> 0 | K38: 0 | L38: 0 | M38: 0 | N38: 0 | O38: 1 | U38: -353
A39: Venituri din valorificarea produselor obtinute din activitatea proprie sau anexa | B39: 33.10.16 | E39: =C39+D39 -> 0 | F39: =G39+H39+I39+J39 -> 0 | K39: 0 | L39: 0 | M39: 0 | N39: 0 | O39: 1
A40: Venituri din organizarea de cursuri de calificare si conversie profesionala, specializare si perfectionare | B40: 33.10.17 | E40: =C40+D40 -> 0 | F40: =G40+H40+I40+J40 -> 0 | K40: 0 | L40: 0 | M40: 0 | N40: 0 | O40: 1
A41: Venituri din serbari si spectacole scolare, manifestari culturale, artistice si sportive | B41: 33.10.19 | E41: =C41+D41 -> 0 | F41: =G41+H41+I41+J41 -> 0 | K41: 0 | L41: 0 | M41: 0 | N41: 0 | O41: 1
A42: Venituri din cercetare | B42: 33.10.20 | E42: =C42+D42 -> 0 | F42: =G42+H42+I42+J42 -> 0 | K42: 0 | L42: 0 | M42: 0 | N42: 0 | O42: 1
A43: Venituri din contractele incheiate cu casele de asigurari sociale de sanatate | B43: 33.10.21 | C43: 4414 | D43: 550 | E43: =C43+D43 -> 4964 | F43: =G43+H43+I43+J43 -> 4964 | G43: 1200 | H43: 1000 | I43: 1180 | J43: 1584 | K43: 0 | L43: 6040 | M43: 6005 | N43: 5970 | O43: 1 | P43: =Q43+R43+S43+T43 -> 0 | U43: =G43+H43 -> 2200
A44: Venituri din contractele incheiate cu DSP din sume alocate de la bugetul de stat | B44: 33.10.30 | C44: 1040 | E44: =C44+D44 -> 1040 | F44: =G44+H44+I44+J44 -> 1040 | G44: 370 | H44: 350 | I44: 320 | J44: 0 | K44: 0 | L44: 0 | M44: 0 | N44: 0 | O44: 1 | P44: =Q44+R44+S44+T44 -> 0 | U44: =G44+H44 -> 720
A45: Venituri din contractele incheiate cu directiile de sanatate publica din sume alocate din veniturile proprii ale Ministerului Sanatatii | B45: 33.10.31 | E45: =C45+D45 -> 0 | F45: =G45+H45+I45+J45 -> 0 | K45: 0 | L45: 0 | M45: 0 | N45: 0 | O45: 1
A46: Venituri din contractele incheiate cu institutiile de medicina legala | B46: 33.10.32 | E46: =C46+D46 -> 0 | F46: =G46+H46+I46+J46 -> 0 | K46: 0 | L46: 0 | M46: 0 | N46: 0 | O46: 1
A47: Alte venituri din prestari de servicii si alte activitati | B47: 33.10.50 | C47: 0 | E47: =C47+D47 -> 0 | F47: =G47+H47+I47+J47 -> 0 | G47: 0 | H47: 0 | I47: 0 | J47: 0 | K47: 0 | L47: 0 | M47: 0 | N47: 0 | O47: 1 | P47: =Q47+R47+S47+T47 -> 0
A48: Venituri din taxe administrative, eliberari permise (cod 34.10.50) | B48: 34.10 | C48: =C49 -> 0 | D48: =D49 -> 0 | E48: =E49 -> 0 | F48: =F49 -> 0 | G48: =G49 -> 0 | H48: =H49 -> 0 | I48: =I49 -> 0 | J48: =J49 -> 0 | ... N48: =N49 -> 0
A49: Alte venituri din taxe administrative, eliberari permise | B49: 34.10.50 | E49: =C49+D49 -> 0 | F49: =G49+H49+I49+J49 -> 0 | K49: 0 | L49: 0 | M49: 0 | N49: 0 | O49: 1
A50: Amenzi, penalitati si confiscari (cod 35.10.50) | B50: 35.10 | C50: =C51 -> 0 | D50: =D51 -> 0 | E50: =E51 -> 0 | F50: =F51 -> 0 | G50: =G51 -> 0 | H50: =H51 -> 0 | I50: =I51 -> 0 | J50: =J51 -> 0 | ... N50: =N51 -> 0
A51: Alte amenzi, penalitati si confiscari | B51: 35.10.50 | E51: =C51+D51 -> 0 | F51: =G51+H51+I51+J51 -> 0 | K51: 0 | L51: 0 | M51: 0 | N51: 0 | O51: 1
A52: Diverse venituri (cod 36.10.04+36.10.32+36.10.50) | B52: 36.10 | C52: =C53+C54+C57 -> 0 | D52: =D53+D54+D57 -> 0 | E52: =E53+E54+E57 -> 0 | F52: =F53+F54+F57 -> 0 | G52: =G53+G54+G57 -> 0 | H52: =H53+H54+H57 -> 0 | I52: =I53+I54+I57 -> 0 | J52: =J53+J54+J57 -> 0 | ... N52: =N53+N54+N57 -> 0
A53: Venituri din producerea riscurilor asigurate | B53: 36.10.04 | E53: =C53+D53 -> 0 | F53: =G53+H53+I53+J53 -> 0 | K53: 0 | L53: 0 | M53: 0 | N53: 0 | O53: 1
A54: Sume provenite din finantarea bugetara a anilor precedenti (cod 36.10.32.02+36.10.32.03) | B54: 36.10.32 | C54: =C55+C56 -> 0 | D54: =D55+D56 -> 0 | E54: =E55+E56 -> 0 | F54: =F55+F56 -> 0 | G54: =G55+G56 -> 0 | H54: =H55+H56 -> 0 | I54: =I55+I56 -> 0 | J54: =J55+J56 -> 0 | ... N54: =N55+N56 -> 0
A55: Sume provenite din finantarea bugetara a anilor precedenti, aferente sectiunii de dezvoltare | B55: 36.10.32.02 | E55: =C55+D55 -> 0 | F55: =G55+H55+I55+J55 -> 0 | K55: 0 | L55: 0 | M55: 0 | N55: 0 | O55: 2
A56: Sume provenite din finantarea bugetara a anilor precedenti, aferente sectiunii de functionare | B56: 36.10.32.03 | E56: =C56+D56 -> 0 | F56: =G56+H56+I56+J56 -> 0 | K56: 0 | L56: 0 | M56: 0 | N56: 0 | O56: 1
A57: Alte venituri | B57: 36.10.50 | E57: =C57+D57 -> 0 | F57: =G57+H57+I57+J57 -> 0 | K57: 0 | L57: 0 | M57: 0 | N57: 0 | O57: 1
A58: Transferuri voluntare, altele decat subventiile (cod 37.10.01+37.10.03+37.10.04+37.10.50) | B58: 37.10 | C58: =C59+C60+C61+C62 -> 0 | D58: =D59+D60+D61+D62 -> 0 | E58: =E59+E60+E61+E62 -> 0 | F58: =F59+F60+F61+F62 -> 0 | G58: =G59+G60+G61+G62 -> 0 | H58: =H59+H60+H61+H62 -> 0 | I58: =I59+I60+I61+I62 -> 0 | J58: =J59+J60+J61+J62 -> 0 | ... N58: =N59+N60+N61+N62 -> 0 | P58: =Q58+R58+S58+T58 -> 0
A59: Donatii si sponsorizari | B59: 37.10.01 | E59: =C59+D59 -> 0 | F59: =G59+H59+I59+J59 -> 0 | K59: 0 | L59: 0 | M59: 0 | N59: 0 | O59: 1
A60: Varsaminte din sectiunea de functionare pentru finantarea sectiunii de dezvoltare a bugetului local (cu semnul minus) | B60: 37.10.03 | C60: -10 | D60: 10 | E60: =C60+D60 -> 0 | F60: =G60+H60+I60+J60 -> 0 | G60: 0 | H60: -10 | I60: 0 | J60: 10 | K60: 0 | L60: 0 | M60: 0 | N60: 0 | O60: 1 | P60: =Q60+R60+S60+T60 -> 0 | U60: =G60+H60 -> -10
A61: Varsaminte din sectiunea de functionare | B61: 37.10.04 | C61: 10 | D61: -10 | E61: =C61+D61 -> 0 | F61: =G61+H61+I61+J61 -> 0 | G61: 0 | H61: 10 | I61: 0 | J61: -10 | K61: 15 | L61: 0 | M61: 0 | N61: 0 | O61: 2 | P61: =Q61+R61+S61+T61 -> 0 | U61: =G61+H61 -> 10
A62: Alte transferuri voluntare | B62: 37.10.50 | E62: =C62+D62 -> 0 | F62: =G62+H62+I62+J62 -> 0 | K62: 0 | L62: 0 | M62: 0 | N62: 0 | O62: 1
A63: II. VENITURI DIN CAPITAL (cod 39.10) | B63: 00.15 | C63: =C64 -> 0 | D63: =D64 -> 0 | E63: =E64 -> 0 | F63: =F64 -> 0 | G63: =G64 -> 0 | H63: =H64 -> 0 | I63: =I64 -> 0 | J63: =J64 -> 0 | ... N63: =N64 -> 0
A64: Venituri din valorificarea unor bunuri (cod 39.10.01+39.10.50) | B64: 39.10 | C64: =C65+C66 -> 0 | D64: =D65+D66 -> 0 | E64: =E65+E66 -> 0 | F64: =F65+F66 -> 0 | G64: =G65+G66 -> 0 | H64: =H65+H66 -> 0 | I64: =I65+I66 -> 0 | J64: =J65+J66 -> 0 | ... N64: =N65+N66 -> 0
A65: Venituri din valorificarea unor bunuri ale institutiilor publice | B65: 39.10.01 | E65: =C65+D65 -> 0 | F65: =G65+H65+I65+J65 -> 0 | K65: 0 | L65: 0 | M65: 0 | N65: 0 | O65: 2
A66: Alte venituri din valorificarea unor bunuri | B66: 39.10.50 | E66: =C66+D66 -> 0 | F66: =G66+H66+I66+J66 -> 0 | K66: 0 | L66: 0 | M66: 0 | N66: 0 | O66: 2
A67: III. OPERATIUNI FINANCIARE (cod 40.10+41.10) | B67: 00.16 | C67: =C68+C73 -> 0 | D67: =D68+D73 -> 0 | E67: =E68+E73 -> 0 | F67: =F68+F73 -> 0 | G67: =G68+G73 -> 0 | H67: =H68+H73 -> 0 | I67: =I68+I73 -> 0 | J67: =J68+J73 -> 0 | ... N67: =N68+N73 -> 0
A68: Incasari din rambursarea imprumuturilor acordate (cod 40.10.15+40.10.16) | B68: 40.10 | C68: =C69+C72 -> 0 | D68: =D69+D72 -> 0 | E68: =E69+E72 -> 0 | F68: =F69+F72 -> 0 | G68: =G69+G72 -> 0 | H68: =H69+H72 -> 0 | I68: =I69+I72 -> 0 | J68: =J69+J72 -> 0 | ... N68: =N69+N72 -> 0
A69: Sume utilizate din excedentul anului precedent pentru efectuarea de cheltuieli (cod 40.10.15.01+40.10.15.02) | B69: 40.10.15 | C69: =C70+C71 -> 0 | D69: =D70+D71 -> 0 | E69: =E70+E71 -> 0 | F69: =F70+F71 -> 0 | G69: =G70+G71 -> 0 | H69: =H70+H71 -> 0 | I69: =I70+I71 -> 0 | J69: =J70+J71 -> 0 | ... N69: =N70+N71 -> 0
A70: Sume utilizate de administratiile locale din excedentul anului precedent pentru sectiunea de functionare | B70: 40.10.15.01 | E70: =C70+D70 -> 0 | F70: =G70+H70+I70+J70 -> 0 | K70: 0 | L70: 0 | M70: 0 | N70: 0 | O70: 1
A71: Sume utilizate de administratiile locale din excedentul anului precedent pentru sectiunea de dezvoltare | B71: 40.10.15.02 | E71: =C71+D71 -> 0 | F71: =G71+H71+I71+J71 -> 0 | K71: 0 | L71: 0 | M71: 0 | N71: 0 | O71: 2
A72: Sume primite in cadrul mecanismului decontarii cererilor de plata | B72: 40.10.16 | E72: =C72+D72 -> 0 | F72: =G72+H72+I72+J72 -> 0 | K72: 0 | L72: 0 | M72: 0 | N72: 0 | O72: 2
A73: Alte operatiuni financiare (cod. 41.10.06+41.10.11) | B73: 41.10 | C73: =C74+C75+C76 -> 0 | D73: =D74+D75+D76 -> 0 | E73: =E74+E75+E76 -> 0 | F73: =F74+F75+F76 -> 0 | G73: =G74+G75+G76 -> 0 | H73: =H74+H75+H76 -> 0 | I73: =I74+I75+I76 -> 0 | J73: =J74+J75+J76 -> 0 | ... N73: =N74+N75+N76 -> 0
A74: Sume din excedentul anului precedent pentru acoperirea golurilor temporare de casa | B74: 41.10.06 | E74: =C74+D74 -> 0 | F74: =G74+H74+I74+J74 -> 0 | K74: 0 | L74: 0 | M74: 0 | N74: 0 | O74: 1 | P74: =Q74+R74+S74+T74 -> 0
A75: Imprumuturi de la bugetul local | B75: 41.10.11 | E75: =C75+D75 -> 0 | F75: =G75+H75+I75+J75 -> 0 | K75: 0 | L75: 0 | M75: 0 | N75: 0 | O75: 1
A76: Sume alocate din Fondul de Dezvoltare si Investitii | B76: 41.10.14 | E76: =C76+D76 -> 0 | F76: =G76+H76+I76+J76 -> 0 | K76: 0 | L76: 0 | M76: 0 | N76: 0 | O76: 2
A77: IV. SUBVENTII (cod 00.18) | B77: 00.17 | C77: =C78 -> 12221.08 | D77: =D78 -> -500 | E77: =E78 -> 11721.08 | F77: =F78 -> 11721.075 | G77: =G78 -> 2336 | H77: =H78 -> 3975.075 | I77: =I78 -> 2636 | J77: =J78 -> 2774 | ... N77: =N78 -> 8100 | P77: =Q77+R77+S77+T77 -> 0 | U77: =G77+H77 -> 6311.075
A78: SUBVENTII DE LA ALTE NIVELE ALE ADMINISTRATIEI PUBLICE (cod 42.10+43.10) | B78: 00.18 | C78: =C79+C84+C88 -> 12221.08 | D78: =D79+D84+D88 -> -500 | E78: =E79+E84+E88 -> 11721.08 | F78: =F79+F84+F88 -> 11721.075 | G78: =G79+G84+G88 -> 2336 | H78: =H79+H84+H88 -> 3975.075 | I78: =I79+I84+I88 -> 2636 | J78: =J79+J84+J88 -> 2774 | K78: =K79+K88 -> 0 | L78: =L79+L88 -> 8000 | M78: =M79+M88 -> 8050 | N78: =N79+N88 -> 8100 | P78: =Q78+R78+S78+T78 -> 0
A79: Subventii de la bugetul de stat (cod 42.10.11+42.10.39+42.10.43+42.10.62+42.10.70) | B79: 42.10 | C79: =C83 -> 0 | D79: =D83 -> 0 | E79: =E83 -> 0 | F79: =F83 -> 0 | G79: =G83 -> 0 | H79: =H83 -> 0 | I79: =I83 -> 0 | J79: =J83 -> 0 | K79: =K80+K81+K82+K86+K87 -> 0 | L79: =L80+L81+L82+L86+L87 -> 0 | M79: =M80+M81+M82+M86+M87 -> 0 | N79: =N80+N81+N82+N86+N87 -> 0 | P79: =Q79+R79+S79+T79 -> 0
A80: Subventii de la bugetul de stat pentru spitale | B80: 42.10.11 | E80: =C80+D80 -> 0 | F80: =G80+H80+I80+J80 -> 0 | K80: 0 | L80: 0 | M80: 0 | N80: 0 | O80: 1
A81: Subventii de la bugetul de stat catre institutii publice finantate partial sau integral din venituri proprii pentru proiecte finantate din FEN postaderare | B81: 42.10.39 | E81: =C81+D81 -> 0 | F81: =G81+H81+I81+J81 -> 0 | K81: 0 | L81: 0 | M81: 0 | N81: 0 | O81: 2
A82: Sume primite de institutiile publice si activitatile finantate integral sau partial din venituri proprii in cadrul programelor FEGA implementate de APIA | B82: 42.10.43 | E82: =C82+D82 -> 0 | F82: =G82+H82+I82+J82 -> 0 | K82: 0 | L82: 0 | M82: 0 | N82: 0 | O82: 1
A83: Sume alocate pentru stimulent de risc de la bugetul de stat | B83: 42.10.82 | C83: 0 | D83: 0 | E83: 0 | F83: 0 | G83: 0 | H83: 0 | I83: 0 | J83: 0
A84: Alocari sume din PNRR aferente asistentei financiare nerambursabile | B84: 42.88 | C84: 1439.08 | E84: =C84+D84 -> 1439.08 | F84: =G84+H84+I84+J84 -> 1439.075 | G84: =G85+G86 -> 0 | H84: =H85+H86 -> 1439.075 | I84: =I85+I86 -> 0 | J84: =J85+J86 -> 0 | U84: =G84+H84 -> 1439.075
A85: Fonduri europene nerambursabile | B85: 42.88.01 | C85: 1209.31 | E85: =C85+D85 -> 1209.31 | F85: =G85+H85+I85+J85 -> 1209.307 | G85: 0 | H85: 1209.307 | I85: 0 | J85: 0 | U85: =G85+H85 -> 1209.307
A86: Sume aferente TVA | B86: 42.88.03 | C86: 229.77 | E86: =C86+D86 -> 229.77 | F86: =G86+H86+I86+J86 -> 229.768 | G86: 0 | H86: 229.768 | I86: 0 | J86: 0 | K86: 0 | L86: 0 | M86: 0 | N86: 0 | O86: 1 | P86: =Q86+R86+S86+T86 -> 0 | U86: =G86+H86 -> 229.768
A87: Subventii de la bugetul d stat catre institutii publice finantate partial sau integral din venituri proprii necesare sustinerii derularii proiectelor finantate din fonduri externe nerambursabile (FEN) postaderare aferente perioadei de programe 2014-2020 | B87: 42.10.70 | E87: =C87+D87 -> 0 | F87: =G87+H87+I87+J87 -> 0 | K87: 0 | L87: 0 | M87: 0 | N87: 0 | O87: 2
A88: Subventii de la alte administratii (cod 43.10.09+43.10.10+43.10.14+43.10.15+43.10.16+43.10.17+43.10.19+43.10.31+43.10.33) | B88: 43.10 | C88: =C89+C90+C91+C92+C93+C97+C101+C102+C103+C104 -> 10782 | D88: =D89+D90+D91+D92+D93+D97+D101+D102+D103+D104 -> -500 | E88: =E89+E90+E91+E92+E93+E97+E101+E102+E103+E104 -> 10282 | F88: =F89+F90+F91+F92+F93+F97+F101+F102+F103+F104 -> 10282 | G88: =G89+G90+G91+G92+G93+G97+G101+G102+G103+G104 -> 2336 | H88: =H89+H90+H91+H92+H93+H97+H101+H102+H103+H104 -> 2536 | I88: =I89+I90+I91+I92+I93+I97+I101+I102+I103+I104 -> 2636 | J88: =J89+J90+J91+J92+J93+J97+J101+J102+J103+J104 -> 2774 | ... N88: =N89+N90+N91+N92+N93+N97+N101+N102+N103+N104 -> 8100 | P88: =Q88+R88+S88+T88 -> 0 | U88: =G88+H88 -> 4872
A89: Subventii pentru institutii publice | B89: 43.10.09 | E89: =C89+D89 -> 0 | F89: =G89+H89+I89+J89 -> 0 | K89: 0 | L89: 0 | M89: 0 | N89: 0 | O89: 1
A90: Subventii din bugetele locale pentru finantarea cheltuielilor curente din domeniul sanatatii | B90: 43.10.10 | C90: 1022 | D90: 100 | E90: =C90+D90 -> 1122 | F90: =G90+H90+I90+J90 -> 1122 | G90: 336 | H90: 336 | I90: 206 | J90: 244 | K90: 0 | L90: 0 | M90: 0 | N90: 0 | O90: 1 | P90: =Q90+R90+S90+T90 -> 216 | Q90: 54 | R90: 54 | S90: 54 | T90: 54 | U90: =G90+H90 -> 672 | W90: 16
A91: Subventii din bugetele locale pentru finantarea cheltuielilor de capital din domeniul sanatatii | B91: 43.10.14 | C91: 0 | E91: =C91+D91 -> 0 | F91: =G91+H91+I91+J91 -> 0 | G91: 0 | H91: 0 | I91: 0 | J91: 0 | K91: 0 | L91: 0 | M91: 0 | N91: 0 | O91: 2 | P91: =Q91+R91+S91+T91 -> 0 | U91: =G91+H91 -> 0
A92: Subventii din bugetul local pentru finantarea camerelor agricole | B92: 43.10.15 | E92: =C92+D92 -> 0 | F92: =G92+H92+I92+J92 -> 0 | K92: 0 | L92: 0 | M92: 0 | N92: 0 | O92: 1
A93: Sume din bugetul de stat catre bugetele locale pentru finantarea investitiilor in sanatate (cod 43.10.16.01+43.10.16.02+43.10.16.03) | B93: 43.10.16 | C93: =C94+C95+C96 -> 0 | D93: =D94+D95+D96 -> 0 | E93: =E94+E95+E96 -> 0 | F93: =F94+F95+F96 -> 0 | G93: =G94+G95+G96 -> 0 | H93: =H94+H95+H96 -> 0 | I93: =I94+I95+I96 -> 0 | J93: =J94+J95+J96 -> 0 | ... N93: =N94+N95+N96 -> 0
A94: Sume din bugetul de stat catre bugetele locale pentru finantarea aparaturii medicale si echipamentelor de comunicatii in urgenta in sanatate | B94: 43.10.16.01 | C94: 0 | E94: =C94+D94 -> 0 | F94: =G94+H94+I94+J94 -> 0 | G94: 0 | H94: 0 | I94: 0 | J94: 0 | K94: 0 | L94: 0 | M94: 0 | N94: 0 | O94: 2
A95: Sume din bugetul de stat catre bugetele locale pentru finantarea reparatiilor capitale in sanatate | B95: 43.10.16.02 | E95: =C95+D95 -> 0 | F95: =G95+H95+I95+J95 -> 0 | K95: 0 | L95: 0 | M95: 0 | N95: 0 | O95: 2
A96: Sume din bugetul de stat catre bugetele locale pentru finatarea altor investitii in sanatate | B96: 43.10.16.03 | E96: =C96+D96 -> 0 | F96: =G96+H96+I96+J96 -> 0 | K96: 0 | L96: 0 | M96: 0 | N96: 0 | O96: 2
A97: Sume din veniturile proprii ale Ministerului Sanatatii catre bugetele locale pentru finatarea investitiilor in sanatate (cod 43.10.17.01+43.10.17.02+43.10.17.03) | B97: 43.10.17 | C97: =C98+C99+C100 -> 0 | D97: =D98+D99+D100 -> 0 | E97: =E98+E99+E100 -> 0 | F97: =F98+F99+F100 -> 0 | G97: =G98+G99+G100 -> 0 | H97: =H98+H99+H100 -> 0 | I97: =I98+I99+I100 -> 0 | J97: =J98+J99+J100 -> 0 | ... N97: =N98+N99+N100 -> 0
A98: Sume din veniturile proprii ale Ministerului Sanatatii catre bugetele locale pentru finantarea aparaturii medicale si echipamentelor de comunicatii in urgenta in sanatate | B98: 43.10.17.01 | E98: =C98+D98 -> 0 | F98: =G98+H98+I98+J98 -> 0 | K98: 0 | L98: 0 | M98: 0 | N98: 0 | O98: 2
A99: Sume din veniturile proprii ale Ministerului Sanatatii catre bugetele locale pentru finantarea reparatiilor capitale in sanatate | B99: 43.10.17.02 | E99: =C99+D99 -> 0 | F99: =G99+H99+I99+J99 -> 0 | K99: 0 | L99: 0 | M99: 0 | N99: 0 | O99: 2
A100: Sume din veniturile proprii ale Ministerului Sanatatii catre bugetele locale pentru finantarea altor investitii in sanatate | B100: 43.10.17.03 | E100: =C100+D100 -> 0 | F100: =G100+H100+I100+J100 -> 0 | K100: 0 | L100: 0 | M100: 0 | N100: 0 | O100: 2
A101: Subventii pentru institutiile publice destinate sectiunii de dezvoltare | B101: 43.10.19 | E101: =C101+D101 -> 0 | F101: =G101+H101+I101+J101 -> 0 | K101: 0 | L101: 0 | M101: 0 | N101: 0 | O101: 2
A102: Sume alocate din bugetul AFIR, pentru sustinerea proiectelor din PNDR 2014-2020 | B102: 43.10.31 | E102: =C102+D102 -> 0 | F102: =G102+H102+I102+J102 -> 0 | K102: 0 | L102: 0 | M102: 0 | N102: 0 | O102: 2 | U102: =G102+H102 -> 0
A103: Subventii din bugetul Fondului national unic de asigurari sociale de sanatate pentru acoperirea cresterilor salariale | B103: 43.10.33 | C103: 9760 | D103: -600 | E103: =C103+D103 -> 9160 | F103: =G103+H103+I103+J103 -> 9160 | G103: 2000 | H103: 2200 | I103: 2430 | J103: 2530 | K103: 0 | L103: 8000 | M103: 8050 | N103: 8100 | O103: 1 | P103: =Q103+R103+S103+T103 -> 0 | U103: =G103+H103 -> 4200
A104: Sume alocate pentru stimulent de risc de la FNUASS | B104: 43.10.40 | C104: 0 | E104: =C104+D104 -> 0 | F104: =G104+H104+I104+J104 -> 0 | G104: 0 | H104: 0 | I104: 0 | J104: 0 | O104: 1 | P104: =Q104+R104+S104+T104 -> 0
...

Sheet TG. BUJOR 2024 nov.2024
A1: SPITALUL ORĂŞENESC TG. BUJOR | C1: Ordonator principal de credite, | L1: Director executiv,
A2: Nr. Înregistrare. 40495 din 14.11.2024 | C2: Fotea Costel | H2: Director executiv, | L2: Stoica George
H3: Stoica George
A7: BUGETUL INSTITUŢIILOR PUBLCE ŞI ACTIVITĂŢILOR FINANŢATE INTEGRAL SAU PARŢIAL DIN VENITURI PROPRII, PE ANUL 2024
A9: HCJ nr.336 /27.10.2024 | N9: -mii lei-
A10: DENUMIRE INDICATOR | B10: ARTICOL | C10: BUGET 2024 | L10: 2025 | M10: 2026 | N10: 2027
C11: BUGET INITIAL | D11: INFLU ENTE | E11: BUGET FINAL | F11: TOTAL an | G11: TRIM. I | H11: TRIM. II | I11: TRIM. III | J11: TRIM. IV | K11: Din care credite bugetare destinate stingerii platilor restante | P11: total infl. | Q11: TRIM. I | R11: TRIM. II | S11: TRIM. III | T11: TRIM. IV | V11: TRIM. II | W11: TRIM. III | X11: TRIM. IV
A12: 1 | B12: 2 | C12: 3 | D12: 4 | E12: 5 | F12: 3 | G12: 4 | H12: 5 | I12: 5 | J12: 7 | K12: 11 | L12: 12 | M12: 13 | N12: 14 | Q12: 7 | R12: 8 | S12: 9 | T12: 10
A13: TOTAL VENITURI (cod 00.02+00.15+00.16+00.17+45.10+48.10) | B13: 00.01 | C13: =C14+C63+C67+C77+C105+C167 -> 17782.08 | D13: =D14+D63+D67+D77+D105+D167 -> 90 | E13: =E14+E63+E67+E77+E105+E167 -> 17872.08 | F13: =F14+F63+F67+F77+F105+F167 -> 17872.08 | G13: =G14+G63+G67+G77+G105+G167 -> 3931 | H13: =H14+H63+H67+H77+H105+H167 -> 5360.08 | I13: =I14+I63+I67+I77+I105+I167 -> 4161 | J13: =J14+J63+J67+J77+J105+J167 -> 4420 | ... X13: =X14+X63+X67+X77+X105+X167 -> 0
A14: I. VENITURI CURENTE (cod 00.03+00.12) | B14: 00.02 | C14: =C15+C20 -> 5561 | D14: =D15+D20 -> 590 | E14: =E15+E20 -> 6151 | F14: =F15+F20 -> 6151 | G14: =G15+G20 -> 1595 | H14: =H15+H20 -> 1385 | I14: =I15+I20 -> 1525 | J14: =J15+J20 -> 1646 | ... N14: =N15+N20 -> 5970 | P14: =Q14+R14+S14+T14 -> 0 | U14: =G14+H14 -> 2980
A15: A. VENITURI FISCALE (cod 00.10) | B15: 00.03 | C15: =C16 -> 0 | D15: =D16 -> 0 | E15: =E16 -> 0 | F15: =F16 -> 0 | G15: =G16 -> 0 | H15: =H16 -> 0 | I15: =I16 -> 0 | J15: =J16 -> 0 | ... N15: =N16 -> 0 | P15: =Q15+R15+S15+T15 -> 0
A16: A4. IMPOZITE SI TAXE PE BUNURI SI SERVICII (cod 15.10) | B16: 00.10 | C16: =C17 -> 0 | D16: =D17 -> 0 | E16: =E17 -> 0 | F16: =F17 -> 0 | G16: =G17 -> 0 | H16: =H17 -> 0 | I16: =I17 -> 0 | J16: =J17 -> 0 | ... N16: =N17 -> 0 | P16: =Q16+R16+S16+T16 -> 0
A17: Taxe pe servicii specifice (cod 15.10.01+15.10.50) | B17: 15.10 | C17: =C18+C19 -> 0 | D17: =D18+D19 -> 0 | E17: =E18+E19 -> 0 | F17: =F18+F19 -> 0 | G17: =G18+G19 -> 0 | H17: =H18+H19 -> 0 | I17: =I18+I19 -> 0 | J17: =J18+J19 -> 0 | ... N17: =N18+N19 -> 0
A18: Impozit pe spectacole | B18: 15.10.01 | E18: =C18+D18 -> 0 | F18: =G18+H18+I18+J18 -> 0 | K18: 0 | L18: 0 | M18: 0 | N18: 0 | O18: 1
A19: Alte taxe pe servicii specifice | B19: 15.10.50 | E19: =C19+D19 -> 0 | F19: =G19+H19+I19+J19 -> 0 | K19: 0 | L19: 0 | M19: 0 | N19: 0 | O19: 1
A20: C. VENITURI NEFISCALE (cod 00.13+00.14) | B20: 00.12 | C20: =C21+C32 -> 5561 | D20: =D21+D32 -> 590 | E20: =E21+E32 -> 6151 | F20: =F21+F32 -> 6151 | G20: =G21+G32 -> 1595 | H20: =H21+H32 -> 1385 | I20: =I21+I32 -> 1525 | J20: =J21+J32 -> 1646 | ... N20: =N21+N32 -> 5970
A21: C1. VENITURI DIN PROPRIETATE (cod 30.10+31.10) | B21: 00.13 | C21: =C22+C30 -> 0 | D21: =D22+D30 -> 0 | E21: =E22+E30 -> 0 | F21: =F22+F30 -> 0 | G21: =G22+G30 -> 0 | H21: =H22+H30 -> 0 | I21: =I22+I30 -> 0 | J21: =J22+J30 -> 0 | ... N21: =N22+N30 -> 0 | P21: =Q21+R21+S21+T21 -> 0
A22: Venituri din proprietate (cod 30.10.05+30.10.08+30.10.09+30.10.50) | B22: 30.10 | C22: =C23+C25+C28+C29 -> 0 | D22: =D23+D25+D28+D29 -> 0 | E22: =E23+E25+E28+E29 -> 0 | F22: =F23+F25+F28+F29 -> 0 | G22: =G23+G25+G28+G29 -> 0 | H22: =H23+H25+H28+H29 -> 0 | I22: =I23+I25+I28+I29 -> 0 | J22: =J23+J25+J28+J29 -> 0 | ... N22: =N23+N25+N28+N29 -> 0 | P22: =Q22+R22+S22+T22 -> 0
A23: Venituri din concesiuni si inchirieri (cod 30.10.05.30) | B23: 30.10.05 | C23: =C24 -> 0 | D23: =D24 -> 0 | E23: =E24 -> 0 | F23: =F24 -> 0 | G23: =G24 -> 0 | H23: =H24 -> 0 | I23: =I24 -> 0 | J23: =J24 -> 0 | ... N23: =N24 -> 0 | P23: =Q23+R23+S23+T23 -> 0
A24: Alte venituri din concesiuni si inchiriere de catre institutiile publice | B24: 30.10.05.30 | C24: 0 | E24: =C24+D24 -> 0 | F24: =G24+H24+I24+J24 -> 0 | G24: 0 | H24: 0 | I24: 0 | J24: 0 | K24: 0 | L24: 0 | M24: 0 | N24: 0 | O24: 1 | P24: =Q24+R24+S24+T24 -> 0
A25: Venituri din dividende (cod 30.10.08.02+30.10.08.03) | B25: 30.10.08 | C25: =C26+C27 -> 0 | D25: =D26+D27 -> 0 | E25: =E26+E27 -> 0 | F25: =F26+F27 -> 0 | G25: =G26+G27 -> 0 | H25: =H26+H27 -> 0 | I25: =I26+I27 -> 0 | J25: =J26+J27 -> 0 | ... N25: =N26+N27 -> 0
A26: Venituri din dividende de la alti platitori | B26: 30.10.08.02 | E26: =C26+D26 -> 0 | F26: =G26+H26+I26+J26 -> 0 | K26: 0 | L26: 0 | M26: 0 | N26: 0 | O26: 1
A27: Dividende de la societatile si companiile nationale si societatile cu capital majoritar de stat | B27: 30.10.08.03 | E27: =C27+D27 -> 0 | F27: =G27+H27+I27+J27 -> 0 | K27: 0 | L27: 0 | M27: 0 | N27: 0 | O27: 1
A28: Venituri din utilizarea pasunilor comunale | B28: 30.10.09 | E28: =C28+D28 -> 0 | F28: =G28+H28+I28+J28 -> 0 | K28: 0 | L28: 0 | M28: 0 | N28: 0 | O28: 1
A29: Alte venituri din proprietate | B29: 30.10.50 | E29: =C29+D29 -> 0 | F29: =G29+H29+I29+J29 -> 0 | K29: 0 | L29: 0 | M29: 0 | N29: 0 | O29: 1
A30: Venituri din dobanzi (cod 31.10.03) | B30: 31.10 | C30: =C31 -> 0 | D30: =D31 -> 0 | E30: =E31 -> 0 | F30: =F31 -> 0 | G30: =G31 -> 0 | H30: =H31 -> 0 | I30: =I31 -> 0 | J30: =J31 -> 0 | ... N30: =N31 -> 0
A31: Alte venituri din dobanzi | B31: 31.10.03 | E31: =C31+D31 -> 0 | F31: =G31+H31+I31+J31 -> 0 | K31: 0 | L31: 0 | M31: 0 | N31: 0 | O31: 1
A32: C2. VANZARI DE BUNURI SI SERVICII (cod 33.10+34.10+35.10+36.10+37.10) | B32: 00.14 | C32: =C33+C48+C50+C52+C58 -> 5561 | D32: =D33+D48+D50+D52+D58 -> 590 | E32: =E33+E48+E50+E52+E58 -> 6151 | F32: =F33+F48+F50+F52+F58 -> 6151 | G32: =G33+G48+G50+G52+G58 -> 1595 | H32: =H33+H48+H50+H52+H58 -> 1385 | I32: =I33+I48+I50+I52+I58 -> 1525 | J32: =J33+J48+J50+J52+J58 -> 1646 | ... N32: =N33+N48+N50+N52+N58 -> 5970 | P32: =Q32+R32+S32+T32 -> 0
A33: Venituri din prestari servicii si alte activitati (cod 33.10.05+33.10.08+33.10.09+33.10.13+33.10.14+33.10.16+33.10.17+33.10.19+33.10.20+33.10.21+33.10.30 la 33.10.32+33.10.50) | B33: 33.10 | C33: =C34+C35+C36+C37+C38+C39+C40+C41+C42+C43+C44+C45+C46+C47 -> 5561 | D33: =D34+D35+D36+D37+D38+D39+D40+D41+D42+D43+D44+D45+D46+D47 -> 590 | E33: =E34+E35+E36+E37+E38+E39+E40+E41+E42+E43+E44+E45+E46+E47 -> 6151 | F33: =F34+F35+F36+F37+F38+F39+F40+F41+F42+F43+F44+F45+F46+F47 -> 6151 | G33: =G34+G35+G36+G37+G38+G39+G40+G41+G42+G43+G44+G45+G46+G47 -> 1595 | H33: =H34+H35+H36+H37+H38+H39+H40+H41+H42+H43+H44+H45+H46+H47 -> 1385 | I33: =I34+I35+I36+I37+I38+I39+I40+I41+I42+I43+I44+I45+I46+I47 -> 1525 | J33: =J34+J35+J36+J37+J38+J39+J40+J41+J42+J43+J44+J45+J46+J47 -> 1646 | ... X33: =X34+X35+X36+X37+X38+X39+X40+X41+X42+X43+X44+X45+X46+X47 -> #VALUE!
A34: Taxe si alte venituri in invatamant | B34: 33.10.05 | E34: =C34+D34 -> 0 | F34: =G34+H34+I34+J34 -> 0 | K34: 0 | L34: 0 | M34: 0 | N34: 0 | O34: 1 | Q34: 0
A35: Venituri din prestari de servicii | B35: 33.10.08 | C35: 107 | D35: 40 | E35: =C35+D35 -> 147 | F35: =G35+H35+I35+J35 -> 147 | G35: 25 | H35: 35 | I35: 25 | J35: 62 | K35: 0 | L35: 0 | M35: 0 | N35: 0 | O35: 1 | P35: =Q35+R35+S35+T35 -> 0 | U35: =G35+H35 -> 60
A36: Taxe si alte venituri din protectia mediului | B36: 33.10.09 | E36: =C36+D36 -> 0 | F36: =G36+H36+I36+J36 -> 0 | K36: 0 | L36: 0 | M36: 0 | N36: 0 | O36: 1 | T36: 4920 | U36: -280
A37: Contributia de intretinere a persoanelor asistate | B37: 33.10.13 | E37: =C37+D37 -> 0 | F37: =G37+H37+I37+J37 -> 0 | K37: 0 | L37: 0 | M37: 0 | N37: 0 | O37: 1 | T37: 667 | U37: -33
A38: Contributia elevilor si studentilor pentru internate, camine si cantine | B38: 33.10.14 | E38: =C38+D38 -> 0 | F38: =G38+H38+I38+J38 -> 0 | K38: 0 | L38: 0 | M38: 0 | N38: 0 | O38: 1 | U38: -353
A39: Venituri din valorificarea produselor obtinute din activitatea proprie sau anexa | B39: 33.10.16 | E39: =C39+D39 -> 0 | F39: =G39+H39+I39+J39 -> 0 | K39: 0 | L39: 0 | M39: 0 | N39: 0 | O39: 1
A40: Venituri din organizarea de cursuri de calificare si conversie profesionala, specializare si perfectionare | B40: 33.10.17 | E40: =C40+D40 -> 0 | F40: =G40+H40+I40+J40 -> 0 | K40: 0 | L40: 0 | M40: 0 | N40: 0 | O40: 1
A41: Venituri din serbari si spectacole scolare, manifestari culturale, artistice si sportive | B41: 33.10.19 | E41: =C41+D41 -> 0 | F41: =G41+H41+I41+J41 -> 0 | K41: 0 | L41: 0 | M41: 0 | N41: 0 | O41: 1
A42: Venituri din cercetare | B42: 33.10.20 | E42: =C42+D42 -> 0 | F42: =G42+H42+I42+J42 -> 0 | K42: 0 | L42: 0 | M42: 0 | N42: 0 | O42: 1
A43: Venituri din contractele incheiate cu casele de asigurari sociale de sanatate | B43: 33.10.21 | C43: 4414 | D43: 550 | E43: =C43+D43 -> 4964 | F43: =G43+H43+I43+J43 -> 4964 | G43: 1200 | H43: 1000 | I43: 1180 | J43: 1584 | K43: 0 | L43: 6040 | M43: 6005 | N43: 5970 | O43: 1 | P43: =Q43+R43+S43+T43 -> 0 | U43: =G43+H43 -> 2200
A44: Venituri din contractele incheiate cu DSP din sume alocate de la bugetul de stat | B44: 33.10.30 | C44: 1040 | E44: =C44+D44 -> 1040 | F44: =G44+H44+I44+J44 -> 1040 | G44: 370 | H44: 350 | I44: 320 | J44: 0 | K44: 0 | L44: 0 | M44: 0 | N44: 0 | O44: 1 | P44: =Q44+R44+S44+T44 -> 0 | U44: =G44+H44 -> 720
A45: Venituri din contractele incheiate cu directiile de sanatate publica din sume alocate din veniturile proprii ale Ministerului Sanatatii | B45: 33.10.31 | E45: =C45+D45 -> 0 | F45: =G45+H45+I45+J45 -> 0 | K45: 0 | L45: 0 | M45: 0 | N45: 0 | O45: 1
A46: Venituri din contractele incheiate cu institutiile de medicina legala | B46: 33.10.32 | E46: =C46+D46 -> 0 | F46: =G46+H46+I46+J46 -> 0 | K46: 0 | L46: 0 | M46: 0 | N46: 0 | O46: 1
A47: Alte venituri din prestari de servicii si alte activitati | B47: 33.10.50 | C47: 0 | E47: =C47+D47 -> 0 | F47: =G47+H47+I47+J47 -> 0 | G47: 0 | H47: 0 | I47: 0 | J47: 0 | K47: 0 | L47: 0 | M47: 0 | N47: 0 | O47: 1 | P47: =Q47+R47+S47+T47 -> 0
A48: Venituri din taxe administrative, eliberari permise (cod 34.10.50) | B48: 34.10 | C48: =C49 -> 0 | D48: =D49 -> 0 | E48: =E49 -> 0 | F48: =F49 -> 0 | G48: =G49 -> 0 | H48: =H49 -> 0 | I48: =I49 -> 0 | J48: =J49 -> 0 | ... N48: =N49 -> 0
A49: Alte venituri din taxe administrative, eliberari permise | B49: 34.10.50 | E49: =C49+D49 -> 0 | F49: =G49+H49+I49+J49 -> 0 | K49: 0 | L49: 0 | M49: 0 | N49: 0 | O49: 1
A50: Amenzi, penalitati si confiscari (cod 35.10.50) | B50: 35.10 | C50: =C51 -> 0 | D50: =D51 -> 0 | E50: =E51 -> 0 | F50: =F51 -> 0 | G50: =G51 -> 0 | H50: =H51 -> 0 | I50: =I51 -> 0 | J50: =J51 -> 0 | ... N50: =N51 -> 0
A51: Alte amenzi, penalitati si confiscari | B51: 35.10.50 | E51: =C51+D51 -> 0 | F51: =G51+H51+I51+J51 -> 0 | K51: 0 | L51: 0 | M51: 0 | N51: 0 | O51: 1
A52: Diverse venituri (cod 36.10.04+36.10.32+36.10.50) | B52: 36.10 | C52: =C53+C54+C57 -> 0 | D52: =D53+D54+D57 -> 0 | E52: =E53+E54+E57 -> 0 | F52: =F53+F54+F57 -> 0 | G52: =G53+G54+G57 -> 0 | H52: =H53+H54+H57 -> 0 | I52: =I53+I54+I57 -> 0 | J52: =J53+J54+J57 -> 0 | ... N52: =N53+N54+N57 -> 0
A53: Venituri din producerea riscurilor asigurate | B53: 36.10.04 | E53: =C53+D53 -> 0 | F53: =G53+H53+I53+J53 -> 0 | K53: 0 | L53: 0 | M53: 0 | N53: 0 | O53: 1
A54: Sume provenite din finantarea bugetara a anilor precedenti (cod 36.10.32.02+36.10.32.03) | B54: 36.10.32 | C54: =C55+C56 -> 0 | D54: =D55+D56 -> 0 | E54: =E55+E56 -> 0 | F54: =F55+F56 -> 0 | G54: =G55+G56 -> 0 | H54: =H55+H56 -> 0 | I54: =I55+I56 -> 0 | J54: =J55+J56 -> 0 | ... N54: =N55+N56 -> 0
A55: Sume provenite din finantarea bugetara a anilor precedenti, aferente sectiunii de dezvoltare | B55: 36.10.32.02 | E55: =C55+D55 -> 0 | F55: =G55+H55+I55+J55 -> 0 | K55: 0 | L55: 0 | M55: 0 | N55: 0 | O55: 2
A56: Sume provenite din finantarea bugetara a anilor precedenti, aferente sectiunii de functionare | B56: 36.10.32.03 | E56: =C56+D56 -> 0 | F56: =G56+H56+I56+J56 -> 0 | K56: 0 | L56: 0 | M56: 0 | N56: 0 | O56: 1
A57: Alte venituri | B57: 36.10.50 | E57: =C57+D57 -> 0 | F57: =G57+H57+I57+J57 -> 0 | K57: 0 | L57: 0 | M57: 0 | N57: 0 | O57: 1
A58: Transferuri voluntare, altele decat subventiile (cod 37.10.01+37.10.03+37.10.04+37.10.50) | B58: 37.10 | C58: =C59+C60+C61+C62 -> 0 | D58: =D59+D60+D61+D62 -> 0 | E58: =E59+E60+E61+E62 -> 0 | F58: =F59+F60+F61+F62 -> 0 | G58: =G59+G60+G61+G62 -> 0 | H58: =H59+H60+H61+H62 -> 0 | I58: =I59+I60+I61+I62 -> 0 | J58: =J59+J60+J61+J62 -> 0 | ... N58: =N59+N60+N61+N62 -> 0 | P58: =Q58+R58+S58+T58 -> 0
A59: Donatii si sponsorizari | B59: 37.10.01 | E59: =C59+D59 -> 0 | F59: =G59+H59+I59+J59 -> 0 | K59: 0 | L59: 0 | M59: 0 | N59: 0 | O59: 1
A60: Varsaminte din sectiunea de functionare pentru finantarea sectiunii de dezvoltare a bugetului local (cu semnul minus) | B60: 37.10.03 | C60: -10 | D60: 10 | E60: =C60+D60 -> 0 | F60: =G60+H60+I60+J60 -> 0 | G60: 0 | H60: -10 | I60: 0 | J60: 10 | K60: 0 | L60: 0 | M60: 0 | N60: 0 | O60: 1 | P60: =Q60+R60+S60+T60 -> 0 | U60: =G60+H60 -> -10
A61: Varsaminte din sectiunea de functionare | B61: 37.10.04 | C61: 10 | D61: -10 | E61: =C61+D61 -> 0 | F61: =G61+H61+I61+J61 -> 0 | G61: 0 | H61: 10 | I61: 0 | J61: -10 | K61: 15 | L61: 0 | M61: 0 | N61: 0 | O61: 2 | P61: =Q61+R61+S61+T61 -> 0 | U61: =G61+H61 -> 10
A62: Alte transferuri voluntare | B62: 37.10.50 | E62: =C62+D62 -> 0 | F62: =G62+H62+I62+J62 -> 0 | K62: 0 | L62: 0 | M62: 0 | N62: 0 | O62: 1
A63: II. VENITURI DIN CAPITAL (cod 39.10) | B63: 00.15 | C63: =C64 -> 0 | D63: =D64 -> 0 | E63: =E64 -> 0 | F63: =F64 -> 0 | G63: =G64 -> 0 | H63: =H64 -> 0 | I63: =I64 -> 0 | J63: =J64 -> 0 | ... N63: =N64 -> 0
A64: Venituri din valorificarea unor bunuri (cod 39.10.01+39.10.50) | B64: 39.10 | C64: =C65+C66 -> 0 | D64: =D65+D66 -> 0 | E64: =E65+E66 -> 0 | F64: =F65+F66 -> 0 | G64: =G65+G66 -> 0 | H64: =H65+H66 -> 0 | I64: =I65+I66 -> 0 | J64: =J65+J66 -> 0 | ... N64: =N65+N66 -> 0
A65: Venituri din valorificarea unor bunuri ale institutiilor publice | B65: 39.10.01 | E65: =C65+D65 -> 0 | F65: =G65+H65+I65+J65 -> 0 | K65: 0 | L65: 0 | M65: 0 | N65: 0 | O65: 2
A66: Alte venituri din valorificarea unor bunuri | B66: 39.10.50 | E66: =C66+D66 -> 0 | F66: =G66+H66+I66+J66 -> 0 | K66: 0 | L66: 0 | M66: 0 | N66: 0 | O66: 2
A67: III. OPERATIUNI FINANCIARE (cod 40.10+41.10) | B67: 00.16 | C67: =C68+C73 -> 0 | D67: =D68+D73 -> 0 | E67: =E68+E73 -> 0 | F67: =F68+F73 -> 0 | G67: =G68+G73 -> 0 | H67: =H68+H73 -> 0 | I67: =I68+I73 -> 0 | J67: =J68+J73 -> 0 | ... N67: =N68+N73 -> 0
A68: Incasari din rambursarea imprumuturilor acordate (cod 40.10.15+40.10.16) | B68: 40.10 | C68: =C69+C72 -> 0 | D68: =D69+D72 -> 0 | E68: =E69+E72 -> 0 | F68: =F69+F72 -> 0 | G68: =G69+G72 -> 0 | H68: =H69+H72 -> 0 | I68: =I69+I72 -> 0 | J68: =J69+J72 -> 0 | ... N68: =N69+N72 -> 0
A69: Sume utilizate din excedentul anului precedent pentru efectuarea de cheltuieli (cod 40.10.15.01+40.10.15.02) | B69: 40.10.15 | C69: =C70+C71 -> 0 | D69: =D70+D71 -> 0 | E69: =E70+E71 -> 0 | F69: =F70+F71 -> 0 | G69: =G70+G71 -> 0 | H69: =H70+H71 -> 0 | I69: =I70+I71 -> 0 | J69: =J70+J71 -> 0 | ... N69: =N70+N71 -> 0
A70: Sume utilizate de administratiile locale din excedentul anului precedent pentru sectiunea de functionare | B70: 40.10.15.01 | E70: =C70+D70 -> 0 | F70: =G70+H70+I70+J70 -> 0 | K70: 0 | L70: 0 | M70: 0 | N70: 0 | O70: 1
A71: Sume utilizate de administratiile locale din excedentul anului precedent pentru sectiunea de dezvoltare | B71: 40.10.15.02 | E71: =C71+D71 -> 0 | F71: =G71+H71+I71+J71 -> 0 | K71: 0 | L71: 0 | M71: 0 | N71: 0 | O71: 2
A72: Sume primite in cadrul mecanismului decontarii cererilor de plata | B72: 40.10.16 | E72: =C72+D72 -> 0 | F72: =G72+H72+I72+J72 -> 0 | K72: 0 | L72: 0 | M72: 0 | N72: 0 | O72: 2
A73: Alte operatiuni financiare (cod. 41.10.06+41.10.11) | B73: 41.10 | C73: =C74+C75+C76 -> 0 | D73: =D74+D75+D76 -> 0 | E73: =E74+E75+E76 -> 0 | F73: =F74+F75+F76 -> 0 | G73: =G74+G75+G76 -> 0 | H73: =H74+H75+H76 -> 0 | I73: =I74+I75+I76 -> 0 | J73: =J74+J75+J76 -> 0 | ... N73: =N74+N75+N76 -> 0
A74: Sume din excedentul anului precedent pentru acoperirea golurilor temporare de casa | B74: 41.10.06 | E74: =C74+D74 -> 0 | F74: =G74+H74+I74+J74 -> 0 | K74: 0 | L74: 0 | M74: 0 | N74: 0 | O74: 1 | P74: =Q74+R74+S74+T74 -> 0
A75: Imprumuturi de la bugetul local | B75: 41.10.11 | E75: =C75+D75 -> 0 | F75: =G75+H75+I75+J75 -> 0 | K75: 0 | L75: 0 | M75: 0 | N75: 0 | O75: 1
A76: Sume alocate din Fondul de Dezvoltare si Investitii | B76: 41.10.14 | E76: =C76+D76 -> 0 | F76: =G76+H76+I76+J76 -> 0 | K76: 0 | L76: 0 | M76: 0 | N76: 0 | O76: 2
A77: IV. SUBVENTII (cod 00.18) | B77: 00.17 | C77: =C78 -> 12221.08 | D77: =D78 -> -500 | E77: =E78 -> 11721.08 | F77: =F78 -> 11721.08 | G77: =G78 -> 2336 | H77: =H78 -> 3975.08 | I77: =I78 -> 2636 | J77: =J78 -> 2774 | ... N77: =N78 -> 8100 | P77: =Q77+R77+S77+T77 -> 0 | U77: =G77+H77 -> 6311.08
A78: SUBVENTII DE LA ALTE NIVELE ALE ADMINISTRATIEI PUBLICE (cod 42.10+43.10) | B78: 00.18 | C78: =C79+C84+C88 -> 12221.08 | D78: =D79+D84+D88 -> -500 | E78: =E79+E84+E88 -> 11721.08 | F78: =F79+F84+F88 -> 11721.08 | G78: =G79+G84+G88 -> 2336 | H78: =H79+H84+H88 -> 3975.08 | I78: =I79+I84+I88 -> 2636 | J78: =J79+J84+J88 -> 2774 | K78: =K79+K88 -> 0 | L78: =L79+L88 -> 8000 | M78: =M79+M88 -> 8050 | N78: =N79+N88 -> 8100 | P78: =Q78+R78+S78+T78 -> 0
A79: Subventii de la bugetul de stat (cod 42.10.11+42.10.39+42.10.43+42.10.62+42.10.70) | B79: 42.10 | C79: =C83 -> 0 | D79: =D83 -> 0 | E79: =E83 -> 0 | F79: =F83 -> 0 | G79: =G83 -> 0 | H79: =H83 -> 0 | I79: =I83 -> 0 | J79: =J83 -> 0 | K79: =K80+K81+K82+K86+K87 -> 0 | L79: =L80+L81+L82+L86+L87 -> 0 | M79: =M80+M81+M82+M86+M87 -> 0 | N79: =N80+N81+N82+N86+N87 -> 0 | P79: =Q79+R79+S79+T79 -> 0
A80: Subventii de la bugetul de stat pentru spitale | B80: 42.10.11 | E80: =C80+D80 -> 0 | F80: =G80+H80+I80+J80 -> 0 | K80: 0 | L80: 0 | M80: 0 | N80: 0 | O80: 1
A81: Subventii de la bugetul de stat catre institutii publice finantate partial sau integral din venituri proprii pentru proiecte finantate din FEN postaderare | B81: 42.10.39 | E81: =C81+D81 -> 0 | F81: =G81+H81+I81+J81 -> 0 | K81: 0 | L81: 0 | M81: 0 | N81: 0 | O81: 2
A82: Sume primite de institutiile publice si activitatile finantate integral sau partial din venituri proprii in cadrul programelor FEGA implementate de APIA | B82: 42.10.43 | E82: =C82+D82 -> 0 | F82: =G82+H82+I82+J82 -> 0 | K82: 0 | L82: 0 | M82: 0 | N82: 0 | O82: 1
A83: Sume alocate pentru stimulent de risc de la bugetul de stat | B83: 42.10.82 | C83: 0 | D83: 0 | E83: 0 | F83: 0 | G83: 0 | H83: 0 | I83: 0 | J83: 0
A84: Alocari sume din PNRR aferente asistentei financiare nerambursabile | B84: 42.88 | C84: 1439.08 | E84: =C84+D84 -> 1439.08 | F84: =G84+H84+I84+J84 -> 1439.08 | G84: =G85+G86 -> 0 | H84: =H85+H86 -> 1439.08 | I84: =I85+I86 -> 0 | J84: =J85+J86 -> 0 | U84: =G84+H84 -> 1439.08
A85: Fonduri europene nerambursabile | B85: 42.88.01 | C85: 1209.31 | E85: =C85+D85 -> 1209.31 | F85: =G85+H85+I85+J85 -> 1209.31 | G85: 0 | H85: 1209.31 | I85: 0 | J85: 0 | U85: =G85+H85 -> 1209.31
A86: Sume aferente TVA | B86: 42.88.03 | C86: 229.77 | E86: =C86+D86 -> 229.77 | F86: =G86+H86+I86+J86 -> 229.77 | G86: 0 | H86: 229.77 | I86: 0 | J86: 0 | K86: 0 | L86: 0 | M86: 0 | N86: 0 | O86: 1 | P86: =Q86+R86+S86+T86 -> 0 | U86: =G86+H86 -> 229.77
A87: Subventii de la bugetul d stat catre institutii publice finantate partial sau integral din venituri proprii necesare sustinerii derularii proiectelor finantate din fonduri externe nerambursabile (FEN) postaderare aferente perioadei de programe 2014-2020 | B87: 42.10.70 | E87: =C87+D87 -> 0 | F87: =G87+H87+I87+J87 -> 0 | K87: 0 | L87: 0 | M87: 0 | N87: 0 | O87: 2
A88: Subventii de la alte administratii (cod 43.10.09+43.10.10+43.10.14+43.10.15+43.10.16+43.10.17+43.10.19+43.10.31+43.10.33) | B88: 43.10 | C88: =C89+C90+C91+C92+C93+C97+C101+C102+C103+C104 -> 10782 | D88: =D89+D90+D91+D92+D93+D97+D101+D102+D103+D104 -> -500 | E88: =E89+E90+E91+E92+E93+E97+E101+E102+E103+E104 -> 10282 | F88: =F89+F90+F91+F92+F93+F97+F101+F102+F103+F104 -> 10282 | G88: =G89+G90+G91+G92+G93+G97+G101+G102+G103+G104 -> 2336 | H88: =H89+H90+H91+H92+H93+H97+H101+H102+H103+H104 -> 2536 | I88: =I89+I90+I91+I92+I93+I97+I101+I102+I103+I104 -> 2636 | J88: =J89+J90+J91+J92+J93+J97+J101+J102+J103+J104 -> 2774 | ... N88: =N89+N90+N91+N92+N93+N97+N101+N102+N103+N104 -> 8100 | P88: =Q88+R88+S88+T88 -> 0 | U88: =G88+H88 -> 4872
A89: Subventii pentru institutii publice | B89: 43.10.09 | E89: =C89+D89 -> 0 | F89: =G89+H89+I89+J89 -> 0 | K89: 0 | L89: 0 | M89: 0 | N89: 0 | O89: 1
A90: Subventii din bugetele locale pentru finantarea cheltuielilor curente din domeniul sanatatii | B90: 43.10.10 | C90: 1022 | D90: 100 | E90: =C90+D90 -> 1122 | F90: =G90+H90+I90+J90 -> 1122 | G90: 336 | H90: 336 | I90: 206 | J90: 244 | K90: 0 | L90: 0 | M90: 0 | N90: 0 | O90: 1 | P90: =Q90+R90+S90+T90 -> 216 | Q90: 54 | R90: 54 | S90: 54 | T90: 54 | U90: =G90+H90 -> 672 | W90: 16
A91: Subventii din bugetele locale pentru finantarea cheltuielilor de capital din domeniul sanatatii | B91: 43.10.14 | C91: 0 | E91: =C91+D91 -> 0 | F91: =G91+H91+I91+J91 -> 0 | G91: 0 | H91: 0 | I91: 0 | J91: 0 | K91: 0 | L91: 0 | M91: 0 | N91: 0 | O91: 2 | P91: =Q91+R91+S91+T91 -> 0 | U91: =G91+H91 -> 0
A92: Subventii din bugetul local pentru finantarea camerelor agricole | B92: 43.10.15 | E92: =C92+D92 -> 0 | F92: =G92+H92+I92+J92 -> 0 | K92: 0 | L92: 0 | M92: 0 | N92: 0 | O92: 1
A93: Sume din bugetul de stat catre bugetele locale pentru finantarea investitiilor in sanatate (cod 43.10.16.01+43.10.16.02+43.10.16.03) | B93: 43.10.16 | C93: =C94+C95+C96 -> 0 | D93: =D94+D95+D96 -> 0 | E93: =E94+E95+E96 -> 0 | F93: =F94+F95+F96 -> 0 | G93: =G94+G95+G96 -> 0 | H93: =H94+H95+H96 -> 0 | I93: =I94+I95+I96 -> 0 | J93: =J94+J95+J96 -> 0 | ... N93: =N94+N95+N96 -> 0
A94: Sume din bugetul de stat catre bugetele locale pentru finantarea aparaturii medicale si echipamentelor de comunicatii in urgenta in sanatate | B94: 43.10.16.01 | C94: 0 | E94: =C94+D94 -> 0 | F94: =G94+H94+I94+J94 -> 0 | G94: 0 | H94: 0 | I94: 0 | J94: 0 | K94: 0 | L94: 0 | M94: 0 | N94: 0 | O94: 2
A95: Sume din bugetul de stat catre bugetele locale pentru finantarea reparatiilor capitale in sanatate | B95: 43.10.16.02 | E95: =C95+D95 -> 0 | F95: =G95+H95+I95+J95 -> 0 | K95: 0 | L95: 0 | M95: 0 | N95: 0 | O95: 2
A96: Sume din bugetul de stat catre bugetele locale pentru finatarea altor investitii in sanatate | B96: 43.10.16.03 | E96: =C96+D96 -> 0 | F96: =G96+H96+I96+J96 -> 0 | K96: 0 | L96: 0 | M96: 0 | N96: 0 | O96: 2
A97: Sume din veniturile proprii ale Ministerului Sanatatii catre bugetele locale pentru finatarea investitiilor in sanatate (cod 43.10.17.01+43.10.17.02+43.10.17.03) | B97: 43.10.17 | C97: =C98+C99+C100 -> 0 | D97: =D98+D99+D100 -> 0 | E97: =E98+E99+E100 -> 0 | F97: =F98+F99+F100 -> 0 | G97: =G98+G99+G100 -> 0 | H97: =H98+H99+H100 -> 0 | I97: =I98+I99+I100 -> 0 | J97: =J98+J99+J100 -> 0 | ... N97: =N98+N99+N100 -> 0
A98: Sume din veniturile proprii ale Ministerului Sanatatii catre bugetele locale pentru finantarea aparaturii medicale si echipamentelor de comunicatii in urgenta in sanatate | B98: 43.10.17.01 | E98: =C98+D98 -> 0 | F98: =G98+H98+I98+J98 -> 0 | K98: 0 | L98: 0 | M98: 0 | N98: 0 | O98: 2
A99: Sume din veniturile proprii ale Ministerului Sanatatii catre bugetele locale pentru finantarea reparatiilor capitale in sanatate | B99: 43.10.17.02 | E99: =C99+D99 -> 0 | F99: =G99+H99+I99+J99 -> 0 | K99: 0 | L99: 0 | M99: 0 | N99: 0 | O99: 2
A100: Sume din veniturile proprii ale Ministerului Sanatatii catre bugetele locale pentru finantarea altor investitii in sanatate | B100: 43.10.17.03 | E100: =C100+D100 -> 0 | F100: =G100+H100+I100+J100 -> 0 | K100: 0 | L100: 0 | M100: 0 | N100: 0 | O100: 2
A101: Subventii pentru institutiile publice destinate sectiunii de dezvoltare | B101: 43.10.19 | E101: =C101+D101 -> 0 | F101: =G101+H101+I101+J101 -> 0 | K101: 0 | L101: 0 | M101: 0 | N101: 0 | O101: 2
A102: Sume alocate din bugetul AFIR, pentru sustinerea proiectelor din PNDR 2014-2020 | B102: 43.10.31 | E102: =C102+D102 -> 0 | F102: =G102+H102+I102+J102 -> 0 | K102: 0 | L102: 0 | M102: 0 | N102: 0 | O102: 2 | U102: =G102+H102 -> 0
A103: Subventii din bugetul Fondului national unic de asigurari sociale de sanatate pentru acoperirea cresterilor salariale | B103: 43.10.33 | C103: 9760 | D103: -600 | E103: =C103+D103 -> 9160 | F103: =G103+H103+I103+J103 -> 9160 | G103: 2000 | H103: 2200 | I103: 2430 | J103: 2530 | K103: 0 | L103: 8000 | M103: 8050 | N103: 8100 | O103: 1 | P103: =Q103+R103+S103+T103 -> 0 | U103: =G103+H103 -> 4200
A104: Sume alocate pentru stimulent de risc de la FNUASS | B104: 43.10.40 | C104: 0 | E104: =C104+D104 -> 0 | F104: =G104+H104+I104+J104 -> 0 | G104: 0 | H104: 0 | I104: 0 | J104: 0 | O104: 1 | P104: =Q104+R104+S104+T104 -> 0
...

Sheet TG. BUJOR 2024 sept.2024
A1: SPITALUL ORĂŞENESC TG. BUJOR | C1: Ordonator principal de credite, | L1: Director executiv,
A2: Nr. Înregistrare. din .09.2024 | C2: Fotea Costel | F2: Fotea Costel | H2: Director executiv, | L2: Stoica George
H3: Stoica George
A7: BUGETUL INSTITUŢIILOR PUBLCE ŞI ACTIVITĂŢILOR FINANŢATE INTEGRAL SAU PARŢIAL DIN VENITURI PROPRII, PE ANUL 2024
A9: HCJ nr.282/30.09.2024 | N9: -mii lei-
A10: DENUMIRE INDICATOR | B10: ARTICOL | C10: BUGET 2024 | L10: 2025 | M10: 2026 | N10: 2027
C11: BUGET INITIAL | D11: INFLU ENTE | E11: BUGET FINAL | F11: TOTAL an | G11: TRIM. I | H11: TRIM. II | I11: TRIM. III | J11: TRIM. IV | K11: Din care credite bugetare destinate stingerii platilor restante | P11: total infl. | Q11: TRIM. I | R11: TRIM. II | S11: TRIM. III | T11: TRIM. IV | V11: TRIM. II | W11: TRIM. III | X11: TRIM. IV
A12: 1 | B12: 2 | C12: 3 | D12: 4 | E12: 5 | F12: 3 | G12: 4 | H12: 5 | I12: 5 | J12: 7 | K12: 11 | L12: 12 | M12: 13 | N12: 14 | Q12: 7 | R12: 8 | S12: 9 | T12: 10
A13: TOTAL VENITURI (cod 00.02+00.15+00.16+00.17+45.10+48.10) | B13: 00.01 | C13: =C14+C63+C67+C77+C105+C167 -> 17692.08 | D13: =D14+D63+D67+D77+D105+D167 -> 70 | E13: =E14+E63+E67+E77+E105+E167 -> 17762.08 | F13: =F14+F63+F67+F77+F105+F167 -> 17762.08 | G13: =G14+G63+G67+G77+G105+G167 -> 3931 | H13: =H14+H63+H67+H77+H105+H167 -> 5360.08 | I13: =I14+I63+I67+I77+I105+I167 -> 4161 | J13: =J14+J63+J67+J77+J105+J167 -> 4310 | ... X13: =X14+X63+X67+X77+X105+X167 -> 0
A14: I. VENITURI CURENTE (cod 00.03+00.12) | B14: 00.02 | C14: =C15+C20 -> 5561 | D14: =D15+D20 -> 0 | E14: =E15+E20 -> 5561 | F14: =F15+F20 -> 5561 | G14: =G15+G20 -> 1595 | H14: =H15+H20 -> 1385 | I14: =I15+I20 -> 1525 | J14: =J15+J20 -> 1056 | ... N14: =N15+N20 -> 5970 | P14: =Q14+R14+S14+T14 -> 0 | U14: =G14+H14 -> 2980
A15: A. VENITURI FISCALE (cod 00.10) | B15: 00.03 | C15: =C16 -> 0 | D15: =D16 -> 0 | E15: =E16 -> 0 | F15: =F16 -> 0 | G15: =G16 -> 0 | H15: =H16 -> 0 | I15: =I16 -> 0 | J15: =J16 -> 0 | ... N15: =N16 -> 0 | P15: =Q15+R15+S15+T15 -> 0
A16: A4. IMPOZITE SI TAXE PE BUNURI SI SERVICII (cod 15.10) | B16: 00.10 | C16: =C17 -> 0 | D16: =D17 -> 0 | E16: =E17 -> 0 | F16: =F17 -> 0 | G16: =G17 -> 0 | H16: =H17 -> 0 | I16: =I17 -> 0 | J16: =J17 -> 0 | ... N16: =N17 -> 0 | P16: =Q16+R16+S16+T16 -> 0
A17: Taxe pe servicii specifice (cod 15.10.01+15.10.50) | B17: 15.10 | C17: =C18+C19 -> 0 | D17: =D18+D19 -> 0 | E17: =E18+E19 -> 0 | F17: =F18+F19 -> 0 | G17: =G18+G19 -> 0 | H17: =H18+H19 -> 0 | I17: =I18+I19 -> 0 | J17: =J18+J19 -> 0 | ... N17: =N18+N19 -> 0
A18: Impozit pe spectacole | B18: 15.10.01 | E18: =C18+D18 -> 0 | F18: =G18+H18+I18+J18 -> 0 | K18: 0 | L18: 0 | M18: 0 | N18: 0 | O18: 1
A19: Alte taxe pe servicii specifice | B19: 15.10.50 | E19: =C19+D19 -> 0 | F19: =G19+H19+I19+J19 -> 0 | K19: 0 | L19: 0 | M19: 0 | N19: 0 | O19: 1
A20: C. VENITURI NEFISCALE (cod 00.13+00.14) | B20: 00.12 | C20: =C21+C32 -> 5561 | D20: =D21+D32 -> 0 | E20: =E21+E32 -> 5561 | F20: =F21+F32 -> 5561 | G20: =G21+G32 -> 1595 | H20: =H21+H32 -> 1385 | I20: =I21+I32 -> 1525 | J20: =J21+J32 -> 1056 | ... N20: =N21+N32 -> 5970
A21: C1. VENITURI DIN PROPRIETATE (cod 30.10+31.10) | B21: 00.13 | C21: =C22+C30 -> 0 | D21: =D22+D30 -> 0 | E21: =E22+E30 -> 0 | F21: =F22+F30 -> 0 | G21: =G22+G30 -> 0 | H21: =H22+H30 -> 0 | I21: =I22+I30 -> 0 | J21: =J22+J30 -> 0 | ... N21: =N22+N30 -> 0 | P21: =Q21+R21+S21+T21 -> 0
A22: Venituri din proprietate (cod 30.10.05+30.10.08+30.10.09+30.10.50) | B22: 30.10 | C22: =C23+C25+C28+C29 -> 0 | D22: =D23+D25+D28+D29 -> 0 | E22: =E23+E25+E28+E29 -> 0 | F22: =F23+F25+F28+F29 -> 0 | G22: =G23+G25+G28+G29 -> 0 | H22: =H23+H25+H28+H29 -> 0 | I22: =I23+I25+I28+I29 -> 0 | J22: =J23+J25+J28+J29 -> 0 | ... N22: =N23+N25+N28+N29 -> 0 | P22: =Q22+R22+S22+T22 -> 0
A23: Venituri din concesiuni si inchirieri (cod 30.10.05.30) | B23: 30.10.05 | C23: =C24 -> 0 | D23: =D24 -> 0 | E23: =E24 -> 0 | F23: =F24 -> 0 | G23: =G24 -> 0 | H23: =H24 -> 0 | I23: =I24 -> 0 | J23: =J24 -> 0 | ... N23: =N24 -> 0 | P23: =Q23+R23+S23+T23 -> 0
A24: Alte venituri din concesiuni si inchiriere de catre institutiile publice | B24: 30.10.05.30 | C24: 0 | E24: =C24+D24 -> 0 | F24: =G24+H24+I24+J24 -> 0 | G24: 0 | H24: 0 | I24: 0 | J24: 0 | K24: 0 | L24: 0 | M24: 0 | N24: 0 | O24: 1 | P24: =Q24+R24+S24+T24 -> 0
A25: Venituri din dividende (cod 30.10.08.02+30.10.08.03) | B25: 30.10.08 | C25: =C26+C27 -> 0 | D25: =D26+D27 -> 0 | E25: =E26+E27 -> 0 | F25: =F26+F27 -> 0 | G25: =G26+G27 -> 0 | H25: =H26+H27 -> 0 | I25: =I26+I27 -> 0 | J25: =J26+J27 -> 0 | ... N25: =N26+N27 -> 0
A26: Venituri din dividende de la alti platitori | B26: 30.10.08.02 | E26: =C26+D26 -> 0 | F26: =G26+H26+I26+J26 -> 0 | K26: 0 | L26: 0 | M26: 0 | N26: 0 | O26: 1
A27: Dividende de la societatile si companiile nationale si societatile cu capital majoritar de stat | B27: 30.10.08.03 | E27: =C27+D27 -> 0 | F27: =G27+H27+I27+J27 -> 0 | K27: 0 | L27: 0 | M27: 0 | N27: 0 | O27: 1
A28: Venituri din utilizarea pasunilor comunale | B28: 30.10.09 | E28: =C28+D28 -> 0 | F28: =G28+H28+I28+J28 -> 0 | K28: 0 | L28: 0 | M28: 0 | N28: 0 | O28: 1
A29: Alte venituri din proprietate | B29: 30.10.50 | E29: =C29+D29 -> 0 | F29: =G29+H29+I29+J29 -> 0 | K29: 0 | L29: 0 | M29: 0 | N29: 0 | O29: 1
A30: Venituri din dobanzi (cod 31.10.03) | B30: 31.10 | C30: =C31 -> 0 | D30: =D31 -> 0 | E30: =E31 -> 0 | F30: =F31 -> 0 | G30: =G31 -> 0 | H30: =H31 -> 0 | I30: =I31 -> 0 | J30: =J31 -> 0 | ... N30: =N31 -> 0
A31: Alte venituri din dobanzi | B31: 31.10.03 | E31: =C31+D31 -> 0 | F31: =G31+H31+I31+J31 -> 0 | K31: 0 | L31: 0 | M31: 0 | N31: 0 | O31: 1
A32: C2. VANZARI DE BUNURI SI SERVICII (cod 33.10+34.10+35.10+36.10+37.10) | B32: 00.14 | C32: =C33+C48+C50+C52+C58 -> 5561 | D32: =D33+D48+D50+D52+D58 -> 0 | E32: =E33+E48+E50+E52+E58 -> 5561 | F32: =F33+F48+F50+F52+F58 -> 5561 | G32: =G33+G48+G50+G52+G58 -> 1595 | H32: =H33+H48+H50+H52+H58 -> 1385 | I32: =I33+I48+I50+I52+I58 -> 1525 | J32: =J33+J48+J50+J52+J58 -> 1056 | ... N32: =N33+N48+N50+N52+N58 -> 5970 | P32: =Q32+R32+S32+T32 -> 0
A33: Venituri din prestari servicii si alte activitati (cod 33.10.05+33.10.08+33.10.09+33.10.13+33.10.14+33.10.16+33.10.17+33.10.19+33.10.20+33.10.21+33.10.30 la 33.10.32+33.10.50) | B33: 33.10 | C33: =C34+C35+C36+C37+C38+C39+C40+C41+C42+C43+C44+C45+C46+C47 -> 5561 | D33: =D34+D35+D36+D37+D38+D39+D40+D41+D42+D43+D44+D45+D46+D47 -> 0 | E33: =E34+E35+E36+E37+E38+E39+E40+E41+E42+E43+E44+E45+E46+E47 -> 5561 | F33: =F34+F35+F36+F37+F38+F39+F40+F41+F42+F43+F44+F45+F46+F47 -> 5561 | G33: =G34+G35+G36+G37+G38+G39+G40+G41+G42+G43+G44+G45+G46+G47 -> 1595 | H33: =H34+H35+H36+H37+H38+H39+H40+H41+H42+H43+H44+H45+H46+H47 -> 1385 | I33: =I34+I35+I36+I37+I38+I39+I40+I41+I42+I43+I44+I45+I46+I47 -> 1525 | J33: =J34+J35+J36+J37+J38+J39+J40+J41+J42+J43+J44+J45+J46+J47 -> 1056 | ... X33: =X34+X35+X36+X37+X38+X39+X40+X41+X42+X43+X44+X45+X46+X47 -> #VALUE!
A34: Taxe si alte venituri in invatamant | B34: 33.10.05 | E34: =C34+D34 -> 0 | F34: =G34+H34+I34+J34 -> 0 | K34: 0 | L34: 0 | M34: 0 | N34: 0 | O34: 1 | Q34: 0
A35: Venituri din prestari de servicii | B35: 33.10.08 | C35: 107 | E35: =C35+D35 -> 107 | F35: =G35+H35+I35+J35 -> 107 | G35: 25 | H35: 35 | I35: 25 | J35: 22 | K35: 0 | L35: 0 | M35: 0 | N35: 0 | O35: 1 | P35: =Q35+R35+S35+T35 -> 0 | U35: =G35+H35 -> 60
A36: Taxe si alte venituri din protectia mediului | B36: 33.10.09 | E36: =C36+D36 -> 0 | F36: =G36+H36+I36+J36 -> 0 | K36: 0 | L36: 0 | M36: 0 | N36: 0 | O36: 1 | T36: 4920 | U36: -280
A37: Contributia de intretinere a persoanelor asistate | B37: 33.10.13 | E37: =C37+D37 -> 0 | F37: =G37+H37+I37+J37 -> 0 | K37: 0 | L37: 0 | M37: 0 | N37: 0 | O37: 1 | T37: 667 | U37: -33
A38: Contributia elevilor si studentilor pentru internate, camine si cantine | B38: 33.10.14 | E38: =C38+D38 -> 0 | F38: =G38+H38+I38+J38 -> 0 | K38: 0 | L38: 0 | M38: 0 | N38: 0 | O38: 1 | U38: -353
A39: Venituri din valorificarea produselor obtinute din activitatea proprie sau anexa | B39: 33.10.16 | E39: =C39+D39 -> 0 | F39: =G39+H39+I39+J39 -> 0 | K39: 0 | L39: 0 | M39: 0 | N39: 0 | O39: 1
A40: Venituri din organizarea de cursuri de calificare si conversie profesionala, specializare si perfectionare | B40: 33.10.17 | E40: =C40+D40 -> 0 | F40: =G40+H40+I40+J40 -> 0 | K40: 0 | L40: 0 | M40: 0 | N40: 0 | O40: 1
A41: Venituri din serbari si spectacole scolare, manifestari culturale, artistice si sportive | B41: 33.10.19 | E41: =C41+D41 -> 0 | F41: =G41+H41+I41+J41 -> 0 | K41: 0 | L41: 0 | M41: 0 | N41: 0 | O41: 1
A42: Venituri din cercetare | B42: 33.10.20 | E42: =C42+D42 -> 0 | F42: =G42+H42+I42+J42 -> 0 | K42: 0 | L42: 0 | M42: 0 | N42: 0 | O42: 1
A43: Venituri din contractele incheiate cu casele de asigurari sociale de sanatate | B43: 33.10.21 | C43: 4414 | E43: =C43+D43 -> 4414 | F43: =G43+H43+I43+J43 -> 4414 | G43: 1200 | H43: 1000 | I43: 1180 | J43: 1034 | K43: 0 | L43: 6040 | M43: 6005 | N43: 5970 | O43: 1 | P43: =Q43+R43+S43+T43 -> 0 | U43: =G43+H43 -> 2200
A44: Venituri din contractele incheiate cu DSP din sume alocate de la bugetul de stat | B44: 33.10.30 | C44: 1040 | E44: =C44+D44 -> 1040 | F44: =G44+H44+I44+J44 -> 1040 | G44: 370 | H44: 350 | I44: 320 | J44: 0 | K44: 0 | L44: 0 | M44: 0 | N44: 0 | O44: 1 | P44: =Q44+R44+S44+T44 -> 0 | U44: =G44+H44 -> 720
A45: Venituri din contractele incheiate cu directiile de sanatate publica din sume alocate din veniturile proprii ale Ministerului Sanatatii | B45: 33.10.31 | E45: =C45+D45 -> 0 | F45: =G45+H45+I45+J45 -> 0 | K45: 0 | L45: 0 | M45: 0 | N45: 0 | O45: 1
A46: Venituri din contractele incheiate cu institutiile de medicina legala | B46: 33.10.32 | E46: =C46+D46 -> 0 | F46: =G46+H46+I46+J46 -> 0 | K46: 0 | L46: 0 | M46: 0 | N46: 0 | O46: 1
A47: Alte venituri din prestari de servicii si alte activitati | B47: 33.10.50 | C47: 0 | E47: =C47+D47 -> 0 | F47: =G47+H47+I47+J47 -> 0 | G47: 0 | H47: 0 | I47: 0 | J47: 0 | K47: 0 | L47: 0 | M47: 0 | N47: 0 | O47: 1 | P47: =Q47+R47+S47+T47 -> 0
A48: Venituri din taxe administrative, eliberari permise (cod 34.10.50) | B48: 34.10 | C48: =C49 -> 0 | D48: =D49 -> 0 | E48: =E49 -> 0 | F48: =F49 -> 0 | G48: =G49 -> 0 | H48: =H49 -> 0 | I48: =I49 -> 0 | J48: =J49 -> 0 | ... N48: =N49 -> 0
A49: Alte venituri din taxe administrative, eliberari permise | B49: 34.10.50 | E49: =C49+D49 -> 0 | F49: =G49+H49+I49+J49 -> 0 | K49: 0 | L49: 0 | M49: 0 | N49: 0 | O49: 1
A50: Amenzi, penalitati si confiscari (cod 35.10.50) | B50: 35.10 | C50: =C51 -> 0 | D50: =D51 -> 0 | E50: =E51 -> 0 | F50: =F51 -> 0 | G50: =G51 -> 0 | H50: =H51 -> 0 | I50: =I51 -> 0 | J50: =J51 -> 0 | ... N50: =N51 -> 0
A51: Alte amenzi, penalitati si confiscari | B51: 35.10.50 | E51: =C51+D51 -> 0 | F51: =G51+H51+I51+J51 -> 0 | K51: 0 | L51: 0 | M51: 0 | N51: 0 | O51: 1
A52: Diverse venituri (cod 36.10.04+36.10.32+36.10.50) | B52: 36.10 | C52: =C53+C54+C57 -> 0 | D52: =D53+D54+D57 -> 0 | E52: =E53+E54+E57 -> 0 | F52: =F53+F54+F57 -> 0 | G52: =G53+G54+G57 -> 0 | H52: =H53+H54+H57 -> 0 | I52: =I53+I54+I57 -> 0 | J52: =J53+J54+J57 -> 0 | ... N52: =N53+N54+N57 -> 0
A53: Venituri din producerea riscurilor asigurate | B53: 36.10.04 | E53: =C53+D53 -> 0 | F53: =G53+H53+I53+J53 -> 0 | K53: 0 | L53: 0 | M53: 0 | N53: 0 | O53: 1
A54: Sume provenite din finantarea bugetara a anilor precedenti (cod 36.10.32.02+36.10.32.03) | B54: 36.10.32 | C54: =C55+C56 -> 0 | D54: =D55+D56 -> 0 | E54: =E55+E56 -> 0 | F54: =F55+F56 -> 0 | G54: =G55+G56 -> 0 | H54: =H55+H56 -> 0 | I54: =I55+I56 -> 0 | J54: =J55+J56 -> 0 | ... N54: =N55+N56 -> 0
A55: Sume provenite din finantarea bugetara a anilor precedenti, aferente sectiunii de dezvoltare | B55: 36.10.32.02 | E55: =C55+D55 -> 0 | F55: =G55+H55+I55+J55 -> 0 | K55: 0 | L55: 0 | M55: 0 | N55: 0 | O55: 2
A56: Sume provenite din finantarea bugetara a anilor precedenti, aferente sectiunii de functionare | B56: 36.10.32.03 | E56: =C56+D56 -> 0 | F56: =G56+H56+I56+J56 -> 0 | K56: 0 | L56: 0 | M56: 0 | N56: 0 | O56: 1
A57: Alte venituri | B57: 36.10.50 | E57: =C57+D57 -> 0 | F57: =G57+H57+I57+J57 -> 0 | K57: 0 | L57: 0 | M57: 0 | N57: 0 | O57: 1
A58: Transferuri voluntare, altele decat subventiile (cod 37.10.01+37.10.03+37.10.04+37.10.50) | B58: 37.10 | C58: =C59+C60+C61+C62 -> 0 | D58: =D59+D60+D61+D62 -> 0 | E58: =E59+E60+E61+E62 -> 0 | F58: =F59+F60+F61+F62 -> 0 | G58: =G59+G60+G61+G62 -> 0 | H58: =H59+H60+H61+H62 -> 0 | I58: =I59+I60+I61+I62 -> 0 | J58: =J59+J60+J61+J62 -> 0 | ... N58: =N59+N60+N61+N62 -> 0 | P58: =Q58+R58+S58+T58 -> 0
A59: Donatii si sponsorizari | B59: 37.10.01 | E59: =C59+D59 -> 0 | F59: =G59+H59+I59+J59 -> 0 | K59: 0 | L59: 0 | M59: 0 | N59: 0 | O59: 1
A60: Varsaminte din sectiunea de functionare pentru finantarea sectiunii de dezvoltare a bugetului local (cu semnul minus) | B60: 37.10.03 | C60: -10 | E60: =C60+D60 -> -10 | F60: =G60+H60+I60+J60 -> -10 | G60: 0 | H60: -10 | I60: 0 | J60: 0 | K60: 0 | L60: 0 | M60: 0 | N60: 0 | O60: 1 | P60: =Q60+R60+S60+T60 -> 0 | U60: =G60+H60 -> -10
A61: Varsaminte din sectiunea de functionare | B61: 37.10.04 | C61: 10 | E61: =C61+D61 -> 10 | F61: =G61+H61+I61+J61 -> 10 | G61: 0 | H61: 10 | I61: 0 | J61: 0 | K61: 15 | L61: 0 | M61: 0 | N61: 0 | O61: 2 | P61: =Q61+R61+S61+T61 -> 0 | U61: =G61+H61 -> 10
A62: Alte transferuri voluntare | B62: 37.10.50 | E62: =C62+D62 -> 0 | F62: =G62+H62+I62+J62 -> 0 | K62: 0 | L62: 0 | M62: 0 | N62: 0 | O62: 1
A63: II. VENITURI DIN CAPITAL (cod 39.10) | B63: 00.15 | C63: =C64 -> 0 | D63: =D64 -> 0 | E63: =E64 -> 0 | F63: =F64 -> 0 | G63: =G64 -> 0 | H63: =H64 -> 0 | I63: =I64 -> 0 | J63: =J64 -> 0 | ... N63: =N64 -> 0
A64: Venituri din valorificarea unor bunuri (cod 39.10.01+39.10.50) | B64: 39.10 | C64: =C65+C66 -> 0 | D64: =D65+D66 -> 0 | E64: =E65+E66 -> 0 | F64: =F65+F66 -> 0 | G64: =G65+G66 -> 0 | H64: =H65+H66 -> 0 | I64: =I65+I66 -> 0 | J64: =J65+J66 -> 0 | ... N64: =N65+N66 -> 0
A65: Venituri din valorificarea unor bunuri ale institutiilor publice | B65: 39.10.01 | E65: =C65+D65 -> 0 | F65: =G65+H65+I65+J65 -> 0 | K65: 0 | L65: 0 | M65: 0 | N65: 0 | O65: 2
A66: Alte venituri din valorificarea unor bunuri | B66: 39.10.50 | E66: =C66+D66 -> 0 | F66: =G66+H66+I66+J66 -> 0 | K66: 0 | L66: 0 | M66: 0 | N66: 0 | O66: 2
A67: III. OPERATIUNI FINANCIARE (cod 40.10+41.10) | B67: 00.16 | C67: =C68+C73 -> 0 | D67: =D68+D73 -> 0 | E67: =E68+E73 -> 0 | F67: =F68+F73 -> 0 | G67: =G68+G73 -> 0 | H67: =H68+H73 -> 0 | I67: =I68+I73 -> 0 | J67: =J68+J73 -> 0 | ... N67: =N68+N73 -> 0
A68: Incasari din rambursarea imprumuturilor acordate (cod 40.10.15+40.10.16) | B68: 40.10 | C68: =C69+C72 -> 0 | D68: =D69+D72 -> 0 | E68: =E69+E72 -> 0 | F68: =F69+F72 -> 0 | G68: =G69+G72 -> 0 | H68: =H69+H72 -> 0 | I68: =I69+I72 -> 0 | J68: =J69+J72 -> 0 | ... N68: =N69+N72 -> 0
A69: Sume utilizate din excedentul anului precedent pentru efectuarea de cheltuieli (cod 40.10.15.01+40.10.15.02) | B69: 40.10.15 | C69: =C70+C71 -> 0 | D69: =D70+D71 -> 0 | E69: =E70+E71 -> 0 | F69: =F70+F71 -> 0 | G69: =G70+G71 -> 0 | H69: =H70+H71 -> 0 | I69: =I70+I71 -> 0 | J69: =J70+J71 -> 0 | ... N69: =N70+N71 -> 0
A70: Sume utilizate de administratiile locale din excedentul anului precedent pentru sectiunea de functionare | B70: 40.10.15.01 | E70: =C70+D70 -> 0 | F70: =G70+H70+I70+J70 -> 0 | K70: 0 | L70: 0 | M70: 0 | N70: 0 | O70: 1
A71: Sume utilizate de administratiile locale din excedentul anului precedent pentru sectiunea de dezvoltare | B71: 40.10.15.02 | E71: =C71+D71 -> 0 | F71: =G71+H71+I71+J71 -> 0 | K71: 0 | L71: 0 | M71: 0 | N71: 0 | O71: 2
A72: Sume primite in cadrul mecanismului decontarii cererilor de plata | B72: 40.10.16 | E72: =C72+D72 -> 0 | F72: =G72+H72+I72+J72 -> 0 | K72: 0 | L72: 0 | M72: 0 | N72: 0 | O72: 2
A73: Alte operatiuni financiare (cod. 41.10.06+41.10.11) | B73: 41.10 | C73: =C74+C75+C76 -> 0 | D73: =D74+D75+D76 -> 0 | E73: =E74+E75+E76 -> 0 | F73: =F74+F75+F76 -> 0 | G73: =G74+G75+G76 -> 0 | H73: =H74+H75+H76 -> 0 | I73: =I74+I75+I76 -> 0 | J73: =J74+J75+J76 -> 0 | ... N73: =N74+N75+N76 -> 0
A74: Sume din excedentul anului precedent pentru acoperirea golurilor temporare de casa | B74: 41.10.06 | E74: =C74+D74 -> 0 | F74: =G74+H74+I74+J74 -> 0 | K74: 0 | L74: 0 | M74: 0 | N74: 0 | O74: 1 | P74: =Q74+R74+S74+T74 -> 0
A75: Imprumuturi de la bugetul local | B75: 41.10.11 | E75: =C75+D75 -> 0 | F75: =G75+H75+I75+J75 -> 0 | K75: 0 | L75: 0 | M75: 0 | N75: 0 | O75: 1
A76: Sume alocate din Fondul de Dezvoltare si Investitii | B76: 41.10.14 | E76: =C76+D76 -> 0 | F76: =G76+H76+I76+J76 -> 0 | K76: 0 | L76: 0 | M76: 0 | N76: 0 | O76: 2
A77: IV. SUBVENTII (cod 00.18) | B77: 00.17 | C77: =C78 -> 12131.08 | D77: =D78 -> 70 | E77: =E78 -> 12201.08 | F77: =F78 -> 12201.08 | G77: =G78 -> 2336 | H77: =H78 -> 3975.08 | I77: =I78 -> 2636 | J77: =J78 -> 3254 | ... N77: =N78 -> 8100 | P77: =Q77+R77+S77+T77 -> 0 | U77: =G77+H77 -> 6311.08
A78: SUBVENTII DE LA ALTE NIVELE ALE ADMINISTRATIEI PUBLICE (cod 42.10+43.10) | B78: 00.18 | C78: =C79+C84+C88 -> 12131.08 | D78: =D79+D84+D88 -> 70 | E78: =E79+E84+E88 -> 12201.08 | F78: =F79+F84+F88 -> 12201.08 | G78: =G79+G84+G88 -> 2336 | H78: =H79+H84+H88 -> 3975.08 | I78: =I79+I84+I88 -> 2636 | J78: =J79+J84+J88 -> 3254 | K78: =K79+K88 -> 0 | L78: =L79+L88 -> 8000 | M78: =M79+M88 -> 8050 | N78: =N79+N88 -> 8100 | P78: =Q78+R78+S78+T78 -> 0
A79: Subventii de la bugetul de stat (cod 42.10.11+42.10.39+42.10.43+42.10.62+42.10.70) | B79: 42.10 | C79: =C83 -> 0 | D79: =D83 -> 0 | E79: =E83 -> 0 | F79: =F83 -> 0 | G79: =G83 -> 0 | H79: =H83 -> 0 | I79: =I83 -> 0 | J79: =J83 -> 0 | K79: =K80+K81+K82+K86+K87 -> 0 | L79: =L80+L81+L82+L86+L87 -> 0 | M79: =M80+M81+M82+M86+M87 -> 0 | N79: =N80+N81+N82+N86+N87 -> 0 | P79: =Q79+R79+S79+T79 -> 0
A80: Subventii de la bugetul de stat pentru spitale | B80: 42.10.11 | E80: =C80+D80 -> 0 | F80: =G80+H80+I80+J80 -> 0 | K80: 0 | L80: 0 | M80: 0 | N80: 0 | O80: 1
A81: Subventii de la bugetul de stat catre institutii publice finantate partial sau integral din venituri proprii pentru proiecte finantate din FEN postaderare | B81: 42.10.39 | E81: =C81+D81 -> 0 | F81: =G81+H81+I81+J81 -> 0 | K81: 0 | L81: 0 | M81: 0 | N81: 0 | O81: 2
A82: Sume primite de institutiile publice si activitatile finantate integral sau partial din venituri proprii in cadrul programelor FEGA implementate de APIA | B82: 42.10.43 | E82: =C82+D82 -> 0 | F82: =G82+H82+I82+J82 -> 0 | K82: 0 | L82: 0 | M82: 0 | N82: 0 | O82: 1
A83: Sume alocate pentru stimulent de risc de la bugetul de stat | B83: 42.10.82 | C83: 0 | D83: 0 | E83: 0 | F83: 0 | G83: 0 | H83: 0 | I83: 0 | J83: 0
A84: Alocari sume din PNRR aferente asistentei financiare nerambursabile | B84: 42.88 | C84: 1439.08 | E84: =C84+D84 -> 1439.08 | F84: =G84+H84+I84+J84 -> 1439.08 | G84: =G85+G86 -> 0 | H84: =H85+H86 -> 1439.08 | I84: =I85+I86 -> 0 | J84: =J85+J86 -> 0 | U84: =G84+H84 -> 1439.08
A85: Fonduri europene nerambursabile | B85: 42.88.01 | C85: 1209.31 | E85: =C85+D85 -> 1209.31 | F85: =G85+H85+I85+J85 -> 1209.31 | G85: 0 | H85: 1209.31 | I85: 0 | J85: 0 | U85: =G85+H85 -> 1209.31
A86: Sume aferente TVA | B86: 42.88.03 | C86: 229.77 | E86: =C86+D86 -> 229.77 | F86: =G86+H86+I86+J86 -> 229.77 | G86: 0 | H86: 229.77 | I86: 0 | J86: 0 | K86: 0 | L86: 0 | M86: 0 | N86: 0 | O86: 1 | P86: =Q86+R86+S86+T86 -> 0 | U86: =G86+H86 -> 229.77
A87: Subventii de la bugetul d stat catre institutii publice finantate partial sau integral din venituri proprii necesare sustinerii derularii proiectelor finantate din fonduri externe nerambursabile (FEN) postaderare aferente perioadei de programe 2014-2020 | B87: 42.10.70 | E87: =C87+D87 -> 0 | F87: =G87+H87+I87+J87 -> 0 | K87: 0 | L87: 0 | M87: 0 | N87: 0 | O87: 2
A88: Subventii de la alte administratii (cod 43.10.09+43.10.10+43.10.14+43.10.15+43.10.16+43.10.17+43.10.19+43.10.31+43.10.33) | B88: 43.10 | C88: =C89+C90+C91+C92+C93+C97+C101+C102+C103+C104 -> 10692 | D88: =D89+D90+D91+D92+D93+D97+D101+D102+D103+D104 -> 70 | E88: =E89+E90+E91+E92+E93+E97+E101+E102+E103+E104 -> 10762 | F88: =F89+F90+F91+F92+F93+F97+F101+F102+F103+F104 -> 10762 | G88: =G89+G90+G91+G92+G93+G97+G101+G102+G103+G104 -> 2336 | H88: =H89+H90+H91+H92+H93+H97+H101+H102+H103+H104 -> 2536 | I88: =I89+I90+I91+I92+I93+I97+I101+I102+I103+I104 -> 2636 | J88: =J89+J90+J91+J92+J93+J97+J101+J102+J103+J104 -> 3254 | ... N88: =N89+N90+N91+N92+N93+N97+N101+N102+N103+N104 -> 8100 | P88: =Q88+R88+S88+T88 -> 0 | U88: =G88+H88 -> 4872
A89: Subventii pentru institutii publice | B89: 43.10.09 | E89: =C89+D89 -> 0 | F89: =G89+H89+I89+J89 -> 0 | K89: 0 | L89: 0 | M89: 0 | N89: 0 | O89: 1
A90: Subventii din bugetele locale pentru finantarea cheltuielilor curente din domeniul sanatatii | B90: 43.10.10 | C90: 932 | D90: 70 | E90: =C90+D90 -> 1002 | F90: =G90+H90+I90+J90 -> 1002 | G90: 336 | H90: 336 | I90: 206 | J90: 124 | K90: 0 | L90: 0 | M90: 0 | N90: 0 | O90: 1 | P90: =Q90+R90+S90+T90 -> 216 | Q90: 54 | R90: 54 | S90: 54 | T90: 54 | U90: =G90+H90 -> 672 | W90: 16
A91: Subventii din bugetele locale pentru finantarea cheltuielilor de capital din domeniul sanatatii | B91: 43.10.14 | C91: 0 | E91: =C91+D91 -> 0 | F91: =G91+H91+I91+J91 -> 0 | G91: 0 | H91: 0 | I91: 0 | J91: 0 | K91: 0 | L91: 0 | M91: 0 | N91: 0 | O91: 2 | P91: =Q91+R91+S91+T91 -> 0 | U91: =G91+H91 -> 0
A92: Subventii din bugetul local pentru finantarea camerelor agricole | B92: 43.10.15 | E92: =C92+D92 -> 0 | F92: =G92+H92+I92+J92 -> 0 | K92: 0 | L92: 0 | M92: 0 | N92: 0 | O92: 1
A93: Sume din bugetul de stat catre bugetele locale pentru finantarea investitiilor in sanatate (cod 43.10.16.01+43.10.16.02+43.10.16.03) | B93: 43.10.16 | C93: =C94+C95+C96 -> 0 | D93: =D94+D95+D96 -> 0 | E93: =E94+E95+E96 -> 0 | F93: =F94+F95+F96 -> 0 | G93: =G94+G95+G96 -> 0 | H93: =H94+H95+H96 -> 0 | I93: =I94+I95+I96 -> 0 | J93: =J94+J95+J96 -> 0 | ... N93: =N94+N95+N96 -> 0
A94: Sume din bugetul de stat catre bugetele locale pentru finantarea aparaturii medicale si echipamentelor de comunicatii in urgenta in sanatate | B94: 43.10.16.01 | C94: 0 | E94: =C94+D94 -> 0 | F94: =G94+H94+I94+J94 -> 0 | G94: 0 | H94: 0 | I94: 0 | J94: 0 | K94: 0 | L94: 0 | M94: 0 | N94: 0 | O94: 2
A95: Sume din bugetul de stat catre bugetele locale pentru finantarea reparatiilor capitale in sanatate | B95: 43.10.16.02 | E95: =C95+D95 -> 0 | F95: =G95+H95+I95+J95 -> 0 | K95: 0 | L95: 0 | M95: 0 | N95: 0 | O95: 2
A96: Sume din bugetul de stat catre bugetele locale pentru finatarea altor investitii in sanatate | B96: 43.10.16.03 | E96: =C96+D96 -> 0 | F96: =G96+H96+I96+J96 -> 0 | K96: 0 | L96: 0 | M96: 0 | N96: 0 | O96: 2
